Workbook

Sheet JENNIFFER
B2: id | C2: NCM | D2: APRESENTAÇÕES | E2: SUBSTANCIA | F2: Colunas1 | G2: Colunas2 | H2: ISENÇÃO DE PIS E COFINS | I2: DESCRIÇÃO DA CLASSE TERAPÊUTICA | J2: LABORATÓRIOS | K2: ETICO ou POP | L2: S / G / M / R | M2: MAT ~ 05/2014 Unidades (Caixas) | N2: MAT ~ 05/2014 Dólares (US$) | O2: MAT ~ 05/2014 Reais (R$) | P2: GRUPO | Q2: PIS | R2: COFINS | S2: CONTRIBUIÇÃO FOLHA | T2: TRIBUTOS SOBRE LUCRO | U2: OUTROS | V2: ICMS | W2: MVA MÉDIA | X2: TOTAL
B3: 1 | C3: 30049099 | D3: ABRILAR XPE 35 MG 100 ML x 1 (/5ML) | E3: SORBITOL | F3: =VLOOKUP(JENNIFFER!$B3,#REF!,4,1) -> #REF! | G3: =IF(JENNIFFER!$E3="",JENNIFFER!$F3,JENNIFFER!$E3) -> SORBITOL | I3: EXPECTORANTES | J3: FARMOQUIMICA | K3: E | L3: R | M3: 1908113 | N3: 21224102 | O3: 48103882 | P3: TOSSE
B4: =+B3+1 -> 2 | C4: 30049099 | D4: ABRILAR XPE 35 MG 100 ML x 1 (/5ML) | E4: SORBITOL | F4: =VLOOKUP(JENNIFFER!$B4,#REF!,4,1) -> #REF! | G4: =IF(JENNIFFER!$E4="",JENNIFFER!$F4,JENNIFFER!$E4) -> SORBITOL | I4: EXPECTORANTES | J4: FARMOQUIMICA | K4: E | L4: R | M4: 1908113 | N4: 21224102 | O4: 48103882 | P4: BRONQUITE
B5: =+B4+1 -> 3 | C5: 30044090 | D5: AC DEXAMETASONA MG CREME. 1 MG 10 G x 1 (/G) | E5: DEXAMETASONA | F5: =VLOOKUP(JENNIFFER!$B5,#REF!,4,1) -> #REF! | G5: =IF(JENNIFFER!$E5="",JENNIFFER!$F5,JENNIFFER!$E5) -> DEXAMETASONA | I5: CORTICOIDES TOP PUROS | J5: TEUTO BRASILEIRO | K5: E | L5: G | M5: 845236 | N5: 1777348 | O5: 4066786.3 | P5: ALERGIA
B6: =+B5+1 -> 4 | C6: 30049099 | D6: ACERATUM GOTAS OTO. 10 ML x 1 | E6: Hiperol | F6: =VLOOKUP(JENNIFFER!$B6,#REF!,4,1) -> #REF! | G6: =IF(JENNIFFER!$E6="",JENNIFFER!$F6,JENNIFFER!$E6) -> Hiperol | I6: P.P/REMOìAO CERA OUVIDOS | J6: DELTA | K6: P | L6: M | M6: 485233 | N6: 2191922 | O6: 5011942.2 | P6: DOR DE OUVIDO
B7: =+B6+1 -> 5 | C7: 30066000 | D7: ACETOFLUX CPR 10 MG x 5 | E7: Acetato de medroxiprogesterona | F7: =VLOOKUP(JENNIFFER!$B7,#REF!,4,1) -> #REF! | G7: =IF(JENNIFFER!$E7="",JENNIFFER!$F7,JENNIFFER!$E7) -> Acetato de medroxiprogesterona | I7: PROGESTAGEN EXC G3A,G3F | J7: EMS PHARMA | K7: E | L7: M | M7: 420847 | N7: 1157866 | O7: 2642928.5 | P7: TRH - MENOPAUSA
B8: =+B7+1 -> 6 | C8: 30043929 | D8: ACTONEL CPR REVEST 150 MG x 1 | E8: Risedronato sódico | F8: =VLOOKUP(JENNIFFER!$B8,#REF!,4,1) -> #REF! | G8: =IF(JENNIFFER!$E8="",JENNIFFER!$F8,JENNIFFER!$E8) -> Risedronato sódico | I8: BIFOSF OSTEOP E DES REL | J8: SANOFI | K8: E | L8: R | M8: 476588 | N8: 19699559 | O8: 44973575 | P8: TRATAMENTO OSTEOPOROSE
B9: =+B8+1 -> 7 | C9: 30049029 | D9: ADVIL CAPS GELATIN 400 MG x 8 | E9: Ibuprofeno | F9: =VLOOKUP(JENNIFFER!$B9,#REF!,4,1) -> #REF! | G9: =IF(JENNIFFER!$E9="",JENNIFFER!$F9,JENNIFFER!$E9) -> Ibuprofeno | I9: ANALG NAO NARCOT/A/PIRET | J9: PFIZER CONSUMER | K9: P | L9: M | M9: 3104441 | N9: 15127292 | O9: 34569972 | P9: FEBRE
B10: =+B9+1 -> 8 | C10: 30049029 | D10: ADVIL CAPS GELATIN 400 MG x 8 | E10: Ibuprofeno | F10: =VLOOKUP(JENNIFFER!$B10,#REF!,4,1) -> #REF! | G10: =IF(JENNIFFER!$E10="",JENNIFFER!$F10,JENNIFFER!$E10) -> Ibuprofeno | I10: ANALG NAO NARCOT/A/PIRET | J10: PFIZER CONSUMER | K10: P | L10: M | M10: 3104441 | N10: 15127292 | O10: 34569972 | P10: CÓLICAS MENSTRUAIS
B11: =+B10+1 -> 9 | C11: 30049029 | D11: ADVIL CAPS GELATIN 400 MG x 8 | E11: Ibuprofeno | F11: =VLOOKUP(JENNIFFER!$B11,#REF!,4,1) -> #REF! | G11: =IF(JENNIFFER!$E11="",JENNIFFER!$F11,JENNIFFER!$E11) -> Ibuprofeno | I11: ANALG NAO NARCOT/A/PIRET | J11: PFIZER CONSUMER | K11: P | L11: M | M11: 3104441 | N11: 15127292 | O11: 34569972 | P11: SINUSITE
B12: =+B11+1 -> 10 | C12: 30049039 | D12: AFOPIC CPR 5 MG x 20 | E12: Ácido Fólico | F12: =VLOOKUP(JENNIFFER!$B12,#REF!,4,1) -> #REF! | G12: =IF(JENNIFFER!$E12="",JENNIFFER!$F12,JENNIFFER!$E12) -> Ácido Fólico | I12: O.P.A/ANEM.A.FOLIC/FOLIN | J12: TEUTO BRASILEIRO | K12: E | L12: M | M12: 734175 | N12: 1757030 | O12: 4016936 | P12: ANEMIA
B13: =+B12+1 -> 11 | C13: 30049099 | D13: AH-ZUL CPR REVEST 50 MG x 1 | E13: Citrato de sildenafila | F13: =VLOOKUP(JENNIFFER!$B13,#REF!,4,1) -> #REF! | G13: =IF(JENNIFFER!$E13="",JENNIFFER!$F13,JENNIFFER!$E13) -> Citrato de sildenafila | I13: PRD DISF ERECTIL | J13: LEGRAND | K13: E | L13: M | M13: 1588844 | N13: 6152881 | O13: 14045538 | P13: DISFUNÇÃO ERÉTIL
B14: =+B13+1 -> 12 | C14: 30049069 | D14: AKINETON CPR 2 MG x 80 | E14: Cloridrato de biperideno | F14: =VLOOKUP(JENNIFFER!$B14,#REF!,4,1) -> #REF! | G14: =IF(JENNIFFER!$E14="",JENNIFFER!$F14,JENNIFFER!$E14) -> Cloridrato de biperideno | I14: A/PARKINSONIANOS | J14: ABBOTT | K14: E | L14: R | M14: 553221 | N14: 5005449 | O14: 11426125 | P14: PARKINSON
B15: =+B14+1 -> 13 | C15: 30049059 | D15: ALENDRONATO SOD.MG CPR REVEST 70 MG x 4 | E15: Alendronato de sódio | F15: =VLOOKUP(JENNIFFER!$B15,#REF!,4,1) -> #REF! | G15: =IF(JENNIFFER!$E15="",JENNIFFER!$F15,JENNIFFER!$E15) -> Alendronato de sódio | I15: BIFOSF OSTEOP E DES REL | J15: SANDOZ DO BRASIL | K15: E | L15: G | M15: 824735 | N15: 12084077 | O15: 27569931 | P15: TRATAMENTO OSTEOPOROSE
... B132: =+B131+1 -> 130 | C132: 30049059 | D132: CLOR.RANITIDINA MG CPR REVEST 150 MG x 20 | E132: Cloridrato de ranitidina | F132: =VLOOKUP(JENNIFFER!$B132,#REF!,4,1) -> #REF! | G132: =IF(JENNIFFER!$E132="",JENNIFFER!$F132,JENNIFFER!$E132) -> Cloridrato de ranitidina | I132: ANTAGONISTA RECEPTORES H2 | J132: TEUTO BRASILEIRO | K132: E | L132: G | M132: 609951 | N132: 3688152 | O132: 8409886.9 | P132: GASTRITE/ ÚLCERA
B133: =+B132+1 -> 131 | D133: CLOR.C MG CPR REVEST 50 MG x 30 | E133: cloridrato de sertralina | F133: =VLOOKUP(JENNIFFER!$B133,#REF!,4,1) -> #REF! | G133: =IF(JENNIFFER!$E133="",JENNIFFER!$F133,JENNIFFER!$E133) -> cloridrato de sertralina | I133: ANTI-DEPRESSIVOS SSRI | J133: EUROFARMA | K133: E | L133: G | M133: 604394 | N133: 12594653 | O133: 28738179 | P133: DEPRESSÃO
B134: =+B133+1 -> 132 | C134: 30049069 | D134: COCICHIMIL CPR 0.50 MG x 20 | E134: colchicina | F134: =VLOOKUP(JENNIFFER!$B134,#REF!,4,1) -> #REF! | G134: =IF(JENNIFFER!$E134="",JENNIFFER!$F134,JENNIFFER!$E134) -> colchicina | I134: ANTIGOTOSOS | J134: MULTILAB | K134: E | L134: M | M134: 434894 | N134: 1954886 | O134: 4451724.2 | P134: GOTA
B135: =+B134+1 -> 133 | C135: 30039099 | D135: COLCHIS CPR 0.50 MG x 30 | E135: colchicina | F135: =VLOOKUP(JENNIFFER!$B135,#REF!,4,1) -> #REF! | G135: =IF(JENNIFFER!$E135="",JENNIFFER!$F135,JENNIFFER!$E135) -> colchicina | I135: ANTIGOTOSOS | J135: APSEN | K135: E | L135: R | M135: 298401 | N135: 4054885 | O135: 9257106 | P135: GOTA
B136: =+B135+1 -> 134 | C136: 30045090 | D136: COMBIRON FOLICO CPR REVEST x 45 | E136: ferrocarbonila | F136: =VLOOKUP(JENNIFFER!$B136,#REF!,4,1) -> #REF! | G136: =IF(JENNIFFER!$E136="",JENNIFFER!$F136,JENNIFFER!$E136) -> ferrocarbonila | I136: ASSOCIACOES DE FERRO | J136: ACHE | K136: E | L136: M | M136: 1613528 | N136: 14394211 | O136: 32872535 | P136: ANEMIA
B137: =+B136+1 -> 135 | C137: 30045090 | D137: COMBIRON LIQD 120 ML x 1 | E137: glicinato ferrico + associacoes | F137: =VLOOKUP(JENNIFFER!$B137,#REF!,4,1) -> #REF! | G137: =IF(JENNIFFER!$E137="",JENNIFFER!$F137,JENNIFFER!$E137) -> glicinato ferrico + associacoes | I137: ASSOCIACOES DE FERRO | J137: ACHE | K137: E | L137: M | M137: 599313 | N137: 2411474 | O137: 5503566.5 | P137: ANEMIA
B138: =+B137+1 -> 136 | C138: 30049099 | D138: COMPLEXO A P 46 CPR x 60 | F138: =VLOOKUP(JENNIFFER!$B138,#REF!,4,1) -> #REF! | G138: =IF(JENNIFFER!$E138="",JENNIFFER!$F138,JENNIFFER!$E138) -> #REF! | I138: LAXANTES DE CONTACTO | J138: ALMEIDA PRADO | K138: P | L138: M | M138: 3828202 | N138: 17190845 | O138: 39263244 | P138: EFEITOS ADVERSOS DA QUIMIOT
B139: =+B138+1 -> 137 | C139: 30049054 | D139: COR MIO CPR BLISTER 200 MG x 30 | E139: amiodarona | F139: =VLOOKUP(JENNIFFER!$B139,#REF!,4,1) -> #REF! | G139: =IF(JENNIFFER!$E139="",JENNIFFER!$F139,JENNIFFER!$E139) -> amiodarona | I139: A/ARRITMICOS CARDIACOS | J139: SANDOZ DO BRASIL | K139: E | L139: M | M139: 90668 | N139: 720552.81 | O139: 1624034 | P139: ARRITMIA
B140: =+B139+1 -> 138 | C140: 30043999 | D140: CORTICORTEN CPR 20 MG x 20 | E140: prednisona | F140: =VLOOKUP(JENNIFFER!$B140,#REF!,4,1) -> #REF! | G140: =IF(JENNIFFER!$E140="",JENNIFFER!$F140,JENNIFFER!$E140) -> prednisona | I140: CORTICOEST.ORAIS PUROS | J140: NEO QUIMICA | K140: E | L140: M | M140: 2884397 | N140: 14945696 | O140: 34068993 | P140: GOTA
B141: =+B140+1 -> 139 | C141: 30043999 | D141: CORTICORTEN CPR 20 MG x 20 | E141: prednisona | F141: =VLOOKUP(JENNIFFER!$B141,#REF!,4,1) -> #REF! | G141: =IF(JENNIFFER!$E141="",JENNIFFER!$F141,JENNIFFER!$E141) -> prednisona | I141: CORTICOEST.ORAIS PUROS | J141: NEO QUIMICA | K141: E | L141: M | M141: 2884397 | N141: 14945696 | O141: 34068993 | P141: EFEITOS ADVERSOS DA QUIMIOT
B142: =+B141+1 -> 140 | C142: 30043999 | D142: CORTICORTEN CPR 20 MG x 20 | E142: prednisona | F142: =VLOOKUP(JENNIFFER!$B142,#REF!,4,1) -> #REF! | G142: =IF(JENNIFFER!$E142="",JENNIFFER!$F142,JENNIFFER!$E142) -> prednisona | I142: CORTICOEST.ORAIS PUROS | J142: NEO QUIMICA | K142: E | L142: M | M142: 2884397 | N142: 14945696 | O142: 34068993 | P142: SINUSITE
B143: =+B142+1 -> 141 | C143: 30049079 | D143: CORTITOP CREME 10 G x 1 | E143: dexametasona | F143: =VLOOKUP(JENNIFFER!$B143,#REF!,4,1) -> #REF! | G143: =IF(JENNIFFER!$E143="",JENNIFFER!$F143,JENNIFFER!$E143) -> dexametasona | I143: CORTICOIDES TOP PUROS | J143: MULTILAB | K143: E | L143: M | M143: 934058 | N143: 3082151 | O143: 7041280.7 | P143: ALERGIA
B144: =+B143+1 -> 142 | C144: 30049099 | D144: CYSTEX DRAG x 24 | E144: acriflavina+beladona+metenamina | F144: =VLOOKUP(JENNIFFER!$B144,#REF!,4,1) -> #REF! | G144: =IF(JENNIFFER!$E144="",JENNIFFER!$F144,JENNIFFER!$E144) -> acriflavina+beladona+metenamina | I144: OUT ANTISEP URINAR | J144: EMS PHARMA | K144: P | L144: M | M144: 1915905 | N144: 9897887 | O144: 22611293 | P144: INFECÇÃO URINÁRIA
B145: =+B144+1 -> 143 | C145: 30045090 | D145: DACTIL-OB DRAG x 30 | E145: ac. ascorbico+hesperidina+piperidolato | F145: =VLOOKUP(JENNIFFER!$B145,#REF!,4,1) -> #REF! | G145: =IF(JENNIFFER!$E145="",JENNIFFER!$F145,JENNIFFER!$E145) -> ac. ascorbico+hesperidina+piperidolato | I145: ANTIESPAM+ANTICOL PUROS | J145: SANOFI | K145: E | L145: R | M145: 388550 | N145: 1961904 | O145: 4479782.1 | P145: DOR DE BARRIGA/ CÓLICAS
B146: =+B145+1 -> 144 | C146: 30039089 | D146: DAFLON 500 CPR REVEST 500 MG x 30 | E146: diosmina+hesperidina | F146: =VLOOKUP(JENNIFFER!$B146,#REF!,4,1) -> #REF! | G146: =IF(JENNIFFER!$E146="",JENNIFFER!$F146,JENNIFFER!$E146) -> diosmina+hesperidina | I146: VASOPROTETORES SIST | J146: SERVIER DO BRASIL | K146: E | L146: R | M146: 766125 | N146: 17444669 | O146: 39895271 | P146: DISTÚRBIOS CIRCULATÓRIOS
B147: =+B146+1 -> 145 | C147: 30049049 | D147: DAFORIN CPR REVEST 20 MG x 30 | E147: cloridrato de fluoxetina | F147: =VLOOKUP(JENNIFFER!$B147,#REF!,4,1) -> #REF! | G147: =IF(JENNIFFER!$E147="",JENNIFFER!$F147,JENNIFFER!$E147) -> cloridrato de fluoxetina | I147: ANTI-DEPRESSIVOS SSRI | J147: EMS PHARMA | K147: E | L147: R | M147: 742745 | N147: 10752522 | O147: 24518534 | P147: DEPRESSÃO
B148: =+B147+1 -> 146 | C148: 30049099 | D148: DECONGEX PLUS NF CPR.RE.LP x 12 | E148: bronfeniramina+fenilefrina | F148: =VLOOKUP(JENNIFFER!$B148,#REF!,4,1) -> #REF! | G148: =IF(JENNIFFER!$E148="",JENNIFFER!$F148,JENNIFFER!$E148) -> bronfeniramina+fenilefrina | I148: PREP.SISTEMICAS NASAIS | J148: ACHE | K148: P | L148: M | M148: 2930313 | N148: 16580280 | O148: 37663083 | P148: RINITE ALÉRGICA
B149: =+B148+1 -> 147 | C149: 30049099 | D149: DECONGEX PLUS NF CPR.RE.LP x 12 | E149: bronfeniramina+fenilefrina | F149: =VLOOKUP(JENNIFFER!$B149,#REF!,4,1) -> #REF! | G149: =IF(JENNIFFER!$E149="",JENNIFFER!$F149,JENNIFFER!$E149) -> bronfeniramina+fenilefrina | I149: PREP.SISTEMICAS NASAIS | J149: ACHE | K149: P | L149: M | M149: 2930313 | N149: 16580280 | O149: 37663083 | P149: DOENÇAS PULMONARES - GERAL
B150: =+B149+1 -> 148 | C150: 30049099 | D150: DECONGEX PLUS NF GOTAS 20 ML x 1 | E150: bronfeniramina+fenilefrina | F150: =VLOOKUP(JENNIFFER!$B150,#REF!,4,1) -> #REF! | G150: =IF(JENNIFFER!$E150="",JENNIFFER!$F150,JENNIFFER!$E150) -> bronfeniramina+fenilefrina | I150: PREP.SISTEMICAS NASAIS | J150: ACHE | K150: P | L150: M | M150: 3488119 | N150: 10692324 | O150: 24262392 | P150: GRIPE E RESFRIADO
... B190: =+B189+1 -> 188 | C190: 30049039 | D190: ELANI CICLO CPR REVEST x 21 | E190: drosperinona + etinilestradiol | F190: =VLOOKUP(JENNIFFER!$B190,#REF!,4,1) -> #REF! | G190: =IF(JENNIFFER!$E190="",JENNIFFER!$F190,JENNIFFER!$E190) -> drosperinona + etinilestradiol | I190: P.MONOF.C/ESTROG.<50MCG | J190: LIBBS | K190: E | L190: M | M190: 2541406 | N190: 30386426 | O190: 69360533 | P190: ANTICONCEPCIONAIS
B191: =+B190+1 -> 189 | C191: 30049039 | D191: EMSEXPECTOR XAR. 120 ML x 1 | F191: =VLOOKUP(JENNIFFER!$B191,#REF!,4,1) -> #REF! | G191: =IF(JENNIFFER!$E191="",JENNIFFER!$F191,JENNIFFER!$E191) -> #REF! | I191: EXPECTORANTES | J191: EMS PHARMA | K191: E | L191: M | M191: 1805127 | N191: 9454570 | O191: 21455324 | P191: TOSSE
B192: =+B191+1 -> 190 | C192: 30044090 | D192: ENXAK CPR LING 2 MG x 12 | E192: m.didroergotamina+dipirona+cafeina | F192: =VLOOKUP(JENNIFFER!$B192,#REF!,4,1) -> #REF! | G192: =IF(JENNIFFER!$E192="",JENNIFFER!$F192,JENNIFFER!$E192) -> m.didroergotamina+dipirona+cafeina | I192: T OUT PREP A-ENXAQUECA | J192: CAZI | K192: E | L192: M | M192: 1817060 | N192: 7663035 | O192: 17480117 | P192: DOR DE CABEÇA/ ENXAQUECA
B193: =+B192+1 -> 191 | C193: 30049069 | D193: EPEZ CPR 10 MG x 30 | E193: cloridrato de donepezila | F193: =VLOOKUP(JENNIFFER!$B193,#REF!,4,1) -> #REF! | G193: =IF(JENNIFFER!$E193="",JENNIFFER!$F193,JENNIFFER!$E193) -> cloridrato de donepezila | I193: PROD A-ALZ INIB COLINEST | J193: TORRENT | K193: E | L193: M | M193: 126764 | N193: 4221081 | O193: 9639356.2 | P193: ALZHEIMER
B194: =+B193+1 -> 192 | C194: 30049069 | D194: EPEZ CPR 5 MG x 30 | E194: cloridrato de donepezila | F194: =VLOOKUP(JENNIFFER!$B194,#REF!,4,1) -> #REF! | G194: =IF(JENNIFFER!$E194="",JENNIFFER!$F194,JENNIFFER!$E194) -> cloridrato de donepezila | I194: PROD A-ALZ INIB COLINEST | J194: TORRENT | K194: E | L194: M | M194: 144340 | N194: 4380130 | O194: 9999875 | P194: ALZHEIMER
B195: =+B194+1 -> 193 | C195: 30049099 | D195: ESPASMO FLATOL GOTAS 20 ML x 1 | E195: simeticona+homatropina | F195: =VLOOKUP(JENNIFFER!$B195,#REF!,4,1) -> #REF! | G195: =IF(JENNIFFER!$E195="",JENNIFFER!$F195,JENNIFFER!$E195) -> simeticona+homatropina | I195: A/ESPASMOD/ASS.OUT.PROD | J195: LEGRAND | K195: E | L195: M | M195: 341141 | N195: 1960298 | O195: 4473572.8 | P195: DOR DE BARRIGA/ CÓLICAS
B196: =+B195+1 -> 194 | C196: 30043939 | D196: ESTREVA GEL GEL PERCUTAN 1 % 50 G x 1 | E196: estradiol | F196: =VLOOKUP(JENNIFFER!$B196,#REF!,4,1) -> #REF! | G196: =IF(JENNIFFER!$E196="",JENNIFFER!$F196,JENNIFFER!$E196) -> estradiol | I196: ESTROGEN EXC G3A,G3E,G3F | J196: TEVA | K196: E | L196: M | M196: 286986 | N196: 4689132 | O196: 10708264 | P196: TRH - MENOPAUSA
B197: =+B196+1 -> 195 | C197: 30049099 | D197: EXELON PATCH 10CM 18 MG x 30 | F197: =VLOOKUP(JENNIFFER!$B197,#REF!,4,1) -> #REF! | G197: =IF(JENNIFFER!$E197="",JENNIFFER!$F197,JENNIFFER!$E197) -> #REF! | I197: PROD A-ALZ INIB COLINEST | J197: NOVARTIS | K197: E | L197: R | M197: 132544 | N197: 21999304 | O197: 50206097 | P197: ALZHEIMER
B198: =+B197+1 -> 196 | C198: 30049099 | D198: EXPEC XAR. 120 ML x 1 | E198: Oxomemazina | F198: =VLOOKUP(JENNIFFER!$B198,#REF!,4,1) -> #REF! | G198: =IF(JENNIFFER!$E198="",JENNIFFER!$F198,JENNIFFER!$E198) -> Oxomemazina | I198: EXPECTORANTES | J198: LEGRAND | K198: P | L198: M | M198: 9483693 | N198: 73437802 | O198: 1.6652252e+08 | P198: TOSSE
B199: =+B198+1 -> 197 | C199: 30049099 | D199: EXPEC XAR. 120 ML x 1 | E199: Oxomemazina | F199: =VLOOKUP(JENNIFFER!$B199,#REF!,4,1) -> #REF! | G199: =IF(JENNIFFER!$E199="",JENNIFFER!$F199,JENNIFFER!$E199) -> Oxomemazina | I199: EXPECTORANTES | J199: LEGRAND | K199: P | L199: M | M199: 9483693 | N199: 73437802 | O199: 1.6652252e+08 | P199: BRONQUITE
B200: =+B199+1 -> 198 | C200: 30049099 | D200: EXPEC XAR. 120 ML x 1 | E200: Oxomemazina | F200: =VLOOKUP(JENNIFFER!$B200,#REF!,4,1) -> #REF! | G200: =IF(JENNIFFER!$E200="",JENNIFFER!$F200,JENNIFFER!$E200) -> Oxomemazina | I200: EXPECTORANTES | J200: LEGRAND | K200: P | L200: M | M200: 9483693 | N200: 73437802 | O200: 1.6652252e+08 | P200: DOENÇAS PULMONARES - GERAL
B201: =+B200+1 -> 199 | C201: 30049099 | D201: EXPECTAMIN SOLN ORAL 120 ML x 1 | E201: dexclorfeniramina+sulf. isoefedrina+guaifenesina | F201: =VLOOKUP(JENNIFFER!$B201,#REF!,4,1) -> #REF! | G201: =IF(JENNIFFER!$E201="",JENNIFFER!$F201,JENNIFFER!$E201) -> dexclorfeniramina+sulf. isoefedrina+guaifenesina | I201: EXPECTORANTES | J201: LEGRAND | K201: E | L201: M | M201: 1107408 | N201: 7392892 | O201: 16745640 | P201: TOSSE
B202: =+B201+1 -> 200 | C202: 30049079 | D202: FENERGAN DRAG 25 MG x 20 | E202: prometazina | F202: =VLOOKUP(JENNIFFER!$B202,#REF!,4,1) -> #REF! | G202: =IF(JENNIFFER!$E202="",JENNIFFER!$F202,JENNIFFER!$E202) -> prometazina | I202: A/HISTAMINICOS SIST | J202: SANOFI | K202: E | L202: R | M202: 1835904 | N202: 5784583 | O202: 13209881 | P202: ALERGIA
B203: =+B202+1 -> 201 | C203: 30049079 | D203: FENERGAN DRAG 25 MG x 20 | E203: prometazina | F203: =VLOOKUP(JENNIFFER!$B203,#REF!,4,1) -> #REF! | G203: =IF(JENNIFFER!$E203="",JENNIFFER!$F203,JENNIFFER!$E203) -> prometazina | I203: A/HISTAMINICOS SIST | J203: SANOFI | K203: E | L203: R | M203: 1835904 | N203: 5784583 | O203: 13209881 | P203: EFEITOS ADVERSOS DA QUIMIOT
B204: =+B203+1 -> 202 | C204: 30049099 | D204: FLAVONID CPR REVEST 500 MG x 30 | E204: diosmina+hesperidina | F204: =VLOOKUP(JENNIFFER!$B204,#REF!,4,1) -> #REF! | G204: =IF(JENNIFFER!$E204="",JENNIFFER!$F204,JENNIFFER!$E204) -> diosmina+hesperidina | I204: VASOPROTETORES SIST | J204: NEO QUIMICA | K204: E | L204: M | M204: 1083429 | N204: 20780404 | O204: 47507210 | P204: DISTÚRBIOS CIRCULATÓRIOS
B205: =+B204+1 -> 203 | C205: 30049099 | D205: FLORALYTE SOLN.T.FRUTI 500 ML x 1 | E205: sodio + glicose | F205: =VLOOKUP(JENNIFFER!$B205,#REF!,4,1) -> #REF! | G205: =IF(JENNIFFER!$E205="",JENNIFFER!$F205,JENNIFFER!$E205) -> sodio + glicose | I205: SUBST.OR.ELECTROLITICOS | J205: MERCK SERONO | K205: P | L205: M | M205: 241532 | N205: 1148988 | O205: 2624672.8 | P205: SINTOMAS DA DENGUE
B206: =+B205+1 -> 204 | C206: 30049099 | D206: FLORATIL CAPS 200 MG x 6 | E206: saccharomyces boulardii | F206: =VLOOKUP(JENNIFFER!$B206,#REF!,4,1) -> #REF! | G206: =IF(JENNIFFER!$E206="",JENNIFFER!$F206,JENNIFFER!$E206) -> saccharomyces boulardii | I206: ANTIDIARREICOS-MIC.ORGAN | J206: MERCK SERONO | K206: P | L206: M | M206: 1665726 | N206: 17882683 | O206: 40966506 | P206: DISENTERIA/ DIARRÉIA
B207: =+B206+1 -> 205 | C207: 30039079 | D207: FLUCOMED CAPS 150 MG x 1 | E207: Fluconazol | F207: =VLOOKUP(JENNIFFER!$B207,#REF!,4,1) -> #REF! | G207: =IF(JENNIFFER!$E207="",JENNIFFER!$F207,JENNIFFER!$E207) -> Fluconazol | I207: AG.SIST.P/INF.FUNGICAS | J207: CIMED | K207: E | L207: M | M207: 1835740 | N207: 6776428 | O207: 15490998 | P207: EFEITOS ADVERSOS DA QUIMIOT
B208: =+B207+1 -> 206 | C208: 30049069 | D208: FLUXON CPR 25 MG x 30 | E208: cinarizina | F208: =VLOOKUP(JENNIFFER!$B208,#REF!,4,1) -> #REF! | G208: =IF(JENNIFFER!$E208="",JENNIFFER!$F208,JENNIFFER!$E208) -> cinarizina | I208: ANT.CALCIO C/ACT. CEREB. | J208: NEO QUIMICA | K208: E | L208: M | M208: 695136 | N208: 1750041 | O208: 3997713.4 | P208: LABIRINTITE E VERTIGEM
B209: =+B208+1 -> 207 | C209: 30049069 | D209: FLUXON CPR 75 MG x 30 | E209: cinarizina | F209: =VLOOKUP(JENNIFFER!$B209,#REF!,4,1) -> #REF! | G209: =IF(JENNIFFER!$E209="",JENNIFFER!$F209,JENNIFFER!$E209) -> cinarizina | I209: ANT.CALCIO C/ACT. CEREB. | J209: NEO QUIMICA | K209: E | L209: M | M209: 1391906 | N209: 5265235 | O209: 12022534 | P209: LABIRINTITE E VERTIGEM
... B269: =+B268+1 -> 267 | C269: 30049099 | D269: MASSAGEOL AERO 120 ML x 1 | E269: canfora+mentol+salicilato metila | F269: =VLOOKUP(JENNIFFER!$B269,#REF!,4,1) -> #REF! | G269: =IF(JENNIFFER!$E269="",JENNIFFER!$F269,JENNIFFER!$E269) -> canfora+mentol+salicilato metila | I269: ANTIREUMATICOS/ANALG TOP | J269: NEO QUIMICA | K269: P | L269: M | M269: 2289882 | N269: 22759391 | O269: 51941398 | P269: MACHUCADOS E CONTUSÕES
B270: =+B269+1 -> 268 | C270: 30049069 | D270: MAXALGINA GOTAS 500 MG 10 ML x 1 (/ML) | F270: =VLOOKUP(JENNIFFER!$B270,#REF!,4,1) -> #REF! | G270: =IF(JENNIFFER!$E270="",JENNIFFER!$F270,JENNIFFER!$E270) -> #REF! | I270: ANALG NAO NARCOT/A/PIRET | J270: NATULAB | K270: P | L270: M | M270: 4819671 | N270: 6081977 | O270: 13823749 | P270: FEBRE
B271: =+B270+1 -> 269 | C271: 30049069 | D271: MAXALGINA GOTAS 500 MG 10 ML x 1 (/ML) | F271: =VLOOKUP(JENNIFFER!$B271,#REF!,4,1) -> #REF! | G271: =IF(JENNIFFER!$E271="",JENNIFFER!$F271,JENNIFFER!$E271) -> #REF! | I271: ANALG NAO NARCOT/A/PIRET | J271: NATULAB | K271: P | L271: M | M271: 4819671 | N271: 6081977 | O271: 13823749 | P271: DOR DE CABEÇA/ ENXAQUECA
B272: =+B271+1 -> 270 | C272: 30049069 | D272: MAXALGINA GOTAS 500 MG 10 ML x 1 (/ML) | F272: =VLOOKUP(JENNIFFER!$B272,#REF!,4,1) -> #REF! | G272: =IF(JENNIFFER!$E272="",JENNIFFER!$F272,JENNIFFER!$E272) -> #REF! | I272: ANALG NAO NARCOT/A/PIRET | J272: NATULAB | K272: P | L272: M | M272: 4819671 | N272: 6081977 | O272: 13823749 | P272: PNEUMONIA
B273: =+B272+1 -> 271 | C273: 30043210 | D273: MAXIDEX COLIRIO 0.10 % 5 ML x 1 | E273: dexametasona | F273: =VLOOKUP(JENNIFFER!$B273,#REF!,4,1) -> #REF! | G273: =IF(JENNIFFER!$E273="",JENNIFFER!$F273,JENNIFFER!$E273) -> dexametasona | I273: CORTICOSTEROID.OFTALMOLOG | J273: ALCON | K273: E | L273: R | M273: 1381370 | N273: 2896739 | O273: 6614474.5 | P273: CONJUNTIVITE
B274: =+B273+1 -> 272 | C274: 30049099 | D274: MAXITROL SOLN OFTAL 5 ML x 1 | E274: dexametasona+neomicina+polimixina b | F274: =VLOOKUP(JENNIFFER!$B274,#REF!,4,1) -> #REF! | G274: =IF(JENNIFFER!$E274="",JENNIFFER!$F274,JENNIFFER!$E274) -> dexametasona+neomicina+polimixina b | I274: CORTICOEST OFTAL+A-INFEC | J274: ALCON | K274: E | L274: R | M274: 955071 | N274: 4143618 | O274: 9459753.4 | P274: CONJUNTIVITE
B275: =+B274+1 -> 273 | C275: 30039079 | D275: MECLIN CPR 25 MG x 15 | E275: meclizina | F275: =VLOOKUP(JENNIFFER!$B275,#REF!,4,1) -> #REF! | G275: =IF(JENNIFFER!$E275="",JENNIFFER!$F275,JENNIFFER!$E275) -> meclizina | I275: OUT.ANTIEMET./ANTINAUS. | J275: APSEN | K275: E | L275: R | M275: 1308560 | N275: 7316368 | O275: 16709723 | P275: EFEITOS ADVERSOS DA QUIMIOT
B276: =+B275+1 -> 274 | C276: 17049020 | D276: MELAGRIAO XAROPE 150 ML x 1 | E276: alcoolat de geng+ext fluido prop+ac citr+ment | F276: =VLOOKUP(JENNIFFER!$B276,#REF!,4,1) -> #REF! | G276: =IF(JENNIFFER!$E276="",JENNIFFER!$F276,JENNIFFER!$E276) -> alcoolat de geng+ext fluido prop+ac citr+ment | I276: EXPECTORANTES | J276: CATARINENSE | K276: P | L276: M | M276: 1523348 | N276: 9509475 | O276: 21525061 | P276: TOSSE
B277: =+B276+1 -> 275 | C277: 30049047 | D277: MERTHIOLATE NF SOLN TOP. 1 % 30 ML x 1 | E277: digluconato de clorexidina | F277: =VLOOKUP(JENNIFFER!$B277,#REF!,4,1) -> #REF! | G277: =IF(JENNIFFER!$E277="",JENNIFFER!$F277,JENNIFFER!$E277) -> digluconato de clorexidina | I277: ANTISSEPT.E DESINFECTAN. | J277: D M IND.FTCA | K277: P | L277: R | M277: 2766147 | N277: 10237150 | O277: 23407787 | P277: MACHUCADOS E CONTUSÕES
B278: =+B277+1 -> 276 | C278: 30049099 | D278: MESALAZINA MG CPR REVEST 800 MG x 30 | E278: mesalazina | F278: =VLOOKUP(JENNIFFER!$B278,#REF!,4,1) -> #REF! | G278: =IF(JENNIFFER!$E278="",JENNIFFER!$F278,JENNIFFER!$E278) -> mesalazina | I278: AG.ANTI-INFLAM.INTESTIN | J278: EMS PHARMA | K278: E | L278: G | M278: 150741 | N278: 4492505 | O278: 10256591 | P278: DISENTERIA/ DIARRÉIA
B279: =+B278+1 -> 277 | C279: 30043990 | D279: MIACALCIC SPR.NAS.DOSE 200 IU x 14 (/DOS) | E279: calcitonina de salmao | F279: =VLOOKUP(JENNIFFER!$B279,#REF!,4,1) -> #REF! | G279: =IF(JENNIFFER!$E279="",JENNIFFER!$F279,JENNIFFER!$E279) -> calcitonina de salmao | I279: CALCITONINA | J279: NOVARTIS | K279: E | L279: M | M279: 8740 | N279: 585701 | O279: 1336583.8 | P279: TRATAMENTO OSTEOPOROSE
B280: =+B279+1 -> 278 | C280: 30066000 | D280: MICROVLAR DRAG x 21 | E280: etinilestradiol+levonorgestrel | F280: =VLOOKUP(JENNIFFER!$B280,#REF!,4,1) -> #REF! | G280: =IF(JENNIFFER!$E280="",JENNIFFER!$F280,JENNIFFER!$E280) -> etinilestradiol+levonorgestrel | I280: P.MONOF.C/ESTROG.<50MCG | J280: BAYER PHARMA | K280: E | L280: R | M280: 16968361 | N280: 32961291 | O280: 75301813 | P280: ANTICONCEPCIONAIS
B281: =+B280+1 -> 279 | C281: 30043999 | D281: MIFLASONA CAPS+INALAD. 200 Y x 60 | E281: beclometasona | F281: =VLOOKUP(JENNIFFER!$B281,#REF!,4,1) -> #REF! | G281: =IF(JENNIFFER!$E281="",JENNIFFER!$F281,JENNIFFER!$E281) -> beclometasona | I281: CORTICOIDES - INALANTES | J281: NOVARTIS | K281: E | L281: M | M281: 173220 | N281: 1268816 | O281: 2893518.7 | P281: ASMA
B282: =+B281+1 -> 280 | C282: 30049099 | D282: MIOFLEX-A CPR x 12 | E282: carisoprodol+fenilbutazona+paracetamol | F282: =VLOOKUP(JENNIFFER!$B282,#REF!,4,1) -> #REF! | G282: =IF(JENNIFFER!$E282="",JENNIFFER!$F282,JENNIFFER!$E282) -> carisoprodol+fenilbutazona+paracetamol | I282: REL.MUSC.ACCAO CENTRAL | J282: FARMASA | K282: E | L282: M | M282: 2617546 | N282: 12827853 | O282: 29283757 | P282: DOR MUSCULAR
B283: =+B282+1 -> 281 | C283: 30049059 | D283: MON ISOSSORBIDA MG CPR 20 MG x 30 | E283: isossorbida | F283: =VLOOKUP(JENNIFFER!$B283,#REF!,4,1) -> #REF! | G283: =IF(JENNIFFER!$E283="",JENNIFFER!$F283,JENNIFFER!$E283) -> isossorbida | I283: NITRITOS E NITRATOS | J283: ACHE | K283: E | L283: G | M283: 1319615 | N283: 3293617 | O283: 7518886.8 | P283: CARDIOPATIAS
B284: =+B283+1 -> 282 | C284: 30049059 | D284: MON ISOSSORBIDA MG CPR 40 MG x 30 | E284: isossorbida | F284: =VLOOKUP(JENNIFFER!$B284,#REF!,4,1) -> #REF! | G284: =IF(JENNIFFER!$E284="",JENNIFFER!$F284,JENNIFFER!$E284) -> isossorbida | I284: NITRITOS E NITRATOS | J284: ACHE | K284: E | L284: G | M284: 223459 | N284: 1089760 | O284: 2486971.7 | P284: CARDIOPATIAS
... B294: =+B293+1 -> 292 | C294: 30049099 | D294: NARIDRIN GOTAS 30 ML x 1 (ADLT) | E294: mepiramina+nafazolina+pantenol | F294: =VLOOKUP(JENNIFFER!$B294,#REF!,4,1) -> #REF! | G294: =IF(JENNIFFER!$E294="",JENNIFFER!$F294,JENNIFFER!$E294) -> mepiramina+nafazolina+pantenol | I294: OUT.PREP.TOPICAS NASAIS | J294: EMS PHARMA | K294: P | L294: M | M294: 3805301 | N294: 27121716 | O294: 61851999 | P294: GRIPE E RESFRIADO
B295: =+B294+1 -> 293 | C295: 30043210 | D295: NASONEX S N S/C DOSE 50 Y 18 G x 120 | F295: =VLOOKUP(JENNIFFER!$B295,#REF!,4,1) -> #REF! | G295: =IF(JENNIFFER!$E295="",JENNIFFER!$F295,JENNIFFER!$E295) -> #REF! | I295: CORTICOES.NAS.S/ANTI-INF | J295: MSD | K295: E | L295: R | M295: 1317697 | N295: 28558864 | O295: 64979619 | P295: RINITE ALÉRGICA
B296: =+B295+1 -> 294 | C296: 30043939 | D296: NATIFA CPR 1 MG x 28 | F296: =VLOOKUP(JENNIFFER!$B296,#REF!,4,1) -> #REF! | G296: =IF(JENNIFFER!$E296="",JENNIFFER!$F296,JENNIFFER!$E296) -> #REF! | I296: ESTROGEN EXC G3A,G3E,G3F | J296: LIBBS | K296: E | L296: M | M296: 403936 | N296: 5004971 | O296: 11426216 | P296: TRH - MENOPAUSA
B297: =+B296+1 -> 295 | C297: 30043939 | D297: NATIFA PRO CPR x 28 | F297: =VLOOKUP(JENNIFFER!$B297,#REF!,4,1) -> #REF! | G297: =IF(JENNIFFER!$E297="",JENNIFFER!$F297,JENNIFFER!$E297) -> #REF! | I297: ASS ESTROG/PROGEST | J297: LIBBS | K297: E | L297: M | M297: 385636 | N297: 6742553 | O297: 15393923 | P297: TRH - MENOPAUSA
B298: =+B297+1 -> 296 | C298: 30049069 | D298: NAUSEDRON AMP. 4 MG 2 ML x 1 | F298: =VLOOKUP(JENNIFFER!$B298,#REF!,4,1) -> #REF! | G298: =IF(JENNIFFER!$E298="",JENNIFFER!$F298,JENNIFFER!$E298) -> #REF! | I298: ANT.SEROT.ANTIEM/ANTINAU | J298: CRISTALIA | K298: E | L298: M | M298: 1140 | N298: 10825 | O298: 24524.64 | P298: NÁUSEAS
B299: =+B298+1 -> 297 | C299: 30049069 | D299: NAUSEDRON CAPS 8 MG x 10 | F299: =VLOOKUP(JENNIFFER!$B299,#REF!,4,1) -> #REF! | G299: =IF(JENNIFFER!$E299="",JENNIFFER!$F299,JENNIFFER!$E299) -> #REF! | I299: ANT.SEROT.ANTIEM/ANTINAU | J299: CRISTALIA | K299: E | L299: M | M299: 61261 | N299: 2893789 | O299: 6601143.7 | P299: NÁUSEAS
B300: =+B299+1 -> 298 | C300: 30049079 | D300: NEO DIGOXIN CPR 0.25 MG x 24 | F300: =VLOOKUP(JENNIFFER!$B300,#REF!,4,1) -> #REF! | G300: =IF(JENNIFFER!$E300="",JENNIFFER!$F300,JENNIFFER!$E300) -> #REF! | I300: CARDIOGLICOSIDEOS PUROS | J300: NEO QUIMICA | K300: E | L300: M | M300: 349476 | N300: 711598 | O300: 1612533.7 | P300: CARDIOPATIAS
B301: =+B300+1 -> 299 | C301: 30045090 | D301: NEO FOLICO CPR 5 MG x 20 | F301: =VLOOKUP(JENNIFFER!$B301,#REF!,4,1) -> #REF! | G301: =IF(JENNIFFER!$E301="",JENNIFFER!$F301,JENNIFFER!$E301) -> #REF! | I301: O.P.A/ANEM.A.FOLIC/FOLIN | J301: NEO QUIMICA | K301: E | L301: M | M301: 1735180 | N301: 4226857 | O301: 9651259.8 | P301: ANEMIA
B302: =+B301+1 -> 300 | C302: 30049099 | D302: NEOCOPAN CPR x 20 | F302: =VLOOKUP(JENNIFFER!$B302,#REF!,4,1) -> #REF! | G302: =IF(JENNIFFER!$E302="",JENNIFFER!$F302,JENNIFFER!$E302) -> #REF! | I302: ASS.A/ESPASMODIC./ANALG. | J302: NEO QUIMICA | K302: P | L302: M | M302: 1660694 | N302: 6331887 | O302: 14462610 | P302: DOR DE BARRIGA/ CÓLICAS
B303: =+B302+1 -> 301 | C303: 30049099 | D303: NEOCOPAN CPR x 20 | F303: =VLOOKUP(JENNIFFER!$B303,#REF!,4,1) -> #REF! | G303: =IF(JENNIFFER!$E303="",JENNIFFER!$F303,JENNIFFER!$E303) -> #REF! | I303: ASS.A/ESPASMODIC./ANALG. | J303: NEO QUIMICA | K303: P | L303: M | M303: 1660694 | N303: 6331887 | O303: 14462610 | P303: CÓLICAS MENSTRUAIS
B304: =+B303+1 -> 302 | C304: 30049069 | D304: NEOPIRIDIN PASTILHAS x 12 | F304: =VLOOKUP(JENNIFFER!$B304,#REF!,4,1) -> #REF! | G304: =IF(JENNIFFER!$E304="",JENNIFFER!$F304,JENNIFFER!$E304) -> #REF! | I304: DESCONG/A/SEPT FARING | J304: NEO QUIMICA | K304: P | L304: M | M304: 3727479 | N304: 6936265 | O304: 15761103 | P304: DOR DE GARGANTA
B305: =+B304+1 -> 303 | C305: 30039079 | D305: NEOPRAZOL CAPS GASTROR 20 MG x 28 | F305: =VLOOKUP(JENNIFFER!$B305,#REF!,4,1) -> #REF! | G305: =IF(JENNIFFER!$E305="",JENNIFFER!$F305,JENNIFFER!$E305) -> #REF! | I305: INIBIDORES DA BOMBA ACIDA | J305: NEO QUIMICA | K305: E | L305: M | M305: 1877845 | N305: 15730792 | O305: 35932010 | P305: GASTRITE/ ÚLCERA
B306: =+B305+1 -> 304 | C306: 30049069 | D306: NEOSALDINA DRAG x 30 | F306: =VLOOKUP(JENNIFFER!$B306,#REF!,4,1) -> #REF! | G306: =IF(JENNIFFER!$E306="",JENNIFFER!$F306,JENNIFFER!$E306) -> #REF! | I306: ANALG NAO NARCOT/A/PIRET | J306: TAKEDA PHARMA | K306: P | L306: R | M306: 6046641 | N306: 44668970 | O306: 1.0194636e+08 | P306: FEBRE
... B328: =+B327+1 -> 326 | C328: 30044090 | D328: NIQUITIN PAST MENTA 4 MG x 36 | F328: =VLOOKUP(JENNIFFER!$B328,#REF!,4,1) -> #REF! | G328: =IF(JENNIFFER!$E328="",JENNIFFER!$F328,JENNIFFER!$E328) -> #REF! | I328: PRODUTOS ANTI-TABACO | J328: GSK CONSUMO | K328: P | L328: M | M328: 114150 | N328: 2191480 | O328: 5026524.7 | P328: TRATAM TABAGISMO
B329: =+B328+1 -> 327 | D329: NOEX SPRAY NASAL 32 Y x 120 (/DOS) | F329: =VLOOKUP(JENNIFFER!$B329,#REF!,4,1) -> #REF! | G329: =IF(JENNIFFER!$E329="",JENNIFFER!$F329,JENNIFFER!$E329) -> #REF! | I329: CORTICOES.NAS.S/ANTI-INF | J329: EUROFARMA | K329: E | L329: M | M329: 835922 | N329: 6576811 | O329: 14949608 | P329: RINITE ALÉRGICA
B330: =+B329+1 -> 328 | C330: 30066000 | D330: NORDETTE DRAG x 21 | F330: =VLOOKUP(JENNIFFER!$B330,#REF!,4,1) -> #REF! | G330: =IF(JENNIFFER!$E330="",JENNIFFER!$F330,JENNIFFER!$E330) -> #REF! | I330: P.MONOF.C/ESTROG.<50MCG | J330: PFIZER | K330: E | L330: R | M330: 2944573 | N330: 6665736 | O330: 15216243 | P330: ANTICONCEPCIONAIS
B331: =+B330+1 -> 329 | C331: 30049067 | D331: NORFLOXACINO MG CPR 400 MG x 14 | F331: =VLOOKUP(JENNIFFER!$B331,#REF!,4,1) -> #REF! | G331: =IF(JENNIFFER!$E331="",JENNIFFER!$F331,JENNIFFER!$E331) -> #REF! | I331: FLUORQUINOLONAS ORAIS | J331: MULTILAB | K331: E | L331: G | M331: 618355 | N331: 5195303 | O331: 11860837 | P331: INFECÇÃO URINÁRIA
B332: =+B331+1 -> 330 | C332: 30049067 | D332: NORFLOXACINO MG CPR REVEST 400 MG x 14 | F332: =VLOOKUP(JENNIFFER!$B332,#REF!,4,1) -> #REF! | G332: =IF(JENNIFFER!$E332="",JENNIFFER!$F332,JENNIFFER!$E332) -> #REF! | I332: FLUORQUINOLONAS ORAIS | J332: MEDLEY | K332: E | L332: G | M332: 441724 | N332: 4590096 | O332: 10471394 | P332: INFECÇÃO URINÁRIA
B333: =+B332+1 -> 331 | C333: 30049099 | D333: NORIPURUM FOLICO CPR MASC x 30 | F333: =VLOOKUP(JENNIFFER!$B333,#REF!,4,1) -> #REF! | G333: =IF(JENNIFFER!$E333="",JENNIFFER!$F333,JENNIFFER!$E333) -> #REF! | I333: ASSOCIACOES DE FERRO | J333: TAKEDA PHARMA | K333: E | L333: M | M333: 473540 | N333: 6848330 | O333: 15635601 | P333: ANEMIA
B334: =+B333+1 -> 332 | C334: 30049099 | D334: NORIPURUM GOTAS 167 MG 30 ML x 1 (/ML) | F334: =VLOOKUP(JENNIFFER!$B334,#REF!,4,1) -> #REF! | G334: =IF(JENNIFFER!$E334="",JENNIFFER!$F334,JENNIFFER!$E334) -> #REF! | I334: FERRO PURO | J334: TAKEDA PHARMA | K334: E | L334: M | M334: 768565 | N334: 6804344 | O334: 15528768 | P334: ANEMIA
B335: =+B334+1 -> 333 | C335: 30043100 | D335: NOVOLIN N HM F.AMP S.C 100 IU 10 ML x 1 (/ML) | F335: =VLOOKUP(JENNIFFER!$B335,#REF!,4,1) -> #REF! | G335: =IF(JENNIFFER!$E335="",JENNIFFER!$F335,JENNIFFER!$E335) -> #REF! | I335: INS HUM+ANALOG AC INTERM | J335: NOVO NORDISK | K335: E | L335: M | M335: 1010864 | N335: 15672072 | O335: 35824679 | P335: DIABETES
B336: =+B335+1 -> 334 | C336: 30039079 | D336: NOVOPRAZOL CAPS 20 MG x 56 | F336: =VLOOKUP(JENNIFFER!$B336,#REF!,4,1) -> #REF! | G336: =IF(JENNIFFER!$E336="",JENNIFFER!$F336,JENNIFFER!$E336) -> #REF! | I336: INIBIDORES DA BOMBA ACIDA | J336: GLOBO | K336: E | L336: M | M336: 2182725 | N336: 28085102 | O336: 64041144 | P336: GASTRITE/ ÚLCERA
B337: =+B336+1 -> 335 | C337: 30041012 | D337: OCYLIN CAPS 500 MG x 10 | F337: =VLOOKUP(JENNIFFER!$B337,#REF!,4,1) -> #REF! | G337: =IF(JENNIFFER!$E337="",JENNIFFER!$F337,JENNIFFER!$E337) -> #REF! | I337: PENICILINAS ORAIS L/ESPEC | J337: MULTILAB | K337: E | L337: M | M337: 1075845 | N337: 6063549 | O337: 13828930 | P337: PNEUMONIA
B338: =+B337+1 -> 336 | C338: 30049069 | D338: OMEPRAZOL MG CAPS 20 MG x 28 | F338: =VLOOKUP(JENNIFFER!$B338,#REF!,4,1) -> #REF! | G338: =IF(JENNIFFER!$E338="",JENNIFFER!$F338,JENNIFFER!$E338) -> #REF! | I338: INIBIDORES DA BOMBA ACIDA | J338: TEUTO BRASILEIRO | K338: E | L338: G | M338: 3775457 | N338: 29590524 | O338: 67554597 | P338: GASTRITE/ ÚLCERA
B339: =+B338+1 -> 337 | C339: 30049099 | D339: OMNARIS SPRAY NASAL 50 Y x 120 (/DOS) | F339: =VLOOKUP(JENNIFFER!$B339,#REF!,4,1) -> #REF! | G339: =IF(JENNIFFER!$E339="",JENNIFFER!$F339,JENNIFFER!$E339) -> #REF! | I339: CORTICOES.NAS.S/ANTI-INF | J339: TAKEDA PHARMA | K339: E | L339: R | M339: 834412 | N339: 11528847 | O339: 26231555 | P339: RINITE ALÉRGICA
B340: =+B339+1 -> 338 | C340: 30049099 | D340: OTO-BETNOVATE GOTAS OTO. 10 ML x 1 | F340: =VLOOKUP(JENNIFFER!$B340,#REF!,4,1) -> #REF! | G340: =IF(JENNIFFER!$E340="",JENNIFFER!$F340,JENNIFFER!$E340) -> #REF! | I340: OTI.CORTI.EM/ASS.C/ANTINF | J340: FARMOQUIMICA | K340: E | L340: R | M340: 743698 | N340: 4978491 | O340: 11378005 | P340: DOR DE OUVIDO
B341: =+B340+1 -> 339 | C341: 30042099 | D341: OTOCIRIAX SUSP OTO 5 ML x 1 | F341: =VLOOKUP(JENNIFFER!$B341,#REF!,4,1) -> #REF! | G341: =IF(JENNIFFER!$E341="",JENNIFFER!$F341,JENNIFFER!$E341) -> #REF! | I341: OTI.CORTI.EM/ASS.C/ANTINF | J341: FARMOQUIMICA | K341: E | L341: M | M341: 753219 | N341: 6990400 | O341: 16006266 | P341: DOR DE OUVIDO
... B356: =+B355+1 -> 354 | C356: 30049041 | D356: PLASIL GOTAS 10 MG 10 ML x 1 (/ML) | F356: =VLOOKUP(JENNIFFER!$B356,#REF!,4,1) -> #REF! | G356: =IF(JENNIFFER!$E356="",JENNIFFER!$F356,JENNIFFER!$E356) -> #REF! | I356: GASTROPROCINETICOS | J356: SANOFI | K356: E | L356: R | M356: 1558851 | N356: 3847689 | O356: 8794662.3 | P356: NÁUSEAS
B357: =+B356+1 -> 355 | D357: POLICR+CL.CICHO MG POM+10 APLIC 30 G x 1 | F357: =VLOOKUP(JENNIFFER!$B357,#REF!,4,1) -> #REF! | G357: =IF(JENNIFFER!$E357="",JENNIFFER!$F357,JENNIFFER!$E357) -> #REF! | I357: ANTHIHEMORR. SEM CORTIC. | J357: MEDLEY | K357: P | L357: G | M357: 639671 | N357: 5598235 | O357: 12776963 | P357: HEMORROIDAS
B358: =+B357+1 -> 356 | D358: PRED FORT SUSP OFTAL 1 % 5 ML x 1 | F358: =VLOOKUP(JENNIFFER!$B358,#REF!,4,1) -> #REF! | G358: =IF(JENNIFFER!$E358="",JENNIFFER!$F358,JENNIFFER!$E358) -> #REF! | I358: CORTICOSTEROID.OFTALMOLOG | J358: ALLERGAN | K358: E | L358: R | M358: 894478 | N358: 9653546 | O358: 22022464 | P358: CONJUNTIVITE
B359: =+B358+1 -> 357 | C359: 30043939 | D359: PREMARIN DRAG 0.625 MG x 28 | F359: =VLOOKUP(JENNIFFER!$B359,#REF!,4,1) -> #REF! | G359: =IF(JENNIFFER!$E359="",JENNIFFER!$F359,JENNIFFER!$E359) -> #REF! | I359: ESTROGEN EXC G3A,G3E,G3F | J359: PFIZER | K359: E | L359: R | M359: 516898 | N359: 5390851 | O359: 12306003 | P359: TRH - MENOPAUSA
...

Sheet CHECK LIST
C1: GERAR ARQUIVO COM 7000 ITENS COM OS DADOS QUE EXISTEM
C4: BASE ÚNICA
C5: LIGAR LABORATORIOS | D5: EAN
C6: SINDUSFARMA LIGAR DIRETOR | D6: NCM
C7: LISTA POSTIVA POR EAN | D7: TENHO TODAS ?
C8: GERAR LISTA EAN-DESCRIÇÃO DO PRODUTO POR LABORATORIO QUE NÃO TEM NCM
C9: GERAR TABELA EXCEL COM PRODUTOS ANVISA NCM EAN + -
C11: O QUE FALTA
C12: CLASSE TERAPEUTICA
C13: LABORATORIOS
C14: GENERICO
C15: ETICO ou POP
C16: S / G / M / R
C20: TABELAS | D20: REGISTROS | E20: EAN | F20: EAN2 | G20: Colunas1 | H20: NFE
C22: ANVISA PRECOS MEDICAMENTOS CONSUMIDOR (20140108) | D22: 25800 | E22: 7714 | F22: 25800 | G22: =+'CHECK LIST'!$E22/'CHECK LIST'!$F22 -> 0.29899225
C23: VENDAS APRESENTACOES MEDICAMENTOS | D23: 25492
C24: ABCFARMA_TABELA | D24: 17555 | F24: 14555
C25: MEDICAMENTOS_EAN_NCM | D25: 7714
C26: LISTA DE POSIVITO NEGATIVO | D26: 11149
C27: EAN ABCFARMA=ANVISA | D27: 14568 | F27: 14555
C30: MedicamentoNegPos | D30: (Nenhum nome de coluna)
C31: O | D31: 30
C32: N- NEUTRA | D32: 715
C33: - | D33: 5661
C34: + | D34: 11149
C37: MedicamentoNegPos | D37: (Nenhum nome de coluna)
C38: N | D38: 13
C39: - | D39: 4332
C40: + | D40: 10223

Sheet RANKING
X2: 1
C4: 1 | D4: =C4+1 -> 2 | E4: =D4+1 -> 3 | F4: =E4+1 -> 4 | G4: =F4+1 -> 5 | H4: =G4+1 -> 6 | I4: =H4+1 -> 7 | J4: =I4+1 -> 8 | K4: =J4+1 -> 9 | ... AB4: =AA4+1 -> 26
D5: =E9 -> AM | E5: =F9 -> BA | F5: =G9 -> CE | G5: =H9 -> DF | H5: =I9 -> ES | I5: =J9 -> GO | J5: =K9 -> MG | K5: =L9 -> MS | ... S5: =T9 -> SP | T5: =V9 -> FOLHA | U5: =U9 -> COFINS | V5: =W9 -> OUTROS | W5: =X9 -> PIS | X5: Cofins | Y5: s/folha | Z5: Outros | AA5: =AB9 -> Menor | AB5: s/lucro
B6: 17 | C6: =INDEX(RANKING!$C$10:$AB$55,$B$6,C4) -> 17 | D6: =INDEX(RANKING!$C$10:$AB$55,$B$6,D4)/100 -> #VALUE! | E6: =INDEX(RANKING!$C$10:$AB$55,$B$6,E4)/100 -> 0.34073333 | F6: =INDEX(RANKING!$C$10:$AB$55,$B$6,F4)/100 -> 0.34073333 | G6: =INDEX(RANKING!$C$10:$AB$55,$B$6,G4)/100 -> 0.34073333 | H6: =INDEX(RANKING!$C$10:$AB$55,$B$6,H4)/100 -> 0.34073333 | I6: =INDEX(RANKING!$C$10:$AB$55,$B$6,I4)/100 -> 0.34073333 | J6: =INDEX(RANKING!$C$10:$AB$55,$B$6,J4)/100 -> 0.34073333 | K6: =INDEX(RANKING!$C$10:$AB$55,$B$6,K4)/100 -> 0.34406667 | ... AB6: =INDEX(RANKING!$C$10:$AB$55,$B$6,AB4)/100 -> 0.29073333
C7: =PROPER("Grupo: "&C6) -> Grupo: 17
C9: Ranking | D9: VISÃO DOENÇA E LABORATÓRIO | E9: AM | F9: BA | G9: CE | H9: DF | I9: ES | J9: GO | K9: MG | L9: MS | M9: MT | N9: PA | O9: PE | P9: PR | Q9: RJ | R9: RS | S9: SC | T9: SP | U9: COFINS | V9: FOLHA | W9: OUTROS | X9: PIS | Y9: LUCRO | Z9: Média | AA9: Maior | AB9: Menor
C10: =RANK(Tabela112[[#This Row],[Média]],Tabela112[Média],0) -> 1 | D10: DOR MUSCULAR | E10: 36.74 | F10: 36.74 | G10: 36.74 | H10: 36.74 | I10: 36.74 | J10: 36.74 | K10: 37.74 | L10: 36.74 | M10: 36.74 | N10: 36.74 | O10: 36.74 | P10: 31.74 | Q10: 38.74 | R10: 36.74 | S10: 36.74 | T10: 37.74 | U10: 9.9 | V10: 3.27 | W10: 1.35 | X10: 2.1 | Y10: 3.12 | Z10: =AVERAGE(Tabela112[[#This Row],[AM ]:[SP ]]) -> 36.6775 | AA10: =MAX(Tabela112[[#This Row],[AM ]:[SP ]]) -> 38.74 | AB10: =MIN(Tabela112[[#This Row],[AM ]:[SP ]]) -> 31.74
C11: =RANK(Tabela112[[#This Row],[Média]],Tabela112[Média],0) -> 1 | D11: GRIPE E RESFRIADO | E11: 36.74 | F11: 36.74 | G11: 36.74 | H11: 36.74 | I11: 36.74 | J11: 36.74 | K11: 37.74 | L11: 36.74 | M11: 36.74 | N11: 36.74 | O11: 36.74 | P11: 31.74 | Q11: 38.74 | R11: 36.74 | S11: 36.74 | T11: 37.74 | U11: 9.9 | V11: 3.27 | W11: 1.35 | X11: 2.1 | Y11: 3.12 | Z11: =AVERAGE(Tabela112[[#This Row],[AM ]:[SP ]]) -> 36.6775 | AA11: =MAX(Tabela112[[#This Row],[AM ]:[SP ]]) -> 38.74 | AB11: =MIN(Tabela112[[#This Row],[AM ]:[SP ]]) -> 31.74 | AF11: Doença | AG11: Carga Tributária Média
C12: =RANK(Tabela112[[#This Row],[Média]],Tabela112[Média],0) -> 1 | D12: TOSSE | E12: 36.74 | F12: 36.74 | G12: 36.74 | H12: 36.74 | I12: 36.74 | J12: 36.74 | K12: 37.74 | L12: 36.74 | M12: 36.74 | N12: 36.74 | O12: 36.74 | P12: 31.74 | Q12: 38.74 | R12: 36.74 | S12: 36.74 | T12: 37.74 | U12: 9.9 | V12: 3.27 | W12: 1.35 | X12: 2.1 | Y12: 3.12 | Z12: =AVERAGE(Tabela112[[#This Row],[AM ]:[SP ]]) -> 36.6775 | AA12: =MAX(Tabela112[[#This Row],[AM ]:[SP ]]) -> 38.74 | AB12: =MIN(Tabela112[[#This Row],[AM ]:[SP ]]) -> 31.74 | AE12: 1 | AF12: =TRIM(PROPER(INDEX(RANKING!$D$10:$D$55,AE12,1))) -> Dor Muscular | AG12: =INDEX(RANKING!$Z$10:$Z$55,AE12,1)/100 -> 0.366775
C13: =RANK(Tabela112[[#This Row],[Média]],Tabela112[Média],0) -> 4 | D13: HEMORROIDAS | E13: 36.74 | F13: 36.74 | G13: 36.74 | H13: 36.74 | I13: 36.74 | J13: 36.74 | K13: 36.99 | L13: 36.74 | M13: 36.74 | N13: 36.74 | O13: 36.74 | P13: 31.74 | Q13: 38.74 | R13: 36.74 | S13: 36.74 | T13: 37.74 | U13: 9.9 | V13: 3.27 | W13: 1.35 | X13: 2.1 | Y13: 3.12 | Z13: =AVERAGE(Tabela112[[#This Row],[AM ]:[SP ]]) -> 36.630625 | AA13: =MAX(Tabela112[[#This Row],[AM ]:[SP ]]) -> 38.74 | AB13: =MIN(Tabela112[[#This Row],[AM ]:[SP ]]) -> 31.74 | AE13: =AE12+1 -> 2 | AF13: =TRIM(PROPER(INDEX(RANKING!$D$10:$D$55,AE13,1))) -> Gripe E Resfriado | AG13: =INDEX(RANKING!$Z$10:$Z$55,AE13,1)/100 -> 0.366775
C14: =RANK(Tabela112[[#This Row],[Média]],Tabela112[Média],0) -> 5 | D14: AZIA/ MÁ DIGESTÃO | E14: 36.74 | F14: 36.74 | G14: 36.74 | H14: 36.74 | I14: 36.74 | J14: 36.74 | K14: 36.24 | L14: 36.74 | M14: 36.74 | N14: 36.74 | O14: 36.74 | P14: 31.74 | Q14: 38.74 | R14: 36.74 | S14: 36.74 | T14: 37.74 | U14: 9.9 | V14: 3.27 | W14: 1.35 | X14: 2.1 | Y14: 3.12 | Z14: =AVERAGE(Tabela112[[#This Row],[AM ]:[SP ]]) -> 36.58375 | AA14: =MAX(Tabela112[[#This Row],[AM ]:[SP ]]) -> 38.74 | AB14: =MIN(Tabela112[[#This Row],[AM ]:[SP ]]) -> 31.74 | AE14: =AE13+1 -> 3 | AF14: =TRIM(PROPER(INDEX(RANKING!$D$10:$D$55,AE14,1))) -> Tosse | AG14: =INDEX(RANKING!$Z$10:$Z$55,AE14,1)/100 -> 0.366775
C15: =RANK(Tabela112[[#This Row],[Média]],Tabela112[Média],0) -> 6 | D15: SINTOMAS DA DENGUE | E15: 36.74 | F15: 36.74 | G15: 36.74 | H15: 36.74 | I15: 36.74 | J15: 36.74 | K15: 35.073333 | L15: 36.74 | M15: 36.74 | N15: 36.74 | O15: 36.74 | P15: 31.74 | Q15: 38.74 | R15: 36.74 | S15: 36.74 | T15: 37.74 | U15: 9.9 | V15: 3.27 | W15: 1.35 | X15: 2.1 | Y15: 3.12 | Z15: =AVERAGE(Tabela112[[#This Row],[AM ]:[SP ]]) -> 36.510833 | AA15: =MAX(Tabela112[[#This Row],[AM ]:[SP ]]) -> 38.74 | AB15: =MIN(Tabela112[[#This Row],[AM ]:[SP ]]) -> 31.74 | AE15: =AE14+1 -> 4 | AF15: =TRIM(PROPER(INDEX(RANKING!$D$10:$D$55,AE15,1))) -> Hemorroidas | AG15: =INDEX(RANKING!$Z$10:$Z$55,AE15,1)/100 -> 0.36630625
C16: =RANK(Tabela112[[#This Row],[Média]],Tabela112[Média],0) -> 7 | D16: MACHUCADOS E CONTUSÕES | E16: 36.465 | F16: 36.465 | G16: 36.465 | H16: 36.465 | I16: 36.465 | J16: 36.465 | K16: 35.665 | L16: 36.465 | M16: 36.465 | N16: 36.465 | O16: 36.465 | P16: 31.465 | Q16: 38.465 | R16: 36.465 | S16: 36.465 | T16: 37.465 | U16: 9.67 | V16: 3.27 | W16: 1.35 | X16: 2.055 | Y16: 3.12 | Z16: =AVERAGE(Tabela112[[#This Row],[AM ]:[SP ]]) -> 36.29 | AA16: =MAX(Tabela112[[#This Row],[AM ]:[SP ]]) -> 38.465 | AB16: =MIN(Tabela112[[#This Row],[AM ]:[SP ]]) -> 31.465 | AE16: =AE15+1 -> 5 | AF16: =TRIM(PROPER(INDEX(RANKING!$D$10:$D$55,AE16,1))) -> Azia/ Má Digestão | AG16: =INDEX(RANKING!$Z$10:$Z$55,AE16,1)/100 -> 0.3658375
C17: =RANK(Tabela112[[#This Row],[Média]],Tabela112[Média],0) -> 8 | D17: ANEMIA | E17: 35.54 | F17: 35.54 | G17: 35.54 | H17: 35.54 | I17: 35.54 | J17: 35.54 | K17: 36.54 | L17: 35.54 | M17: 35.54 | N17: 35.54 | O17: 35.54 | P17: 30.54 | Q17: 37.54 | R17: 35.54 | S17: 35.54 | T17: 36.54 | U17: 8.91 | V17: 3.27 | W17: 1.35 | X17: 1.89 | Y17: 3.12 | Z17: =AVERAGE(Tabela112[[#This Row],[AM ]:[SP ]]) -> 35.4775 | AA17: =MAX(Tabela112[[#This Row],[AM ]:[SP ]]) -> 37.54 | AB17: =MIN(Tabela112[[#This Row],[AM ]:[SP ]]) -> 30.54 | AE17: =AE16+1 -> 6 | AF17: =TRIM(PROPER(INDEX(RANKING!$D$10:$D$55,AE17,1))) -> Sintomas Da Dengue | AG17: =INDEX(RANKING!$Z$10:$Z$55,AE17,1)/100 -> 0.36510833
C18: =RANK(Tabela112[[#This Row],[Média]],Tabela112[Média],0) -> 9 | D18: CÓLICAS MENSTRUAIS | E18: 35.54 | F18: 35.54 | G18: 35.54 | H18: 35.54 | I18: 35.54 | J18: 35.54 | K18: 35.94 | L18: 35.54 | M18: 35.54 | N18: 35.54 | O18: 35.54 | P18: 30.54 | Q18: 37.54 | R18: 35.54 | S18: 35.54 | T18: 36.54 | U18: 8.91 | V18: 3.27 | W18: 1.35 | X18: 1.89 | Y18: 3.12 | Z18: =AVERAGE(Tabela112[[#This Row],[AM ]:[SP ]]) -> 35.44 | AA18: =MAX(Tabela112[[#This Row],[AM ]:[SP ]]) -> 37.54 | AB18: =MIN(Tabela112[[#This Row],[AM ]:[SP ]]) -> 30.54 | AE18: =AE17+1 -> 7 | AF18: =TRIM(PROPER(INDEX(RANKING!$D$10:$D$55,AE18,1))) -> Machucados E Contusões | AG18: =INDEX(RANKING!$Z$10:$Z$55,AE18,1)/100 -> 0.3629
C19: =RANK(Tabela112[[#This Row],[Média]],Tabela112[Média],0) -> 9 | D19: DOR DE BARRIGA/ CÓLICAS | E19: 35.54 | F19: 35.54 | G19: 35.54 | H19: 35.54 | I19: 35.54 | J19: 35.54 | K19: 35.94 | L19: 35.54 | M19: 35.54 | N19: 35.54 | O19: 35.54 | P19: 30.54 | Q19: 37.54 | R19: 35.54 | S19: 35.54 | T19: 36.54 | U19: 8.91 | V19: 3.27 | W19: 1.35 | X19: 1.89 | Y19: 3.12 | Z19: =AVERAGE(Tabela112[[#This Row],[AM ]:[SP ]]) -> 35.44 | AA19: =MAX(Tabela112[[#This Row],[AM ]:[SP ]]) -> 37.54 | AB19: =MIN(Tabela112[[#This Row],[AM ]:[SP ]]) -> 30.54 | AE19: =AE18+1 -> 8 | AF19: =TRIM(PROPER(INDEX(RANKING!$D$10:$D$55,AE19,1))) -> Anemia | AG19: =INDEX(RANKING!$Z$10:$Z$55,AE19,1)/100 -> 0.354775
C20: =RANK(Tabela112[[#This Row],[Média]],Tabela112[Média],0) -> 11 | D20: FEBRE | E20: 35.54 | F20: 35.54 | G20: 35.54 | H20: 35.54 | I20: 35.54 | J20: 35.54 | K20: 34.74 | L20: 35.54 | M20: 35.54 | N20: 35.54 | O20: 35.54 | P20: 30.54 | Q20: 37.54 | R20: 35.54 | S20: 35.54 | T20: 36.54 | U20: 8.91 | V20: 3.27 | W20: 1.35 | X20: 1.89 | Y20: 3.12 | Z20: =AVERAGE(Tabela112[[#This Row],[AM ]:[SP ]]) -> 35.365 | AA20: =MAX(Tabela112[[#This Row],[AM ]:[SP ]]) -> 37.54 | AB20: =MIN(Tabela112[[#This Row],[AM ]:[SP ]]) -> 30.54 | AE20: =AE19+1 -> 9 | AF20: =TRIM(PROPER(INDEX(RANKING!$D$10:$D$55,AE20,1))) -> Cólicas Menstruais | AG20: =INDEX(RANKING!$Z$10:$Z$55,AE20,1)/100 -> 0.3544
C21: =RANK(Tabela112[[#This Row],[Média]],Tabela112[Média],0) -> 12 | D21: DISFUNÇÃO ERÉTIL | E21: 35.54 | F21: 35.54 | G21: 35.54 | H21: 35.54 | I21: 35.54 | J21: 35.54 | K21: 31.74 | L21: 35.54 | M21: 35.54 | N21: 35.54 | O21: 35.54 | P21: 30.54 | Q21: 37.54 | R21: 35.54 | S21: 35.54 | T21: 36.54 | U21: 8.91 | V21: 3.27 | W21: 1.35 | X21: 1.89 | Y21: 3.12 | Z21: =AVERAGE(Tabela112[[#This Row],[AM ]:[SP ]]) -> 35.1775 | AA21: =MAX(Tabela112[[#This Row],[AM ]:[SP ]]) -> 37.54 | AB21: =MIN(Tabela112[[#This Row],[AM ]:[SP ]]) -> 30.54 | AE21: =AE20+1 -> 10 | AF21: =TRIM(PROPER(INDEX(RANKING!$D$10:$D$55,AE21,1))) -> Dor De Barriga/ Cólicas | AG21: =INDEX(RANKING!$Z$10:$Z$55,AE21,1)/100 -> 0.3544
C22: =RANK(Tabela112[[#This Row],[Média]],Tabela112[Média],0) -> 13 | D22: DISTÚRBIOS CIRCULATÓRIOS | E22: 35.025714 | F22: 35.025714 | G22: 35.025714 | H22: 35.025714 | I22: 35.025714 | J22: 35.025714 | K22: 35.168571 | L22: 35.025714 | M22: 35.025714 | N22: 35.025714 | O22: 35.025714 | P22: 30.025714 | Q22: 37.025714 | R22: 35.025714 | S22: 35.025714 | T22: 36.025714 | U22: 8.4857143 | V22: 3.27 | W22: 1.35 | X22: 1.8 | Y22: 3.12 | Z22: =AVERAGE(Tabela112[[#This Row],[AM ]:[SP ]]) -> 34.909643 | AA22: =MAX(Tabela112[[#This Row],[AM ]:[SP ]]) -> 37.025714 | AB22: =MIN(Tabela112[[#This Row],[AM ]:[SP ]]) -> 30.025714
C23: =RANK(Tabela112[[#This Row],[Média]],Tabela112[Média],0) -> 14 | D23: DISENTERIA/ DIARRÉIA | E23: 34.34 | F23: 34.34 | G23: 34.34 | H23: 34.34 | I23: 34.34 | J23: 34.34 | K23: 34.74 | L23: 34.34 | M23: 34.34 | N23: 34.34 | O23: 34.34 | P23: 29.34 | Q23: 36.34 | R23: 34.34 | S23: 34.34 | T23: 35.34 | U23: 7.92 | V23: 3.27 | W23: 1.35 | X23: 1.68 | Y23: 3.12 | Z23: =AVERAGE(Tabela112[[#This Row],[AM ]:[SP ]]) -> 34.24 | AA23: =MAX(Tabela112[[#This Row],[AM ]:[SP ]]) -> 36.34 | AB23: =MIN(Tabela112[[#This Row],[AM ]:[SP ]]) -> 29.34
C24: =RANK(Tabela112[[#This Row],[Média]],Tabela112[Média],0) -> 14 | D24: DOR DE CABEÇA/ ENXAQUECA | E24: 34.34 | F24: 34.34 | G24: 34.34 | H24: 34.34 | I24: 34.34 | J24: 34.34 | K24: 34.74 | L24: 34.34 | M24: 34.34 | N24: 34.34 | O24: 34.34 | P24: 29.34 | Q24: 36.34 | R24: 34.34 | S24: 34.34 | T24: 35.34 | U24: 7.92 | V24: 3.27 | W24: 1.35 | X24: 1.68 | Y24: 3.12 | Z24: =AVERAGE(Tabela112[[#This Row],[AM ]:[SP ]]) -> 34.24 | AA24: =MAX(Tabela112[[#This Row],[AM ]:[SP ]]) -> 36.34 | AB24: =MIN(Tabela112[[#This Row],[AM ]:[SP ]]) -> 29.34
C25: =RANK(Tabela112[[#This Row],[Média]],Tabela112[Média],0) -> 14 | D25: LABIRINTITE E VERTIGEM | E25: 34.34 | F25: 34.34 | G25: 34.34 | H25: 34.34 | I25: 34.34 | J25: 34.34 | K25: 34.74 | L25: 34.34 | M25: 34.34 | N25: 34.34 | O25: 34.34 | P25: 29.34 | Q25: 36.34 | R25: 34.34 | S25: 34.34 | T25: 35.34 | U25: 7.92 | V25: 3.27 | W25: 1.35 | X25: 1.68 | Y25: 3.12 | Z25: =AVERAGE(Tabela112[[#This Row],[AM ]:[SP ]]) -> 34.24 | AA25: =MAX(Tabela112[[#This Row],[AM ]:[SP ]]) -> 36.34 | AB25: =MIN(Tabela112[[#This Row],[AM ]:[SP ]]) -> 29.34
C26: =RANK(Tabela112[[#This Row],[Média]],Tabela112[Média],0) -> 17 | D26: ALERGIA | E26: 34.073333 | F26: 34.073333 | G26: 34.073333 | H26: 34.073333 | I26: 34.073333 | J26: 34.073333 | K26: 34.406667 | L26: 34.073333 | M26: 34.073333 | N26: 34.073333 | O26: 34.073333 | P26: 29.073333 | Q26: 36.073333 | R26: 34.073333 | S26: 34.073333 | T26: 35.073333 | U26: 7.7 | V26: 3.27 | W26: 1.35 | X26: 1.6333333 | Y26: 3.12 | Z26: =AVERAGE(Tabela112[[#This Row],[AM ]:[SP ]]) -> 33.969167 | AA26: =MAX(Tabela112[[#This Row],[AM ]:[SP ]]) -> 36.073333 | AB26: =MIN(Tabela112[[#This Row],[AM ]:[SP ]]) -> 29.073333
C27: =RANK(Tabela112[[#This Row],[Média]],Tabela112[Média],0) -> 18 | D27: EFEITOS ADVERSOS DA QUIMIOT | E27: 32.74 | F27: 32.74 | G27: 32.74 | H27: 32.74 | I27: 32.74 | J27: 32.74 | K27: 33.74 | L27: 32.74 | M27: 32.74 | N27: 32.74 | O27: 32.74 | P27: 27.74 | Q27: 34.74 | R27: 32.74 | S27: 32.74 | T27: 33.74 | U27: 6.6 | V27: 3.27 | W27: 1.35 | X27: 1.4 | Y27: 3.12 | Z27: =AVERAGE(Tabela112[[#This Row],[AM ]:[SP ]]) -> 32.6775 | AA27: =MAX(Tabela112[[#This Row],[AM ]:[SP ]]) -> 34.74 | AB27: =MIN(Tabela112[[#This Row],[AM ]:[SP ]]) -> 27.74
C28: =RANK(Tabela112[[#This Row],[Média]],Tabela112[Média],0) -> 19 | D28: SINUSITE | E28: 32.74 | F28: 32.74 | G28: 32.74 | H28: 32.74 | I28: 32.74 | J28: 32.74 | K28: 32.406667 | L28: 32.74 | M28: 32.74 | N28: 32.74 | O28: 32.74 | P28: 27.74 | Q28: 34.74 | R28: 32.74 | S28: 32.74 | T28: 33.74 | U28: 6.6 | V28: 3.27 | W28: 1.35 | X28: 1.4 | Y28: 3.12 | Z28: =AVERAGE(Tabela112[[#This Row],[AM ]:[SP ]]) -> 32.594167 | AA28: =MAX(Tabela112[[#This Row],[AM ]:[SP ]]) -> 34.74 | AB28: =MIN(Tabela112[[#This Row],[AM ]:[SP ]]) -> 27.74
C29: =RANK(Tabela112[[#This Row],[Média]],Tabela112[Média],0) -> 20 | D29: TRATAM TABAGISMO | E29: 31.94 | F29: 31.94 | G29: 31.94 | H29: 31.94 | I29: 31.94 | J29: 31.94 | K29: 32.94 | L29: 31.94 | M29: 31.94 | N29: 31.94 | O29: 31.94 | P29: 26.94 | Q29: 33.94 | R29: 31.94 | S29: 31.94 | T29: 32.94 | U29: 5.94 | V29: 3.27 | W29: 1.35 | X29: 1.26 | Y29: 3.12 | Z29: =AVERAGE(Tabela112[[#This Row],[AM ]:[SP ]]) -> 31.8775 | AA29: =MAX(Tabela112[[#This Row],[AM ]:[SP ]]) -> 33.94 | AB29: =MIN(Tabela112[[#This Row],[AM ]:[SP ]]) -> 26.94
C30: =RANK(Tabela112[[#This Row],[Média]],Tabela112[Média],0) -> 21 | D30: DOENÇAS PULMONARES - GERAL | E30: 31.94 | F30: 31.94 | G30: 31.94 | H30: 31.94 | I30: 31.94 | J30: 31.94 | K30: 32.34 | L30: 31.94 | M30: 31.94 | N30: 31.94 | O30: 31.94 | P30: 26.94 | Q30: 33.94 | R30: 31.94 | S30: 31.94 | T30: 32.94 | U30: 5.94 | V30: 3.27 | W30: 1.35 | X30: 1.26 | Y30: 3.12 | Z30: =AVERAGE(Tabela112[[#This Row],[AM ]:[SP ]]) -> 31.84 | AA30: =MAX(Tabela112[[#This Row],[AM ]:[SP ]]) -> 33.94 | AB30: =MIN(Tabela112[[#This Row],[AM ]:[SP ]]) -> 26.94
C31: =RANK(Tabela112[[#This Row],[Média]],Tabela112[Média],0) -> 21 | D31: NÁUSEAS | E31: 31.94 | F31: 31.94 | G31: 31.94 | H31: 31.94 | I31: 31.94 | J31: 31.94 | K31: 32.34 | L31: 31.94 | M31: 31.94 | N31: 31.94 | O31: 31.94 | P31: 26.94 | Q31: 33.94 | R31: 31.94 | S31: 31.94 | T31: 32.94 | U31: 5.94 | V31: 3.27 | W31: 1.35 | X31: 1.26 | Y31: 3.12 | Z31: =AVERAGE(Tabela112[[#This Row],[AM ]:[SP ]]) -> 31.84 | AA31: =MAX(Tabela112[[#This Row],[AM ]:[SP ]]) -> 33.94 | AB31: =MIN(Tabela112[[#This Row],[AM ]:[SP ]]) -> 26.94
C32: =RANK(Tabela112[[#This Row],[Média]],Tabela112[Média],0) -> 23 | D32: DOR DE GARGANTA | E32: 31.94 | F32: 31.94 | G32: 31.94 | H32: 31.94 | I32: 31.94 | J32: 31.94 | K32: 31.74 | L32: 31.94 | M32: 31.94 | N32: 31.94 | O32: 31.94 | P32: 26.94 | Q32: 33.94 | R32: 31.94 | S32: 31.94 | T32: 32.94 | U32: 5.94 | V32: 3.27 | W32: 1.35 | X32: 1.26 | Y32: 3.12 | Z32: =AVERAGE(Tabela112[[#This Row],[AM ]:[SP ]]) -> 31.8025 | AA32: =MAX(Tabela112[[#This Row],[AM ]:[SP ]]) -> 33.94 | AB32: =MIN(Tabela112[[#This Row],[AM ]:[SP ]]) -> 26.94
C33: =RANK(Tabela112[[#This Row],[Média]],Tabela112[Média],0) -> 24 | D33: BRONQUITE | E33: 31.406667 | F33: 31.406667 | G33: 31.406667 | H33: 31.406667 | I33: 31.406667 | J33: 31.406667 | K33: 32.406667 | L33: 31.406667 | M33: 31.406667 | N33: 31.406667 | O33: 31.406667 | P33: 26.406667 | Q33: 33.406667 | R33: 31.406667 | S33: 31.406667 | T33: 32.406667 | U33: 5.5 | V33: 3.27 | W33: 1.35 | X33: 1.1666667 | Y33: 3.12 | Z33: =AVERAGE(Tabela112[[#This Row],[AM ]:[SP ]]) -> 31.344167 | AA33: =MAX(Tabela112[[#This Row],[AM ]:[SP ]]) -> 33.406667 | AB33: =MIN(Tabela112[[#This Row],[AM ]:[SP ]]) -> 26.406667
... C55: =RANK(Tabela112[[#This Row],[Média]],Tabela112[Média],0) -> 46 | D55: HIPERTENSÃO | E55: 24.74 | F55: 24.74 | G55: 24.74 | H55: 24.74 | I55: 24.74 | J55: 24.74 | K55: 20.34 | L55: 24.74 | M55: 24.74 | N55: 24.74 | O55: 24.74 | P55: 19.74 | Q55: 26.74 | R55: 24.74 | S55: 24.74 | T55: 25.74 | U55: 0 | V55: 3.27 | W55: 1.35 | X55: 0 | Y55: 3.12 | Z55: =AVERAGE(Tabela112[[#This Row],[AM ]:[SP ]]) -> 24.34 | AA55: =MAX(Tabela112[[#This Row],[AM ]:[SP ]]) -> 26.74 | AB55: =MIN(Tabela112[[#This Row],[AM ]:[SP ]]) -> 19.74

Sheet bdGraficoDoenças
C1: 1 | D1: =C1+1 -> 2 | E1: =D1+1 -> 3 | F1: =E1+1 -> 4 | G1: =F1+1 -> 5 | H1: =G1+1 -> 6 | I1: =H1+1 -> 7 | J1: =I1+1 -> 8 | K1: =J1+1 -> 9 | ... AC1: =AB1+1 -> 27
D2: =D6 -> AM | E2: =E6 -> BA | F2: =F6 -> CE | G2: =G6 -> DF | H2: =H6 -> ES | I2: =I6 -> GO | J2: =J6 -> MG | K2: =K6 -> MS | ... W2: =W6 -> Amplitude | X2: Cofins | Y2: s/folha | Z2: Outros | AA2: =AA6 -> PIS | AB2: s/lucro | AC2: ICMS
B3: 47 | C3: =INDEX(bdGraficoDoenças!$C$7:$AC$53,$B$3,C1) -> MÉDIA DE TODAS AS DOENÇAS | D3: =INDEX(bdGraficoDoenças!$C$7:$AC$53,$B$3,D1)/100 -> 0.30716073 | E3: =INDEX(bdGraficoDoenças!$C$7:$AC$53,$B$3,E1)/100 -> 0.30716073 | F3: =INDEX(bdGraficoDoenças!$C$7:$AC$53,$B$3,F1)/100 -> 0.30716073 | G3: =INDEX(bdGraficoDoenças!$C$7:$AC$53,$B$3,G1)/100 -> 0.30716073 | H3: =INDEX(bdGraficoDoenças!$C$7:$AC$53,$B$3,H1)/100 -> 0.30716073 | I3: =INDEX(bdGraficoDoenças!$C$7:$AC$53,$B$3,I1)/100 -> 0.30716073 | J3: =INDEX(bdGraficoDoenças!$C$7:$AC$53,$B$3,J1)/100 -> 0.30495035 | K3: =INDEX(bdGraficoDoenças!$C$7:$AC$53,$B$3,K1)/100 -> 0.30716073 | ... AC3: =INDEX(bdGraficoDoenças!$C$7:$AC$53,$B$3,AC1)/100 -> 0.18
C4: =PROPER("Grupo: "&C3) -> Grupo: Média De Todas As Doenças | AC4: ="Composição na UF: "&INDEX(bdGraficoDoenças!$D$6:$S$6,1,AC5) -> Composição na UF: SP
AC5: 16
C6: DOENÇA | D6: AM | E6: BA | F6: CE | G6: DF | H6: ES | I6: GO | J6: MG | K6: MS | L6: MT | M6: PA | N6: PE | O6: PR | P6: RJ | Q6: RS | R6: SC | S6: SP | T6: Menor | U6: Maior | V6: Média | W6: Amplitude | X6: COFINS | Y6: FOLHA | Z6: OUTROS | AA6: PIS | AB6: LUCRO | AC6: ICMS | AH6: Preço | AI6: Tributo | AJ6: Impacto
C7: ACNE | D7: 30.74 | E7: 30.74 | F7: 30.74 | G7: 30.74 | H7: 30.74 | I7: 30.74 | J7: 29.74 | K7: 30.74 | L7: 30.74 | M7: 30.74 | N7: 30.74 | O7: 25.74 | P7: 32.74 | Q7: 30.74 | R7: 30.74 | S7: 31.74 | T7: =MIN(bdGraficoDoenças!$D7:$S7) -> 25.74 | U7: =MAX(bdGraficoDoenças!$D7:$S7) -> 32.74 | V7: =AVERAGE(bdGraficoDoenças!$D7:$S7) -> 30.5525 | W7: =+bdGraficoDoenças!$U7-bdGraficoDoenças!$T7 -> 7 | X7: 4.95 | Y7: 3.27 | Z7: 1.35 | AA7: 1.05 | AB7: 3.12 | AC7: =INDEX(Tabela1[[#This Row],[AM ]:[SP ]],1,$AC$5)-Tabela1[[#This Row],[COFINS]]-Tabela1[[#This Row],[FOLHA]]-Tabela1[[#This Row],[OUTROS]]-Tabela1[[#This Row],[PIS]]-Tabela1[[#This Row],[LUCRO]] -> 18 | AH7: 5 | AI7: =AH7*$W$3 -> 0.35 | AJ7: =AH7-AI7 -> 4.65
C8: ALERGIA | D8: 34.073333 | E8: 34.073333 | F8: 34.073333 | G8: 34.073333 | H8: 34.073333 | I8: 34.073333 | J8: 34.406667 | K8: 34.073333 | L8: 34.073333 | M8: 34.073333 | N8: 34.073333 | O8: 29.073333 | P8: 36.073333 | Q8: 34.073333 | R8: 34.073333 | S8: 35.073333 | T8: =MIN(bdGraficoDoenças!$D8:$S8) -> 29.073333 | U8: =MAX(bdGraficoDoenças!$D8:$S8) -> 36.073333 | V8: =AVERAGE(bdGraficoDoenças!$D8:$S8) -> 33.969167 | W8: =+bdGraficoDoenças!$U8-bdGraficoDoenças!$T8 -> 7 | X8: 7.7 | Y8: 3.27 | Z8: 1.35 | AA8: 1.6333333 | AB8: 3.12 | AC8: =INDEX(Tabela1[[#This Row],[AM ]:[SP ]],1,$AC$5)-Tabela1[[#This Row],[COFINS]]-Tabela1[[#This Row],[FOLHA]]-Tabela1[[#This Row],[OUTROS]]-Tabela1[[#This Row],[PIS]]-Tabela1[[#This Row],[LUCRO]] -> 18 | AH8: 10 | AI8: =AH8*$W$3 -> 0.7 | AJ8: =AH8-AI8 -> 9.3
C9: ALZHEIMER | D9: 24.74 | E9: 24.74 | F9: 24.74 | G9: 24.74 | H9: 24.74 | I9: 24.74 | J9: 24.54 | K9: 24.74 | L9: 24.74 | M9: 24.74 | N9: 24.74 | O9: 19.74 | P9: 26.74 | Q9: 24.74 | R9: 24.74 | S9: 25.74 | T9: =MIN(bdGraficoDoenças!$D9:$S9) -> 19.74 | U9: =MAX(bdGraficoDoenças!$D9:$S9) -> 26.74 | V9: =AVERAGE(bdGraficoDoenças!$D9:$S9) -> 24.6025 | W9: =+bdGraficoDoenças!$U9-bdGraficoDoenças!$T9 -> 7 | X9: 0 | Y9: 3.27 | Z9: 1.35 | AA9: 0 | AB9: 3.12 | AC9: =INDEX(Tabela1[[#This Row],[AM ]:[SP ]],1,$AC$5)-Tabela1[[#This Row],[COFINS]]-Tabela1[[#This Row],[FOLHA]]-Tabela1[[#This Row],[OUTROS]]-Tabela1[[#This Row],[PIS]]-Tabela1[[#This Row],[LUCRO]] -> 18 | AH9: 15 | AI9: =AH9*$W$3 -> 1.05 | AJ9: =AH9-AI9 -> 13.95
C10: ANEMIA | D10: 35.54 | E10: 35.54 | F10: 35.54 | G10: 35.54 | H10: 35.54 | I10: 35.54 | J10: 36.54 | K10: 35.54 | L10: 35.54 | M10: 35.54 | N10: 35.54 | O10: 30.54 | P10: 37.54 | Q10: 35.54 | R10: 35.54 | S10: 36.54 | T10: =MIN(bdGraficoDoenças!$D10:$S10) -> 30.54 | U10: =MAX(bdGraficoDoenças!$D10:$S10) -> 37.54 | V10: =AVERAGE(bdGraficoDoenças!$D10:$S10) -> 35.4775 | W10: =+bdGraficoDoenças!$U10-bdGraficoDoenças!$T10 -> 7 | X10: 8.91 | Y10: 3.27 | Z10: 1.35 | AA10: 1.89 | AB10: 3.12 | AC10: =INDEX(Tabela1[[#This Row],[AM ]:[SP ]],1,$AC$5)-Tabela1[[#This Row],[COFINS]]-Tabela1[[#This Row],[FOLHA]]-Tabela1[[#This Row],[OUTROS]]-Tabela1[[#This Row],[PIS]]-Tabela1[[#This Row],[LUCRO]] -> 18 | AH10: 20 | AI10: =AH10*$W$3 -> 1.4 | AJ10: =AH10-AI10 -> 18.6
C11: ANTICONCEPCIONAIS | D11: 24.74 | E11: 24.74 | F11: 24.74 | G11: 24.74 | H11: 24.74 | I11: 24.74 | J11: 25.74 | K11: 24.74 | L11: 24.74 | M11: 24.74 | N11: 24.74 | O11: 19.74 | P11: 26.74 | Q11: 24.74 | R11: 24.74 | S11: 25.74 | T11: =MIN(bdGraficoDoenças!$D11:$S11) -> 19.74 | U11: =MAX(bdGraficoDoenças!$D11:$S11) -> 26.74 | V11: =AVERAGE(bdGraficoDoenças!$D11:$S11) -> 24.6775 | W11: =+bdGraficoDoenças!$U11-bdGraficoDoenças!$T11 -> 7 | X11: 0 | Y11: 3.27 | Z11: 1.35 | AA11: 0 | AB11: 3.12 | AC11: =INDEX(Tabela1[[#This Row],[AM ]:[SP ]],1,$AC$5)-Tabela1[[#This Row],[COFINS]]-Tabela1[[#This Row],[FOLHA]]-Tabela1[[#This Row],[OUTROS]]-Tabela1[[#This Row],[PIS]]-Tabela1[[#This Row],[LUCRO]] -> 18 | AH11: 30 | AI11: =AH11*$W$3 -> 2.1 | AJ11: =AH11-AI11 -> 27.9
C12: ARRITMIA | D12: 24.74 | E12: 24.74 | F12: 24.74 | G12: 24.74 | H12: 24.74 | I12: 24.74 | J12: 25.14 | K12: 24.74 | L12: 24.74 | M12: 24.74 | N12: 24.74 | O12: 19.74 | P12: 26.74 | Q12: 24.74 | R12: 24.74 | S12: 25.74 | T12: =MIN(bdGraficoDoenças!$D12:$S12) -> 19.74 | U12: =MAX(bdGraficoDoenças!$D12:$S12) -> 26.74 | V12: =AVERAGE(bdGraficoDoenças!$D12:$S12) -> 24.64 | W12: =+bdGraficoDoenças!$U12-bdGraficoDoenças!$T12 -> 7 | X12: 0 | Y12: 3.27 | Z12: 1.35 | AA12: 0 | AB12: 3.12 | AC12: =INDEX(Tabela1[[#This Row],[AM ]:[SP ]],1,$AC$5)-Tabela1[[#This Row],[COFINS]]-Tabela1[[#This Row],[FOLHA]]-Tabela1[[#This Row],[OUTROS]]-Tabela1[[#This Row],[PIS]]-Tabela1[[#This Row],[LUCRO]] -> 18 | AH12: 50 | AI12: =AH12*$W$3 -> 3.5 | AJ12: =AH12-AI12 -> 46.5
C13: ASMA | D13: 24.74 | E13: 24.74 | F13: 24.74 | G13: 24.74 | H13: 24.74 | I13: 24.74 | J13: 25.74 | K13: 24.74 | L13: 24.74 | M13: 24.74 | N13: 24.74 | O13: 19.74 | P13: 26.74 | Q13: 24.74 | R13: 24.74 | S13: 25.74 | T13: =MIN(bdGraficoDoenças!$D13:$S13) -> 19.74 | U13: =MAX(bdGraficoDoenças!$D13:$S13) -> 26.74 | V13: =AVERAGE(bdGraficoDoenças!$D13:$S13) -> 24.6775 | W13: =+bdGraficoDoenças!$U13-bdGraficoDoenças!$T13 -> 7 | X13: 0 | Y13: 3.27 | Z13: 1.35 | AA13: 0 | AB13: 3.12 | AC13: =INDEX(Tabela1[[#This Row],[AM ]:[SP ]],1,$AC$5)-Tabela1[[#This Row],[COFINS]]-Tabela1[[#This Row],[FOLHA]]-Tabela1[[#This Row],[OUTROS]]-Tabela1[[#This Row],[PIS]]-Tabela1[[#This Row],[LUCRO]] -> 18 | AH13: 100 | AI13: =AH13*$W$3 -> 7 | AJ13: =AH13-AI13 -> 93
C14: AZIA/ MÁ DIGESTÃO | D14: 36.74 | E14: 36.74 | F14: 36.74 | G14: 36.74 | H14: 36.74 | I14: 36.74 | J14: 36.24 | K14: 36.74 | L14: 36.74 | M14: 36.74 | N14: 36.74 | O14: 31.74 | P14: 38.74 | Q14: 36.74 | R14: 36.74 | S14: 37.74 | T14: =MIN(bdGraficoDoenças!$D14:$S14) -> 31.74 | U14: =MAX(bdGraficoDoenças!$D14:$S14) -> 38.74 | V14: =AVERAGE(bdGraficoDoenças!$D14:$S14) -> 36.58375 | W14: =+bdGraficoDoenças!$U14-bdGraficoDoenças!$T14 -> 7 | X14: 9.9 | Y14: 3.27 | Z14: 1.35 | AA14: 2.1 | AB14: 3.12 | AC14: =INDEX(Tabela1[[#This Row],[AM ]:[SP ]],1,$AC$5)-Tabela1[[#This Row],[COFINS]]-Tabela1[[#This Row],[FOLHA]]-Tabela1[[#This Row],[OUTROS]]-Tabela1[[#This Row],[PIS]]-Tabela1[[#This Row],[LUCRO]] -> 18
C15: BRONQUITE | D15: 31.406667 | E15: 31.406667 | F15: 31.406667 | G15: 31.406667 | H15: 31.406667 | I15: 31.406667 | J15: 32.406667 | K15: 31.406667 | L15: 31.406667 | M15: 31.406667 | N15: 31.406667 | O15: 26.406667 | P15: 33.406667 | Q15: 31.406667 | R15: 31.406667 | S15: 32.406667 | T15: =MIN(bdGraficoDoenças!$D15:$S15) -> 26.406667 | U15: =MAX(bdGraficoDoenças!$D15:$S15) -> 33.406667 | V15: =AVERAGE(bdGraficoDoenças!$D15:$S15) -> 31.344167 | W15: =+bdGraficoDoenças!$U15-bdGraficoDoenças!$T15 -> 7 | X15: 5.5 | Y15: 3.27 | Z15: 1.35 | AA15: 1.1666667 | AB15: 3.12 | AC15: =INDEX(Tabela1[[#This Row],[AM ]:[SP ]],1,$AC$5)-Tabela1[[#This Row],[COFINS]]-Tabela1[[#This Row],[FOLHA]]-Tabela1[[#This Row],[OUTROS]]-Tabela1[[#This Row],[PIS]]-Tabela1[[#This Row],[LUCRO]] -> 18
C16: CARDIOPATIAS | D16: 24.74 | E16: 24.74 | F16: 24.74 | G16: 24.74 | H16: 24.74 | I16: 24.74 | J16: 23.74 | K16: 24.74 | L16: 24.74 | M16: 24.74 | N16: 24.74 | O16: 19.74 | P16: 26.74 | Q16: 24.74 | R16: 24.74 | S16: 25.74 | T16: =MIN(bdGraficoDoenças!$D16:$S16) -> 19.74 | U16: =MAX(bdGraficoDoenças!$D16:$S16) -> 26.74 | V16: =AVERAGE(bdGraficoDoenças!$D16:$S16) -> 24.5525 | W16: =+bdGraficoDoenças!$U16-bdGraficoDoenças!$T16 -> 7 | X16: 0 | Y16: 3.27 | Z16: 1.35 | AA16: 0 | AB16: 3.12 | AC16: =INDEX(Tabela1[[#This Row],[AM ]:[SP ]],1,$AC$5)-Tabela1[[#This Row],[COFINS]]-Tabela1[[#This Row],[FOLHA]]-Tabela1[[#This Row],[OUTROS]]-Tabela1[[#This Row],[PIS]]-Tabela1[[#This Row],[LUCRO]] -> 18
C17: COLESTEROL | D17: 25.94 | E17: 25.94 | F17: 25.94 | G17: 25.94 | H17: 25.94 | I17: 25.94 | J17: 24.54 | K17: 25.94 | L17: 25.94 | M17: 25.94 | N17: 25.94 | O17: 20.94 | P17: 27.94 | Q17: 25.94 | R17: 25.94 | S17: 26.94 | T17: =MIN(bdGraficoDoenças!$D17:$S17) -> 20.94 | U17: =MAX(bdGraficoDoenças!$D17:$S17) -> 27.94 | V17: =AVERAGE(bdGraficoDoenças!$D17:$S17) -> 25.7275 | W17: =+bdGraficoDoenças!$U17-bdGraficoDoenças!$T17 -> 7 | X17: 0.99 | Y17: 3.27 | Z17: 1.35 | AA17: 0.21 | AB17: 3.12 | AC17: =INDEX(Tabela1[[#This Row],[AM ]:[SP ]],1,$AC$5)-Tabela1[[#This Row],[COFINS]]-Tabela1[[#This Row],[FOLHA]]-Tabela1[[#This Row],[OUTROS]]-Tabela1[[#This Row],[PIS]]-Tabela1[[#This Row],[LUCRO]] -> 18
C18: CÓLICAS MENSTRUAIS | D18: 35.54 | E18: 35.54 | F18: 35.54 | G18: 35.54 | H18: 35.54 | I18: 35.54 | J18: 35.94 | K18: 35.54 | L18: 35.54 | M18: 35.54 | N18: 35.54 | O18: 30.54 | P18: 37.54 | Q18: 35.54 | R18: 35.54 | S18: 36.54 | T18: =MIN(bdGraficoDoenças!$D18:$S18) -> 30.54 | U18: =MAX(bdGraficoDoenças!$D18:$S18) -> 37.54 | V18: =AVERAGE(bdGraficoDoenças!$D18:$S18) -> 35.44 | W18: =+bdGraficoDoenças!$U18-bdGraficoDoenças!$T18 -> 7 | X18: 8.91 | Y18: 3.27 | Z18: 1.35 | AA18: 1.89 | AB18: 3.12 | AC18: =INDEX(Tabela1[[#This Row],[AM ]:[SP ]],1,$AC$5)-Tabela1[[#This Row],[COFINS]]-Tabela1[[#This Row],[FOLHA]]-Tabela1[[#This Row],[OUTROS]]-Tabela1[[#This Row],[PIS]]-Tabela1[[#This Row],[LUCRO]] -> 18
C19: CONJUNTIVITE | D19: 27.406667 | E19: 27.406667 | F19: 27.406667 | G19: 27.406667 | H19: 27.406667 | I19: 27.406667 | J19: 27.74 | K19: 27.406667 | L19: 27.406667 | M19: 27.406667 | N19: 27.406667 | O19: 22.406667 | P19: 29.406667 | Q19: 27.406667 | R19: 27.406667 | S19: 28.406667 | T19: =MIN(bdGraficoDoenças!$D19:$S19) -> 22.406667 | U19: =MAX(bdGraficoDoenças!$D19:$S19) -> 29.406667 | V19: =AVERAGE(bdGraficoDoenças!$D19:$S19) -> 27.3025 | W19: =+bdGraficoDoenças!$U19-bdGraficoDoenças!$T19 -> 7 | X19: 2.2 | Y19: 3.27 | Z19: 1.35 | AA19: 0.46666667 | AB19: 3.12 | AC19: =INDEX(Tabela1[[#This Row],[AM ]:[SP ]],1,$AC$5)-Tabela1[[#This Row],[COFINS]]-Tabela1[[#This Row],[FOLHA]]-Tabela1[[#This Row],[OUTROS]]-Tabela1[[#This Row],[PIS]]-Tabela1[[#This Row],[LUCRO]] -> 18
C20: DEPRESSÃO | D20: 24.74 | E20: 24.74 | F20: 24.74 | G20: 24.74 | H20: 24.74 | I20: 24.74 | J20: 22.74 | K20: 24.74 | L20: 24.74 | M20: 24.74 | N20: 24.74 | O20: 19.74 | P20: 26.74 | Q20: 24.74 | R20: 24.74 | S20: 25.74 | T20: =MIN(bdGraficoDoenças!$D20:$S20) -> 19.74 | U20: =MAX(bdGraficoDoenças!$D20:$S20) -> 26.74 | V20: =AVERAGE(bdGraficoDoenças!$D20:$S20) -> 24.49 | W20: =+bdGraficoDoenças!$U20-bdGraficoDoenças!$T20 -> 7 | X20: 0 | Y20: 3.27 | Z20: 1.35 | AA20: 0 | AB20: 3.12 | AC20: =INDEX(Tabela1[[#This Row],[AM ]:[SP ]],1,$AC$5)-Tabela1[[#This Row],[COFINS]]-Tabela1[[#This Row],[FOLHA]]-Tabela1[[#This Row],[OUTROS]]-Tabela1[[#This Row],[PIS]]-Tabela1[[#This Row],[LUCRO]] -> 18
C21: DIABETES | D21: 24.74 | E21: 24.74 | F21: 24.74 | G21: 24.74 | H21: 24.74 | I21: 24.74 | J21: 22.74 | K21: 24.74 | L21: 24.74 | M21: 24.74 | N21: 24.74 | O21: 19.74 | P21: 26.74 | Q21: 24.74 | R21: 24.74 | S21: 25.74 | T21: =MIN(bdGraficoDoenças!$D21:$S21) -> 19.74 | U21: =MAX(bdGraficoDoenças!$D21:$S21) -> 26.74 | V21: =AVERAGE(bdGraficoDoenças!$D21:$S21) -> 24.49 | W21: =+bdGraficoDoenças!$U21-bdGraficoDoenças!$T21 -> 7 | X21: 0 | Y21: 3.27 | Z21: 1.35 | AA21: 0 | AB21: 3.12 | AC21: =INDEX(Tabela1[[#This Row],[AM ]:[SP ]],1,$AC$5)-Tabela1[[#This Row],[COFINS]]-Tabela1[[#This Row],[FOLHA]]-Tabela1[[#This Row],[OUTROS]]-Tabela1[[#This Row],[PIS]]-Tabela1[[#This Row],[LUCRO]] -> 18
C22: DISENTERIA/ DIARRÉIA | D22: 34.34 | E22: 34.34 | F22: 34.34 | G22: 34.34 | H22: 34.34 | I22: 34.34 | J22: 34.74 | K22: 34.34 | L22: 34.34 | M22: 34.34 | N22: 34.34 | O22: 29.34 | P22: 36.34 | Q22: 34.34 | R22: 34.34 | S22: 35.34 | T22: =MIN(bdGraficoDoenças!$D22:$S22) -> 29.34 | U22: =MAX(bdGraficoDoenças!$D22:$S22) -> 36.34 | V22: =AVERAGE(bdGraficoDoenças!$D22:$S22) -> 34.24 | W22: =+bdGraficoDoenças!$U22-bdGraficoDoenças!$T22 -> 7 | X22: 7.92 | Y22: 3.27 | Z22: 1.35 | AA22: 1.68 | AB22: 3.12 | AC22: =INDEX(Tabela1[[#This Row],[AM ]:[SP ]],1,$AC$5)-Tabela1[[#This Row],[COFINS]]-Tabela1[[#This Row],[FOLHA]]-Tabela1[[#This Row],[OUTROS]]-Tabela1[[#This Row],[PIS]]-Tabela1[[#This Row],[LUCRO]] -> 18
C23: DISFUNÇÃO ERÉTIL | D23: 35.54 | E23: 35.54 | F23: 35.54 | G23: 35.54 | H23: 35.54 | I23: 35.54 | J23: 31.74 | K23: 35.54 | L23: 35.54 | M23: 35.54 | N23: 35.54 | O23: 30.54 | P23: 37.54 | Q23: 35.54 | R23: 35.54 | S23: 36.54 | T23: =MIN(bdGraficoDoenças!$D23:$S23) -> 30.54 | U23: =MAX(bdGraficoDoenças!$D23:$S23) -> 37.54 | V23: =AVERAGE(bdGraficoDoenças!$D23:$S23) -> 35.1775 | W23: =+bdGraficoDoenças!$U23-bdGraficoDoenças!$T23 -> 7 | X23: 8.91 | Y23: 3.27 | Z23: 1.35 | AA23: 1.89 | AB23: 3.12 | AC23: =INDEX(Tabela1[[#This Row],[AM ]:[SP ]],1,$AC$5)-Tabela1[[#This Row],[COFINS]]-Tabela1[[#This Row],[FOLHA]]-Tabela1[[#This Row],[OUTROS]]-Tabela1[[#This Row],[PIS]]-Tabela1[[#This Row],[LUCRO]] -> 18
C24: DISTÚRBIOS CIRCULATÓRIOS | D24: 35.025714 | E24: 35.025714 | F24: 35.025714 | G24: 35.025714 | H24: 35.025714 | I24: 35.025714 | J24: 35.168571 | K24: 35.025714 | L24: 35.025714 | M24: 35.025714 | N24: 35.025714 | O24: 30.025714 | P24: 37.025714 | Q24: 35.025714 | R24: 35.025714 | S24: 36.025714 | T24: =MIN(bdGraficoDoenças!$D24:$S24) -> 30.025714 | U24: =MAX(bdGraficoDoenças!$D24:$S24) -> 37.025714 | V24: =AVERAGE(bdGraficoDoenças!$D24:$S24) -> 34.909643 | W24: =+bdGraficoDoenças!$U24-bdGraficoDoenças!$T24 -> 7 | X24: 8.4857143 | Y24: 3.27 | Z24: 1.35 | AA24: 1.8 | AB24: 3.12 | AC24: =INDEX(Tabela1[[#This Row],[AM ]:[SP ]],1,$AC$5)-Tabela1[[#This Row],[COFINS]]-Tabela1[[#This Row],[FOLHA]]-Tabela1[[#This Row],[OUTROS]]-Tabela1[[#This Row],[PIS]]-Tabela1[[#This Row],[LUCRO]] -> 18
C25: DOENÇAS PULMONARES - GERAL | D25: 31.94 | E25: 31.94 | F25: 31.94 | G25: 31.94 | H25: 31.94 | I25: 31.94 | J25: 32.34 | K25: 31.94 | L25: 31.94 | M25: 31.94 | N25: 31.94 | O25: 26.94 | P25: 33.94 | Q25: 31.94 | R25: 31.94 | S25: 32.94 | T25: =MIN(bdGraficoDoenças!$D25:$S25) -> 26.94 | U25: =MAX(bdGraficoDoenças!$D25:$S25) -> 33.94 | V25: =AVERAGE(bdGraficoDoenças!$D25:$S25) -> 31.84 | W25: =+bdGraficoDoenças!$U25-bdGraficoDoenças!$T25 -> 7 | X25: 5.94 | Y25: 3.27 | Z25: 1.35 | AA25: 1.26 | AB25: 3.12 | AC25: =INDEX(Tabela1[[#This Row],[AM ]:[SP ]],1,$AC$5)-Tabela1[[#This Row],[COFINS]]-Tabela1[[#This Row],[FOLHA]]-Tabela1[[#This Row],[OUTROS]]-Tabela1[[#This Row],[PIS]]-Tabela1[[#This Row],[LUCRO]] -> 18
... C52: TRH - MENOPAUSA | D52: 24.74 | E52: 24.74 | F52: 24.74 | G52: 24.74 | H52: 24.74 | I52: 24.74 | J52: 25.74 | K52: 24.74 | L52: 24.74 | M52: 24.74 | N52: 24.74 | O52: 19.74 | P52: 26.74 | Q52: 24.74 | R52: 24.74 | S52: 25.74 | T52: =MIN(bdGraficoDoenças!$D52:$S52) -> 19.74 | U52: =MAX(bdGraficoDoenças!$D52:$S52) -> 26.74 | V52: =AVERAGE(bdGraficoDoenças!$D52:$S52) -> 24.6775 | W52: =+bdGraficoDoenças!$U52-bdGraficoDoenças!$T52 -> 7 | X52: 0 | Y52: 3.27 | Z52: 1.35 | AA52: 0 | AB52: 3.12 | AC52: =INDEX(Tabela1[[#This Row],[AM ]:[SP ]],1,$AC$5)-Tabela1[[#This Row],[COFINS]]-Tabela1[[#This Row],[FOLHA]]-Tabela1[[#This Row],[OUTROS]]-Tabela1[[#This Row],[PIS]]-Tabela1[[#This Row],[LUCRO]] -> 18
C53: MÉDIA DE TODAS AS DOENÇAS | D53: =AVERAGE(D7:D52) -> 30.716073 | E53: =AVERAGE(E7:E52) -> 30.716073 | F53: =AVERAGE(F7:F52) -> 30.716073 | G53: =AVERAGE(G7:G52) -> 30.716073 | H53: =AVERAGE(H7:H52) -> 30.716073 | I53: =AVERAGE(I7:I52) -> 30.716073 | J53: =AVERAGE(J7:J52) -> 30.495035 | K53: =AVERAGE(K7:K52) -> 30.716073 | ... S53: =AVERAGE(S7:S52) -> 31.716073 | T53: =MIN(bdGraficoDoenças!$D53:$S53) -> 25.716073 | U53: =MAX(bdGraficoDoenças!$D53:$S53) -> 32.716073 | V53: =AVERAGE(bdGraficoDoenças!$D53:$S53) -> 30.577258 | W53: =+bdGraficoDoenças!$U53-bdGraficoDoenças!$T53 -> 7 | X53: =AVERAGE(X7:X52) -> 4.9301242 | Y53: =AVERAGE(Y7:Y52) -> 3.27 | Z53: =AVERAGE(Z7:Z52) -> 1.35 | AA53: =AVERAGE(AA7:AA52) -> 1.0459486 | AB53: =AVERAGE(AB7:AB52) -> 3.12 | AC53: =INDEX(Tabela1[[#This Row],[AM ]:[SP ]],1,$AC$5)-Tabela1[[#This Row],[COFINS]]-Tabela1[[#This Row],[FOLHA]]-Tabela1[[#This Row],[OUTROS]]-Tabela1[[#This Row],[PIS]]-Tabela1[[#This Row],[LUCRO]] -> 18
AC54: =SUBTOTAL(101,Tabela1[ICMS]) -> 18
S57: =489.16/16 -> 30.5725

Sheet GRUPO DOENCAS
R3: COFINS | S3: FOLHA | T3: OUTROS | U3: PIS | V3: LUCRO
A6: VISÃO DOENÇA E LABORATÓRIO | B6: Média de MÉDIA GERAL
A7: HIPERTENSÃO | B7: 24.34
A8: DEPRESSÃO | B8: 24.49
A9: DIABETES | B9: 24.49
A10: GOTA | B10: 24.5275
A11: CARDIOPATIAS | B11: 24.5525
A12: ALZHEIMER | B12: 24.6025
A13: TRATAMENTO OSTEOPOROSE | B13: 24.64
A14: ARRITMIA | B14: 24.64
A15: ANTICONCEPCIONAIS | B15: 24.6775
A16: ASMA | B16: 24.6775
A17: PARKINSON | B17: 24.6775
A18: TRH - MENOPAUSA | B18: 24.6775
... A52: GRIPE E RESFRIADO | B52: 36.6775

Sheet Visão Doenças
R3: COFINS | S3: FOLHA | T3: OUTROS | U3: PIS | V3: LUCRO
B6: Valores
A7: VISÃO DOENÇA E LABORATÓRIO | B7: Média de TOTAL AM | C7: BA | D7: CE | E7: DF | F7: ES | G7: GO | H7: MG | I7: MS | J7: MT | K7: PA | L7: PE | M7: PR | N7: RJ | O7: RS | P7: SC | Q7: SP | R7: COFINS | S7: FOLHA | T7: OUTROS | U7: PIS | V7: LUCRO
A8: ACNE | B8: 30.74 | C8: 30.74 | D8: 30.74 | E8: 30.74 | F8: 30.74 | G8: 30.74 | H8: 29.74 | I8: 30.74 | J8: 30.74 | K8: 30.74 | L8: 30.74 | M8: 25.74 | N8: 32.74 | O8: 30.74 | P8: 30.74 | Q8: 31.74 | R8: 4.95 | S8: 3.27 | T8: 1.35 | U8: 1.05 | V8: 3.12
A9: ALERGIA | B9: 34.073333 | C9: 34.073333 | D9: 34.073333 | E9: 34.073333 | F9: 34.073333 | G9: 34.073333 | H9: 34.406667 | I9: 34.073333 | J9: 34.073333 | K9: 34.073333 | L9: 34.073333 | M9: 29.073333 | N9: 36.073333 | O9: 34.073333 | P9: 34.073333 | Q9: 35.073333 | R9: 7.7 | S9: 3.27 | T9: 1.35 | U9: 1.6333333 | V9: 3.12
A10: ALZHEIMER | B10: 24.74 | C10: 24.74 | D10: 24.74 | E10: 24.74 | F10: 24.74 | G10: 24.74 | H10: 24.54 | I10: 24.74 | J10: 24.74 | K10: 24.74 | L10: 24.74 | M10: 19.74 | N10: 26.74 | O10: 24.74 | P10: 24.74 | Q10: 25.74 | R10: 0 | S10: 3.27 | T10: 1.35 | U10: 0 | V10: 3.12
A11: ANEMIA | B11: 35.54 | C11: 35.54 | D11: 35.54 | E11: 35.54 | F11: 35.54 | G11: 35.54 | H11: 36.54 | I11: 35.54 | J11: 35.54 | K11: 35.54 | L11: 35.54 | M11: 30.54 | N11: 37.54 | O11: 35.54 | P11: 35.54 | Q11: 36.54 | R11: 8.91 | S11: 3.27 | T11: 1.35 | U11: 1.89 | V11: 3.12
A12: ANTICONCEPCIONAIS | B12: 24.74 | C12: 24.74 | D12: 24.74 | E12: 24.74 | F12: 24.74 | G12: 24.74 | H12: 25.74 | I12: 24.74 | J12: 24.74 | K12: 24.74 | L12: 24.74 | M12: 19.74 | N12: 26.74 | O12: 24.74 | P12: 24.74 | Q12: 25.74 | R12: 0 | S12: 3.27 | T12: 1.35 | U12: 0 | V12: 3.12
A13: ARRITMIA | B13: 24.74 | C13: 24.74 | D13: 24.74 | E13: 24.74 | F13: 24.74 | G13: 24.74 | H13: 25.14 | I13: 24.74 | J13: 24.74 | K13: 24.74 | L13: 24.74 | M13: 19.74 | N13: 26.74 | O13: 24.74 | P13: 24.74 | Q13: 25.74 | R13: 0 | S13: 3.27 | T13: 1.35 | U13: 0 | V13: 3.12
A14: ASMA | B14: 24.74 | C14: 24.74 | D14: 24.74 | E14: 24.74 | F14: 24.74 | G14: 24.74 | H14: 25.74 | I14: 24.74 | J14: 24.74 | K14: 24.74 | L14: 24.74 | M14: 19.74 | N14: 26.74 | O14: 24.74 | P14: 24.74 | Q14: 25.74 | R14: 0 | S14: 3.27 | T14: 1.35 | U14: 0 | V14: 3.12
A15: AZIA/ MÁ DIGESTÃO | B15: 36.74 | C15: 36.74 | D15: 36.74 | E15: 36.74 | F15: 36.74 | G15: 36.74 | H15: 36.24 | I15: 36.74 | J15: 36.74 | K15: 36.74 | L15: 36.74 | M15: 31.74 | N15: 38.74 | O15: 36.74 | P15: 36.74 | Q15: 37.74 | R15: 9.9 | S15: 3.27 | T15: 1.35 | U15: 2.1 | V15: 3.12
A16: BRONQUITE | B16: 31.406667 | C16: 31.406667 | D16: 31.406667 | E16: 31.406667 | F16: 31.406667 | G16: 31.406667 | H16: 32.406667 | I16: 31.406667 | J16: 31.406667 | K16: 31.406667 | L16: 31.406667 | M16: 26.406667 | N16: 33.406667 | O16: 31.406667 | P16: 31.406667 | Q16: 32.406667 | R16: 5.5 | S16: 3.27 | T16: 1.35 | U16: 1.1666667 | V16: 3.12
A17: CARDIOPATIAS | B17: 24.74 | C17: 24.74 | D17: 24.74 | E17: 24.74 | F17: 24.74 | G17: 24.74 | H17: 23.74 | I17: 24.74 | J17: 24.74 | K17: 24.74 | L17: 24.74 | M17: 19.74 | N17: 26.74 | O17: 24.74 | P17: 24.74 | Q17: 25.74 | R17: 0 | S17: 3.27 | T17: 1.35 | U17: 0 | V17: 3.12
A18: COLESTEROL | B18: 25.94 | C18: 25.94 | D18: 25.94 | E18: 25.94 | F18: 25.94 | G18: 25.94 | H18: 24.54 | I18: 25.94 | J18: 25.94 | K18: 25.94 | L18: 25.94 | M18: 20.94 | N18: 27.94 | O18: 25.94 | P18: 25.94 | Q18: 26.94 | R18: 0.99 | S18: 3.27 | T18: 1.35 | U18: 0.21 | V18: 3.12
A19: CÓLICAS MENSTRUAIS | B19: 35.54 | C19: 35.54 | D19: 35.54 | E19: 35.54 | F19: 35.54 | G19: 35.54 | H19: 35.94 | I19: 35.54 | J19: 35.54 | K19: 35.54 | L19: 35.54 | M19: 30.54 | N19: 37.54 | O19: 35.54 | P19: 35.54 | Q19: 36.54 | R19: 8.91 | S19: 3.27 | T19: 1.35 | U19: 1.89 | V19: 3.12
... A54: Total Geral | B54: 30.57713 | C54: 30.57713 | D54: 30.57713 | E54: 30.57713 | F54: 30.57713 | G54: 30.57713 | H54: 30.347062 | I54: 30.57713 | J54: 30.57713 | K54: 30.57713 | L54: 30.57713 | M54: 25.57713 | N54: 32.57713 | O54: 30.57713 | P54: 30.57713 | Q54: 31.57713 | R54: 4.8154897 | S54: 3.27 | T54: 1.35 | U54: 1.0216401 | V54: 3.12

Sheet GráficoDoenças
AE12: 9

Sheet Carga Tributária doenças Po (2
AD3: I = Lista Positiva – Monodroga
AD4: II = Lista Positiva - Associações
AD5: III – Lista Positiva – Soluções Parenterais
AD6: N = Lista Negativa
AD7: NA = Lista Neutra
B9: 1 | C9: =+B9+1 -> 2 | D9: =+C9+1 -> 3 | E9: =+D9+1 -> 4 | F9: =+E9+1 -> 5 | G9: =+F9+1 -> 6 | H9: =+G9+1 -> 7 | I9: =+H9+1 -> 8 | J9: =+I9+1 -> 9 | ... AA9: =+Z9+1 -> 26 | AE9: =+AA9+1 -> 27 | AF9: =+AE9+1 -> 28 | AG9: =+AF9+1 -> 29 | AH9: =+AG9+1 -> 30 | AI9: =+AH9+1 -> 31 | AJ9: =+AI9+1 -> 32 | AK9: =+AJ9+1 -> 33 | AL9: =+AK9+1 -> 34 | AM9: =+AL9+1 -> 35 | ... BV9: =+BU9+1 -> 70
B10: id | C10: NCM | D10: EX_TIPI | E10: DATA REFERENCIA | F10: CodigoGGREM | G10: CodigoEAN | H10: RegitroMinisterioDaSaude | I10: ProdutoNome | J10: APRESENTAÇÕES | K10: SUBSTANCIA | L10: SUBST_1 | M10: SUBST_2 | N10: SUBST_3 | O10: SUBST_4 | P10: SUBST_5 | Q10: SUBST_52 | R10: LABORATÓRIOS | S10: LaboratorioNome | T10: LaboratorioCNPJ | U10: SUBST_6 | V10: 1 | W10: 2 | X10: 3 | Y10: 4 | Z10: ISENÇÃO DE PIS E COFINS | AA10: DESCRIÇÃO DA CLASSE TERAPÊUTICA | AB10: CAS | AC10: TARJA | AD10: LCCT | AE10: ETICO ou POP | AF10: S / G / M / R | AG10: MAT ~ 05/2014 Unidades (Caixas) | AH10: MAT ~ 05/2014 Dólares (US$) | AI10: MAT ~ 05/2014 Reais (R$) | AJ10: GRUPO | AK10: PIS | AL10: COFINS | AM10: CONTRIB. FOLHA | AN10: TRIBUTOS S/ LUCRO | AO10: OUTROS | AP10: SP | AQ10: PR | AR10: SC | AS10: RS | AT10: RJ | AU10: MG | AV10: ES | AW10: GO | AX10: MT | AY10: MS | AZ10: DF | BA10: BA | BB10: CE | BC10: PE | BD10: PA | BE10: AM | BF10: TOTAL SP | BG10: TOTAL PR | BH10: TOTAL SC | BI10: TOTAL RS | BJ10: TOTAL RJ | BK10: TOTAL MG | BL10: TOTAL ES | BM10: TOTAL GO | BN10: TOTAL MT | BO10: TOTAL MS | BP10: TOTAL DF | BQ10: TOTAL BA | BR10: TOTAL CE | BS10: TOTAL PE | BT10: TOTAL PA | BU10: TOTAL AM | BV10: MÉDIA GERAL | BW10: Colunas1 | BX10: MÉDIA EM CAIXAS EM R$
B11: 2516 | C11: 30049099 | E11: 20140626 | F11: 514000101135410 | G11: 7893454300115 | H11: 1044000050021 | I11: ACERATUM | J11: ACERATUM GOTAS OTO. 10 ML x 1 | K11: Peroxido de Carbamida | L11: PEROXIDO DE CARBAMIDA | R11: DELTA | S11: INSTITUTO TERAPEUTICO DELTA LTDA | T11: 33173097000193 | U11: =TRIM('Carga Tributária doenças Po (2'!$L11) -> PEROXIDO DE CARBAMIDA | V11: =SUMIFS('Tabela Federal'!$E$4:$E$2069,'Tabela Federal'!$D$4:$D$2069,'Carga Tributária doenças Po (2'!$L11) -> 0 | W11: =SUMIFS('Tabela Federal'!$E$4:$E$2069,'Tabela Federal'!$D$4:$D$2069,'Carga Tributária doenças Po (2'!$M11) -> 0 | X11: =SUMIFS('Tabela Federal'!$E$4:$E$2069,'Tabela Federal'!$D$4:$D$2069,'Carga Tributária doenças Po (2'!$N11) -> 0 | Y11: =SUMIFS('Tabela Federal'!$E$4:$E$2069,'Tabela Federal'!$D$4:$D$2069,'Carga Tributária doenças Po (2'!$O11) -> 0 | Z11: =VLOOKUP('Carga Tributária doenças Po (2'!$AD11,'Carga Tributária doenças Po (2'!$CA$12:$CC$16,2,0) -> - | AA11: P.P/REMOìAO CERA OUVIDOS | AB11: 124-43-6 | AC11: Venda Livre | AD11: N | AE11: P | AF11: M | AG11: 485233 | AH11: 2191922 | AI11: 5011942.2 | AJ11: DOR DE OUVIDO | AK11: =IF('Carga Tributária doenças Po (2'!$Z11="+",0,SUMIFS(PISCOFINS!$I$3:$I$10518,PISCOFINS!$C$3:$C$10518,'Carga Tributária doenças Po (2'!$C11)) -> 2.1 | AL11: =IF('Carga Tributária doenças Po (2'!$Z11="+",0,SUMIFS(PISCOFINS!$H$3:$H$10518,PISCOFINS!$C$3:$C$10518,'Carga Tributária doenças Po (2'!$C11)) -> 9.9 | AM11: 3.27 | AN11: 3.12 | AO11: 1.35 | AP11: 18 | AQ11: 12 | AR11: 17 | AS11: 17 | AT11: 19 | AU11: 18 | AV11: 17 | AW11: 17 | AX11: 17 | AY11: 17 | AZ11: 17 | BA11: 17 | BB11: 17 | BC11: 17 | BD11: 17 | BE11: 17 | BF11: =+Tabela1107[[#This Row],[PIS]]+Tabela1107[[#This Row],[COFINS]]+Tabela1107[[#This Row],[CONTRIB. FOLHA]]+Tabela1107[[#This Row],[TRIBUTOS S/ LUCRO]]+Tabela1107[[#This Row],[OUTROS]]+Tabela1107[[#This Row],[SP]] -> 37.74 | BG11: =+Tabela1107[[#This Row],[PIS]]+Tabela1107[[#This Row],[COFINS]]+Tabela1107[[#This Row],[CONTRIB. FOLHA]]+Tabela1107[[#This Row],[TRIBUTOS S/ LUCRO]]+Tabela1107[[#This Row],[OUTROS]]+Tabela1107[[#This Row],[PR]] -> 31.74 | BH11: =+Tabela1107[[#This Row],[PIS]]+Tabela1107[[#This Row],[COFINS]]+Tabela1107[[#This Row],[CONTRIB. FOLHA]]+Tabela1107[[#This Row],[TRIBUTOS S/ LUCRO]]+Tabela1107[[#This Row],[OUTROS]]+Tabela1107[[#This Row],[SC]] -> 36.74 | BI11: =+Tabela1107[[#This Row],[PIS]]+Tabela1107[[#This Row],[COFINS]]+Tabela1107[[#This Row],[CONTRIB. FOLHA]]+Tabela1107[[#This Row],[TRIBUTOS S/ LUCRO]]+Tabela1107[[#This Row],[OUTROS]]+Tabela1107[[#This Row],[RS]] -> 36.74 | BJ11: =+Tabela1107[[#This Row],[PIS]]+Tabela1107[[#This Row],[COFINS]]+Tabela1107[[#This Row],[CONTRIB. FOLHA]]+Tabela1107[[#This Row],[TRIBUTOS S/ LUCRO]]+Tabela1107[[#This Row],[OUTROS]]+Tabela1107[[#This Row],[RJ]] -> 38.74 | BK11: =+Tabela1107[[#This Row],[PIS]]+Tabela1107[[#This Row],[COFINS]]+Tabela1107[[#This Row],[CONTRIB. FOLHA]]+Tabela1107[[#This Row],[TRIBUTOS S/ LUCRO]]+Tabela1107[[#This Row],[OUTROS]]+Tabela1107[[#This Row],[MG]] -> 37.74 | BL11: =+Tabela1107[[#This Row],[PIS]]+Tabela1107[[#This Row],[COFINS]]+Tabela1107[[#This Row],[CONTRIB. FOLHA]]+Tabela1107[[#This Row],[TRIBUTOS S/ LUCRO]]+Tabela1107[[#This Row],[OUTROS]]+Tabela1107[[#This Row],[ES]] -> 36.74 | BM11: =+Tabela1107[[#This Row],[PIS]]+Tabela1107[[#This Row],[COFINS]]+Tabela1107[[#This Row],[CONTRIB. FOLHA]]+Tabela1107[[#This Row],[TRIBUTOS S/ LUCRO]]+Tabela1107[[#This Row],[OUTROS]]+Tabela1107[[#This Row],[GO]] -> 36.74 | BN11: =+Tabela1107[[#This Row],[PIS]]+Tabela1107[[#This Row],[COFINS]]+Tabela1107[[#This Row],[CONTRIB. FOLHA]]+Tabela1107[[#This Row],[TRIBUTOS S/ LUCRO]]+Tabela1107[[#This Row],[OUTROS]]+Tabela1107[[#This Row],[MT]] -> 36.74 | BO11: =+Tabela1107[[#This Row],[PIS]]+Tabela1107[[#This Row],[COFINS]]+Tabela1107[[#This Row],[CONTRIB. FOLHA]]+Tabela1107[[#This Row],[TRIBUTOS S/ LUCRO]]+Tabela1107[[#This Row],[OUTROS]]+Tabela1107[[#This Row],[MS]] -> 36.74 | BP11: =+Tabela1107[[#This Row],[PIS]]+Tabela1107[[#This Row],[COFINS]]+Tabela1107[[#This Row],[CONTRIB. FOLHA]]+Tabela1107[[#This Row],[TRIBUTOS S/ LUCRO]]+Tabela1107[[#This Row],[OUTROS]]+Tabela1107[[#This Row],[DF]] -> 36.74 | BQ11: =+Tabela1107[[#This Row],[PIS]]+Tabela1107[[#This Row],[COFINS]]+Tabela1107[[#This Row],[CONTRIB. FOLHA]]+Tabela1107[[#This Row],[TRIBUTOS S/ LUCRO]]+Tabela1107[[#This Row],[OUTROS]]+Tabela1107[[#This Row],[BA]] -> 36.74 | BR11: =+Tabela1107[[#This Row],[PIS]]+Tabela1107[[#This Row],[COFINS]]+Tabela1107[[#This Row],[CONTRIB. FOLHA]]+Tabela1107[[#This Row],[TRIBUTOS S/ LUCRO]]+Tabela1107[[#This Row],[OUTROS]]+Tabela1107[[#This Row],[BA]] -> 36.74 | BS11: =+Tabela1107[[#This Row],[PIS]]+Tabela1107[[#This Row],[COFINS]]+Tabela1107[[#This Row],[CONTRIB. FOLHA]]+Tabela1107[[#This Row],[TRIBUTOS S/ LUCRO]]+Tabela1107[[#This Row],[OUTROS]]+Tabela1107[[#This Row],[PE]] -> 36.74 | BT11: =+Tabela1107[[#This Row],[PIS]]+Tabela1107[[#This Row],[COFINS]]+Tabela1107[[#This Row],[CONTRIB. FOLHA]]+Tabela1107[[#This Row],[TRIBUTOS S/ LUCRO]]+Tabela1107[[#This Row],[OUTROS]]+Tabela1107[[#This Row],[PA]] -> 36.74 | BU11: =+Tabela1107[[#This Row],[PIS]]+Tabela1107[[#This Row],[COFINS]]+Tabela1107[[#This Row],[CONTRIB. FOLHA]]+Tabela1107[[#This Row],[TRIBUTOS S/ LUCRO]]+Tabela1107[[#This Row],[OUTROS]]+Tabela1107[[#This Row],[AM]] -> 36.74 | BV11: =AVERAGE(Tabela1107[[#This Row],[TOTAL SP]:[TOTAL AM]]) -> 36.6775 | CA11: Colunas1 | CB11: Colunas2 | CC11: Colunas3
B12: 17097 | C12: 30049099 | E12: 20140626 | F12: 520728501161114 | G12: 7896112123026 | H12: 1037004790019 | I12: ACETATO DE DEXAMETASONA | J12: AC DEXAMETASONAASONA MG CREME. 1 MG 10 G x 1 (/G) | K12: Dexametasona | L12: DEXAMETASONA | R12: TEUTO BRASILEIRO | S12: LABORATÓRIO TEUTO BRASILEIRO S/A | T12: 17159229000176 | U12: =TRIM('Carga Tributária doenças Po (2'!$L12) -> DEXAMETASONA | V12: =SUMIFS('Tabela Federal'!$E$4:$E$2069,'Tabela Federal'!$D$4:$D$2069,'Carga Tributária doenças Po (2'!$L12) -> 10 | W12: =SUMIFS('Tabela Federal'!$E$4:$E$2069,'Tabela Federal'!$D$4:$D$2069,'Carga Tributária doenças Po (2'!$M12) -> 0 | X12: =SUMIFS('Tabela Federal'!$E$4:$E$2069,'Tabela Federal'!$D$4:$D$2069,'Carga Tributária doenças Po (2'!$N12) -> 0 | Y12: =SUMIFS('Tabela Federal'!$E$4:$E$2069,'Tabela Federal'!$D$4:$D$2069,'Carga Tributária doenças Po (2'!$O12) -> 0 | Z12: =VLOOKUP('Carga Tributária doenças Po (2'!$AD12,'Carga Tributária doenças Po (2'!$CA$12:$CC$16,2,0) -> + | AA12: CORTICOIDES TOP PUROS | AB12: 1177-87-3 | AC12: Tarja Vermelha | AD12: I | AE12: E | AF12: G | AG12: 845236 | AH12: 1777348 | AI12: 4066786.3 | AJ12: ALERGIA | AK12: =IF('Carga Tributária doenças Po (2'!$Z12="+",0,SUMIFS(PISCOFINS!$I$3:$I$10518,PISCOFINS!$C$3:$C$10518,'Carga Tributária doenças Po (2'!$C12)) -> 0 | AL12: =IF('Carga Tributária doenças Po (2'!$Z12="+",0,SUMIFS(PISCOFINS!$H$3:$H$10518,PISCOFINS!$C$3:$C$10518,'Carga Tributária doenças Po (2'!$C12)) -> 0 | AM12: 3.27 | AN12: 3.12 | AO12: 1.35 | AP12: 18 | AQ12: 12 | AR12: 17 | AS12: 17 | AT12: 19 | AU12: 12 | AV12: 17 | AW12: 17 | AX12: 17 | AY12: 17 | AZ12: 17 | BA12: 17 | BB12: 17 | BC12: 17 | BD12: 17 | BE12: 17 | BF12: =+Tabela1107[[#This Row],[PIS]]+Tabela1107[[#This Row],[COFINS]]+Tabela1107[[#This Row],[CONTRIB. FOLHA]]+Tabela1107[[#This Row],[TRIBUTOS S/ LUCRO]]+Tabela1107[[#This Row],[OUTROS]]+Tabela1107[[#This Row],[SP]] -> 25.74 | BG12: =+Tabela1107[[#This Row],[PIS]]+Tabela1107[[#This Row],[COFINS]]+Tabela1107[[#This Row],[CONTRIB. FOLHA]]+Tabela1107[[#This Row],[TRIBUTOS S/ LUCRO]]+Tabela1107[[#This Row],[OUTROS]]+Tabela1107[[#This Row],[PR]] -> 19.74 | BH12: =+Tabela1107[[#This Row],[PIS]]+Tabela1107[[#This Row],[COFINS]]+Tabela1107[[#This Row],[CONTRIB. FOLHA]]+Tabela1107[[#This Row],[TRIBUTOS S/ LUCRO]]+Tabela1107[[#This Row],[OUTROS]]+Tabela1107[[#This Row],[SC]] -> 24.74 | BI12: =+Tabela1107[[#This Row],[PIS]]+Tabela1107[[#This Row],[COFINS]]+Tabela1107[[#This Row],[CONTRIB. FOLHA]]+Tabela1107[[#This Row],[TRIBUTOS S/ LUCRO]]+Tabela1107[[#This Row],[OUTROS]]+Tabela1107[[#This Row],[RS]] -> 24.74 | BJ12: =+Tabela1107[[#This Row],[PIS]]+Tabela1107[[#This Row],[COFINS]]+Tabela1107[[#This Row],[CONTRIB. FOLHA]]+Tabela1107[[#This Row],[TRIBUTOS S/ LUCRO]]+Tabela1107[[#This Row],[OUTROS]]+Tabela1107[[#This Row],[RJ]] -> 26.74 | BK12: =+Tabela1107[[#This Row],[PIS]]+Tabela1107[[#This Row],[COFINS]]+Tabela1107[[#This Row],[CONTRIB. FOLHA]]+Tabela1107[[#This Row],[TRIBUTOS S/ LUCRO]]+Tabela1107[[#This Row],[OUTROS]]+Tabela1107[[#This Row],[MG]] -> 19.74 | BL12: =+Tabela1107[[#This Row],[PIS]]+Tabela1107[[#This Row],[COFINS]]+Tabela1107[[#This Row],[CONTRIB. FOLHA]]+Tabela1107[[#This Row],[TRIBUTOS S/ LUCRO]]+Tabela1107[[#This Row],[OUTROS]]+Tabela1107[[#This Row],[ES]] -> 24.74 | BM12: =+Tabela1107[[#This Row],[PIS]]+Tabela1107[[#This Row],[COFINS]]+Tabela1107[[#This Row],[CONTRIB. FOLHA]]+Tabela1107[[#This Row],[TRIBUTOS S/ LUCRO]]+Tabela1107[[#This Row],[OUTROS]]+Tabela1107[[#This Row],[GO]] -> 24.74 | BN12: =+Tabela1107[[#This Row],[PIS]]+Tabela1107[[#This Row],[COFINS]]+Tabela1107[[#This Row],[CONTRIB. FOLHA]]+Tabela1107[[#This Row],[TRIBUTOS S/ LUCRO]]+Tabela1107[[#This Row],[OUTROS]]+Tabela1107[[#This Row],[MT]] -> 24.74 | BO12: =+Tabela1107[[#This Row],[PIS]]+Tabela1107[[#This Row],[COFINS]]+Tabela1107[[#This Row],[CONTRIB. FOLHA]]+Tabela1107[[#This Row],[TRIBUTOS S/ LUCRO]]+Tabela1107[[#This Row],[OUTROS]]+Tabela1107[[#This Row],[MS]] -> 24.74 | BP12: =+Tabela1107[[#This Row],[PIS]]+Tabela1107[[#This Row],[COFINS]]+Tabela1107[[#This Row],[CONTRIB. FOLHA]]+Tabela1107[[#This Row],[TRIBUTOS S/ LUCRO]]+Tabela1107[[#This Row],[OUTROS]]+Tabela1107[[#This Row],[DF]] -> 24.74 | BQ12: =+Tabela1107[[#This Row],[PIS]]+Tabela1107[[#This Row],[COFINS]]+Tabela1107[[#This Row],[CONTRIB. FOLHA]]+Tabela1107[[#This Row],[TRIBUTOS S/ LUCRO]]+Tabela1107[[#This Row],[OUTROS]]+Tabela1107[[#This Row],[BA]] -> 24.74 | BR12: =+Tabela1107[[#This Row],[PIS]]+Tabela1107[[#This Row],[COFINS]]+Tabela1107[[#This Row],[CONTRIB. FOLHA]]+Tabela1107[[#This Row],[TRIBUTOS S/ LUCRO]]+Tabela1107[[#This Row],[OUTROS]]+Tabela1107[[#This Row],[BA]] -> 24.74 | BS12: =+Tabela1107[[#This Row],[PIS]]+Tabela1107[[#This Row],[COFINS]]+Tabela1107[[#This Row],[CONTRIB. FOLHA]]+Tabela1107[[#This Row],[TRIBUTOS S/ LUCRO]]+Tabela1107[[#This Row],[OUTROS]]+Tabela1107[[#This Row],[PE]] -> 24.74 | BT12: =+Tabela1107[[#This Row],[PIS]]+Tabela1107[[#This Row],[COFINS]]+Tabela1107[[#This Row],[CONTRIB. FOLHA]]+Tabela1107[[#This Row],[TRIBUTOS S/ LUCRO]]+Tabela1107[[#This Row],[OUTROS]]+Tabela1107[[#This Row],[PA]] -> 24.74 | BU12: =+Tabela1107[[#This Row],[PIS]]+Tabela1107[[#This Row],[COFINS]]+Tabela1107[[#This Row],[CONTRIB. FOLHA]]+Tabela1107[[#This Row],[TRIBUTOS S/ LUCRO]]+Tabela1107[[#This Row],[OUTROS]]+Tabela1107[[#This Row],[AM]] -> 24.74 | BV12: =AVERAGE(Tabela1107[[#This Row],[TOTAL SP]:[TOTAL AM]]) -> 24.3025 | CA12: I | CB12: + | CC12: I = Lista Positiva – Monodroga
B13: 17277 | C13: 30049099 | E13: 20140626 | F13: 507700301118419 | G13: 7896004715698 | H13: 1023500360013 | I13: ACETOFLUX | J13: ACETOFLUX CPR 10 MG x 5 | K13: Acetato de medroxiprogesterona | L13: ACETATO DE MEDROXIPROGESTERONA | R13: EMS PHARMA | S13: EMS S/A | T13: 57507378000101 | U13: =TRIM('Carga Tributária doenças Po (2'!$L13) -> ACETATO DE MEDROXIPROGESTERONA | V13: =SUMIFS('Tabela Federal'!$E$4:$E$2069,'Tabela Federal'!$D$4:$D$2069,'Carga Tributária doenças Po (2'!$L13) -> 4 | W13: =SUMIFS('Tabela Federal'!$E$4:$E$2069,'Tabela Federal'!$D$4:$D$2069,'Carga Tributária doenças Po (2'!$M13) -> 0 | X13: =SUMIFS('Tabela Federal'!$E$4:$E$2069,'Tabela Federal'!$D$4:$D$2069,'Carga Tributária doenças Po (2'!$N13) -> 0 | Y13: =SUMIFS('Tabela Federal'!$E$4:$E$2069,'Tabela Federal'!$D$4:$D$2069,'Carga Tributária doenças Po (2'!$O13) -> 0 | Z13: =VLOOKUP('Carga Tributária doenças Po (2'!$AD13,'Carga Tributária doenças Po (2'!$CA$12:$CC$16,2,0) -> + | AA13: PROGESTAGEN EXC G3A,G3F | AB13: 71-58-9 | AC13: Tarja Vermelha | AD13: I | AE13: E | AF13: M | AG13: 420847 | AH13: 1157866 | AI13: 2642928.5 | AJ13: TRH - MENOPAUSA | AK13: =IF('Carga Tributária doenças Po (2'!$Z13="+",0,SUMIFS(PISCOFINS!$I$3:$I$10518,PISCOFINS!$C$3:$C$10518,'Carga Tributária doenças Po (2'!$C13)) -> 0 | AL13: =IF('Carga Tributária doenças Po (2'!$Z13="+",0,SUMIFS(PISCOFINS!$H$3:$H$10518,PISCOFINS!$C$3:$C$10518,'Carga Tributária doenças Po (2'!$C13)) -> 0 | AM13: 3.27 | AN13: 3.12 | AO13: 1.35 | AP13: 18 | AQ13: 12 | AR13: 17 | AS13: 17 | AT13: 19 | AU13: 18 | AV13: 17 | AW13: 17 | AX13: 17 | AY13: 17 | AZ13: 17 | BA13: 17 | BB13: 17 | BC13: 17 | BD13: 17 | BE13: 17 | BF13: =+Tabela1107[[#This Row],[PIS]]+Tabela1107[[#This Row],[COFINS]]+Tabela1107[[#This Row],[CONTRIB. FOLHA]]+Tabela1107[[#This Row],[TRIBUTOS S/ LUCRO]]+Tabela1107[[#This Row],[OUTROS]]+Tabela1107[[#This Row],[SP]] -> 25.74 | BG13: =+Tabela1107[[#This Row],[PIS]]+Tabela1107[[#This Row],[COFINS]]+Tabela1107[[#This Row],[CONTRIB. FOLHA]]+Tabela1107[[#This Row],[TRIBUTOS S/ LUCRO]]+Tabela1107[[#This Row],[OUTROS]]+Tabela1107[[#This Row],[PR]] -> 19.74 | BH13: =+Tabela1107[[#This Row],[PIS]]+Tabela1107[[#This Row],[COFINS]]+Tabela1107[[#This Row],[CONTRIB. FOLHA]]+Tabela1107[[#This Row],[TRIBUTOS S/ LUCRO]]+Tabela1107[[#This Row],[OUTROS]]+Tabela1107[[#This Row],[SC]] -> 24.74 | BI13: =+Tabela1107[[#This Row],[PIS]]+Tabela1107[[#This Row],[COFINS]]+Tabela1107[[#This Row],[CONTRIB. FOLHA]]+Tabela1107[[#This Row],[TRIBUTOS S/ LUCRO]]+Tabela1107[[#This Row],[OUTROS]]+Tabela1107[[#This Row],[RS]] -> 24.74 | BJ13: =+Tabela1107[[#This Row],[PIS]]+Tabela1107[[#This Row],[COFINS]]+Tabela1107[[#This Row],[CONTRIB. FOLHA]]+Tabela1107[[#This Row],[TRIBUTOS S/ LUCRO]]+Tabela1107[[#This Row],[OUTROS]]+Tabela1107[[#This Row],[RJ]] -> 26.74 | BK13: =+Tabela1107[[#This Row],[PIS]]+Tabela1107[[#This Row],[COFINS]]+Tabela1107[[#This Row],[CONTRIB. FOLHA]]+Tabela1107[[#This Row],[TRIBUTOS S/ LUCRO]]+Tabela1107[[#This Row],[OUTROS]]+Tabela1107[[#This Row],[MG]] -> 25.74 | BL13: =+Tabela1107[[#This Row],[PIS]]+Tabela1107[[#This Row],[COFINS]]+Tabela1107[[#This Row],[CONTRIB. FOLHA]]+Tabela1107[[#This Row],[TRIBUTOS S/ LUCRO]]+Tabela1107[[#This Row],[OUTROS]]+Tabela1107[[#This Row],[ES]] -> 24.74 | BM13: =+Tabela1107[[#This Row],[PIS]]+Tabela1107[[#This Row],[COFINS]]+Tabela1107[[#This Row],[CONTRIB. FOLHA]]+Tabela1107[[#This Row],[TRIBUTOS S/ LUCRO]]+Tabela1107[[#This Row],[OUTROS]]+Tabela1107[[#This Row],[GO]] -> 24.74 | BN13: =+Tabela1107[[#This Row],[PIS]]+Tabela1107[[#This Row],[COFINS]]+Tabela1107[[#This Row],[CONTRIB. FOLHA]]+Tabela1107[[#This Row],[TRIBUTOS S/ LUCRO]]+Tabela1107[[#This Row],[OUTROS]]+Tabela1107[[#This Row],[MT]] -> 24.74 | BO13: =+Tabela1107[[#This Row],[PIS]]+Tabela1107[[#This Row],[COFINS]]+Tabela1107[[#This Row],[CONTRIB. FOLHA]]+Tabela1107[[#This Row],[TRIBUTOS S/ LUCRO]]+Tabela1107[[#This Row],[OUTROS]]+Tabela1107[[#This Row],[MS]] -> 24.74 | BP13: =+Tabela1107[[#This Row],[PIS]]+Tabela1107[[#This Row],[COFINS]]+Tabela1107[[#This Row],[CONTRIB. FOLHA]]+Tabela1107[[#This Row],[TRIBUTOS S/ LUCRO]]+Tabela1107[[#This Row],[OUTROS]]+Tabela1107[[#This Row],[DF]] -> 24.74 | BQ13: =+Tabela1107[[#This Row],[PIS]]+Tabela1107[[#This Row],[COFINS]]+Tabela1107[[#This Row],[CONTRIB. FOLHA]]+Tabela1107[[#This Row],[TRIBUTOS S/ LUCRO]]+Tabela1107[[#This Row],[OUTROS]]+Tabela1107[[#This Row],[BA]] -> 24.74 | BR13: =+Tabela1107[[#This Row],[PIS]]+Tabela1107[[#This Row],[COFINS]]+Tabela1107[[#This Row],[CONTRIB. FOLHA]]+Tabela1107[[#This Row],[TRIBUTOS S/ LUCRO]]+Tabela1107[[#This Row],[OUTROS]]+Tabela1107[[#This Row],[BA]] -> 24.74 | BS13: =+Tabela1107[[#This Row],[PIS]]+Tabela1107[[#This Row],[COFINS]]+Tabela1107[[#This Row],[CONTRIB. FOLHA]]+Tabela1107[[#This Row],[TRIBUTOS S/ LUCRO]]+Tabela1107[[#This Row],[OUTROS]]+Tabela1107[[#This Row],[PE]] -> 24.74 | BT13: =+Tabela1107[[#This Row],[PIS]]+Tabela1107[[#This Row],[COFINS]]+Tabela1107[[#This Row],[CONTRIB. FOLHA]]+Tabela1107[[#This Row],[TRIBUTOS S/ LUCRO]]+Tabela1107[[#This Row],[OUTROS]]+Tabela1107[[#This Row],[PA]] -> 24.74 | BU13: =+Tabela1107[[#This Row],[PIS]]+Tabela1107[[#This Row],[COFINS]]+Tabela1107[[#This Row],[CONTRIB. FOLHA]]+Tabela1107[[#This Row],[TRIBUTOS S/ LUCRO]]+Tabela1107[[#This Row],[OUTROS]]+Tabela1107[[#This Row],[AM]] -> 24.74 | BV13: =AVERAGE(Tabela1107[[#This Row],[TOTAL SP]:[TOTAL AM]]) -> 24.6775 | CA13: II | CB13: + | CC13: II = Lista Positiva - Associações
B14: 4793 | C14: 30049029 | E14: 20140626 | F14: 534300102166415 | G14: 7896082900047 | H14: 1017400460017 | I14: ACNASE | J14: ACNASE GEL. 20 G x 1 | R14: AVERT LABORATORIOS | S14: AVERT LABORATÓRIOS LTDA | T14: 44211936000137 | U14: =TRIM('Carga Tributária doenças Po (2'!$L14) | V14: =SUMIFS('Tabela Federal'!$E$4:$E$2069,'Tabela Federal'!$D$4:$D$2069,'Carga Tributária doenças Po (2'!$L14) -> 0 | W14: =SUMIFS('Tabela Federal'!$E$4:$E$2069,'Tabela Federal'!$D$4:$D$2069,'Carga Tributária doenças Po (2'!$M14) -> 0 | X14: =SUMIFS('Tabela Federal'!$E$4:$E$2069,'Tabela Federal'!$D$4:$D$2069,'Carga Tributária doenças Po (2'!$N14) -> 0 | Y14: =SUMIFS('Tabela Federal'!$E$4:$E$2069,'Tabela Federal'!$D$4:$D$2069,'Carga Tributária doenças Po (2'!$O14) -> 0 | Z14: =VLOOKUP('Carga Tributária doenças Po (2'!$AD14,'Carga Tributária doenças Po (2'!$CA$12:$CC$16,2,0) -> - | AA14: ANTIACNEICO SISTEMICO | AB14: 94-36-0 | AC14: Venda Livre | AD14: N | AE14: P | AG14: 350921 | AH14: 2874344 | AI14: 6555307.6 | AJ14: ACNE | AK14: =IF('Carga Tributária doenças Po (2'!$Z14="+",0,SUMIFS(PISCOFINS!$I$3:$I$10518,PISCOFINS!$C$3:$C$10518,'Carga Tributária doenças Po (2'!$C14)) -> 2.1 | AL14: =IF('Carga Tributária doenças Po (2'!$Z14="+",0,SUMIFS(PISCOFINS!$H$3:$H$10518,PISCOFINS!$C$3:$C$10518,'Carga Tributária doenças Po (2'!$C14)) -> 9.9 | AM14: 3.27 | AN14: 3.12 | AO14: 1.35 | AP14: 18 | AQ14: 12 | AR14: 17 | AS14: 17 | AT14: 19 | AU14: 18 | AV14: 17 | AW14: 17 | AX14: 17 | AY14: 17 | AZ14: 17 | BA14: 17 | BB14: 17 | BC14: 17 | BD14: 17 | BE14: 17 | BF14: =+Tabela1107[[#This Row],[PIS]]+Tabela1107[[#This Row],[COFINS]]+Tabela1107[[#This Row],[CONTRIB. FOLHA]]+Tabela1107[[#This Row],[TRIBUTOS S/ LUCRO]]+Tabela1107[[#This Row],[OUTROS]]+Tabela1107[[#This Row],[SP]] -> 37.74 | BG14: =+Tabela1107[[#This Row],[PIS]]+Tabela1107[[#This Row],[COFINS]]+Tabela1107[[#This Row],[CONTRIB. FOLHA]]+Tabela1107[[#This Row],[TRIBUTOS S/ LUCRO]]+Tabela1107[[#This Row],[OUTROS]]+Tabela1107[[#This Row],[PR]] -> 31.74 | BH14: =+Tabela1107[[#This Row],[PIS]]+Tabela1107[[#This Row],[COFINS]]+Tabela1107[[#This Row],[CONTRIB. FOLHA]]+Tabela1107[[#This Row],[TRIBUTOS S/ LUCRO]]+Tabela1107[[#This Row],[OUTROS]]+Tabela1107[[#This Row],[SC]] -> 36.74 | BI14: =+Tabela1107[[#This Row],[PIS]]+Tabela1107[[#This Row],[COFINS]]+Tabela1107[[#This Row],[CONTRIB. FOLHA]]+Tabela1107[[#This Row],[TRIBUTOS S/ LUCRO]]+Tabela1107[[#This Row],[OUTROS]]+Tabela1107[[#This Row],[RS]] -> 36.74 | BJ14: =+Tabela1107[[#This Row],[PIS]]+Tabela1107[[#This Row],[COFINS]]+Tabela1107[[#This Row],[CONTRIB. FOLHA]]+Tabela1107[[#This Row],[TRIBUTOS S/ LUCRO]]+Tabela1107[[#This Row],[OUTROS]]+Tabela1107[[#This Row],[RJ]] -> 38.74 | BK14: =+Tabela1107[[#This Row],[PIS]]+Tabela1107[[#This Row],[COFINS]]+Tabela1107[[#This Row],[CONTRIB. FOLHA]]+Tabela1107[[#This Row],[TRIBUTOS S/ LUCRO]]+Tabela1107[[#This Row],[OUTROS]]+Tabela1107[[#This Row],[MG]] -> 37.74 | BL14: =+Tabela1107[[#This Row],[PIS]]+Tabela1107[[#This Row],[COFINS]]+Tabela1107[[#This Row],[CONTRIB. FOLHA]]+Tabela1107[[#This Row],[TRIBUTOS S/ LUCRO]]+Tabela1107[[#This Row],[OUTROS]]+Tabela1107[[#This Row],[ES]] -> 36.74 | BM14: =+Tabela1107[[#This Row],[PIS]]+Tabela1107[[#This Row],[COFINS]]+Tabela1107[[#This Row],[CONTRIB. FOLHA]]+Tabela1107[[#This Row],[TRIBUTOS S/ LUCRO]]+Tabela1107[[#This Row],[OUTROS]]+Tabela1107[[#This Row],[GO]] -> 36.74 | BN14: =+Tabela1107[[#This Row],[PIS]]+Tabela1107[[#This Row],[COFINS]]+Tabela1107[[#This Row],[CONTRIB. FOLHA]]+Tabela1107[[#This Row],[TRIBUTOS S/ LUCRO]]+Tabela1107[[#This Row],[OUTROS]]+Tabela1107[[#This Row],[MT]] -> 36.74 | BO14: =+Tabela1107[[#This Row],[PIS]]+Tabela1107[[#This Row],[COFINS]]+Tabela1107[[#This Row],[CONTRIB. FOLHA]]+Tabela1107[[#This Row],[TRIBUTOS S/ LUCRO]]+Tabela1107[[#This Row],[OUTROS]]+Tabela1107[[#This Row],[MS]] -> 36.74 | BP14: =+Tabela1107[[#This Row],[PIS]]+Tabela1107[[#This Row],[COFINS]]+Tabela1107[[#This Row],[CONTRIB. FOLHA]]+Tabela1107[[#This Row],[TRIBUTOS S/ LUCRO]]+Tabela1107[[#This Row],[OUTROS]]+Tabela1107[[#This Row],[DF]] -> 36.74 | BQ14: =+Tabela1107[[#This Row],[PIS]]+Tabela1107[[#This Row],[COFINS]]+Tabela1107[[#This Row],[CONTRIB. FOLHA]]+Tabela1107[[#This Row],[TRIBUTOS S/ LUCRO]]+Tabela1107[[#This Row],[OUTROS]]+Tabela1107[[#This Row],[BA]] -> 36.74 | BR14: =+Tabela1107[[#This Row],[PIS]]+Tabela1107[[#This Row],[COFINS]]+Tabela1107[[#This Row],[CONTRIB. FOLHA]]+Tabela1107[[#This Row],[TRIBUTOS S/ LUCRO]]+Tabela1107[[#This Row],[OUTROS]]+Tabela1107[[#This Row],[BA]] -> 36.74 | BS14: =+Tabela1107[[#This Row],[PIS]]+Tabela1107[[#This Row],[COFINS]]+Tabela1107[[#This Row],[CONTRIB. FOLHA]]+Tabela1107[[#This Row],[TRIBUTOS S/ LUCRO]]+Tabela1107[[#This Row],[OUTROS]]+Tabela1107[[#This Row],[PE]] -> 36.74 | BT14: =+Tabela1107[[#This Row],[PIS]]+Tabela1107[[#This Row],[COFINS]]+Tabela1107[[#This Row],[CONTRIB. FOLHA]]+Tabela1107[[#This Row],[TRIBUTOS S/ LUCRO]]+Tabela1107[[#This Row],[OUTROS]]+Tabela1107[[#This Row],[PA]] -> 36.74 | BU14: =+Tabela1107[[#This Row],[PIS]]+Tabela1107[[#This Row],[COFINS]]+Tabela1107[[#This Row],[CONTRIB. FOLHA]]+Tabela1107[[#This Row],[TRIBUTOS S/ LUCRO]]+Tabela1107[[#This Row],[OUTROS]]+Tabela1107[[#This Row],[AM]] -> 36.74 | BV14: =AVERAGE(Tabela1107[[#This Row],[TOTAL SP]:[TOTAL AM]]) -> 36.6775 | CA14: III | CB14: + | CC14: III – Lista Positiva – Soluções Parenterais
B15: 4794 | C15: 30049029 | E15: 20140626 | F15: 534300103162413 | G15: 7896082900351 | H15: 1017400010097 | I15: ACNASE | J15: 50 MG+ 20 MG/G CREM DERM CT BG AL X 25 G | R15: AVERT | S15: AVERT LABORATÓRIOS LTDA | T15: 44211936000137 | U15: =TRIM('Carga Tributária doenças Po (2'!$L15) | V15: =SUMIFS('Tabela Federal'!$E$4:$E$2069,'Tabela Federal'!$D$4:$D$2069,'Carga Tributária doenças Po (2'!$L15) -> 0 | W15: =SUMIFS('Tabela Federal'!$E$4:$E$2069,'Tabela Federal'!$D$4:$D$2069,'Carga Tributária doenças Po (2'!$M15) -> 0 | X15: =SUMIFS('Tabela Federal'!$E$4:$E$2069,'Tabela Federal'!$D$4:$D$2069,'Carga Tributária doenças Po (2'!$N15) -> 0 | Y15: =SUMIFS('Tabela Federal'!$E$4:$E$2069,'Tabela Federal'!$D$4:$D$2069,'Carga Tributária doenças Po (2'!$O15) -> 0 | Z15: =VLOOKUP('Carga Tributária doenças Po (2'!$AD15,'Carga Tributária doenças Po (2'!$CA$12:$CC$16,2,0) -> - | AA15: ANTIACNEICO SISTEMICO | AB15: 94-36-0 | AC15: Venda Livre | AD15: N | AE15: P | AG15: 2 | AH15: 100 | AI15: 200 | AJ15: ACNE | AK15: =IF('Carga Tributária doenças Po (2'!$Z15="+",0,SUMIFS(PISCOFINS!$I$3:$I$10518,PISCOFINS!$C$3:$C$10518,'Carga Tributária doenças Po (2'!$C15)) -> 2.1 | AL15: =IF('Carga Tributária doenças Po (2'!$Z15="+",0,SUMIFS(PISCOFINS!$H$3:$H$10518,PISCOFINS!$C$3:$C$10518,'Carga Tributária doenças Po (2'!$C15)) -> 9.9 | AM15: 3.27 | AN15: 3.12 | AO15: 1.35 | AP15: 18 | AQ15: 12 | AR15: 17 | AS15: 17 | AT15: 19 | AU15: 18 | AV15: 17 | AW15: 17 | AX15: 17 | AY15: 17 | AZ15: 17 | BA15: 17 | BB15: 17 | BC15: 17 | BD15: 17 | BE15: 17 | BF15: =+Tabela1107[[#This Row],[PIS]]+Tabela1107[[#This Row],[COFINS]]+Tabela1107[[#This Row],[CONTRIB. FOLHA]]+Tabela1107[[#This Row],[TRIBUTOS S/ LUCRO]]+Tabela1107[[#This Row],[OUTROS]]+Tabela1107[[#This Row],[SP]] -> 37.74 | BG15: =+Tabela1107[[#This Row],[PIS]]+Tabela1107[[#This Row],[COFINS]]+Tabela1107[[#This Row],[CONTRIB. FOLHA]]+Tabela1107[[#This Row],[TRIBUTOS S/ LUCRO]]+Tabela1107[[#This Row],[OUTROS]]+Tabela1107[[#This Row],[PR]] -> 31.74 | BH15: =+Tabela1107[[#This Row],[PIS]]+Tabela1107[[#This Row],[COFINS]]+Tabela1107[[#This Row],[CONTRIB. FOLHA]]+Tabela1107[[#This Row],[TRIBUTOS S/ LUCRO]]+Tabela1107[[#This Row],[OUTROS]]+Tabela1107[[#This Row],[SC]] -> 36.74 | BI15: =+Tabela1107[[#This Row],[PIS]]+Tabela1107[[#This Row],[COFINS]]+Tabela1107[[#This Row],[CONTRIB. FOLHA]]+Tabela1107[[#This Row],[TRIBUTOS S/ LUCRO]]+Tabela1107[[#This Row],[OUTROS]]+Tabela1107[[#This Row],[RS]] -> 36.74 | BJ15: =+Tabela1107[[#This Row],[PIS]]+Tabela1107[[#This Row],[COFINS]]+Tabela1107[[#This Row],[CONTRIB. FOLHA]]+Tabela1107[[#This Row],[TRIBUTOS S/ LUCRO]]+Tabela1107[[#This Row],[OUTROS]]+Tabela1107[[#This Row],[RJ]] -> 38.74 | BK15: =+Tabela1107[[#This Row],[PIS]]+Tabela1107[[#This Row],[COFINS]]+Tabela1107[[#This Row],[CONTRIB. FOLHA]]+Tabela1107[[#This Row],[TRIBUTOS S/ LUCRO]]+Tabela1107[[#This Row],[OUTROS]]+Tabela1107[[#This Row],[MG]] -> 37.74 | BL15: =+Tabela1107[[#This Row],[PIS]]+Tabela1107[[#This Row],[COFINS]]+Tabela1107[[#This Row],[CONTRIB. FOLHA]]+Tabela1107[[#This Row],[TRIBUTOS S/ LUCRO]]+Tabela1107[[#This Row],[OUTROS]]+Tabela1107[[#This Row],[ES]] -> 36.74 | BM15: =+Tabela1107[[#This Row],[PIS]]+Tabela1107[[#This Row],[COFINS]]+Tabela1107[[#This Row],[CONTRIB. FOLHA]]+Tabela1107[[#This Row],[TRIBUTOS S/ LUCRO]]+Tabela1107[[#This Row],[OUTROS]]+Tabela1107[[#This Row],[GO]] -> 36.74 | BN15: =+Tabela1107[[#This Row],[PIS]]+Tabela1107[[#This Row],[COFINS]]+Tabela1107[[#This Row],[CONTRIB. FOLHA]]+Tabela1107[[#This Row],[TRIBUTOS S/ LUCRO]]+Tabela1107[[#This Row],[OUTROS]]+Tabela1107[[#This Row],[MT]] -> 36.74 | BO15: =+Tabela1107[[#This Row],[PIS]]+Tabela1107[[#This Row],[COFINS]]+Tabela1107[[#This Row],[CONTRIB. FOLHA]]+Tabela1107[[#This Row],[TRIBUTOS S/ LUCRO]]+Tabela1107[[#This Row],[OUTROS]]+Tabela1107[[#This Row],[MS]] -> 36.74 | BP15: =+Tabela1107[[#This Row],[PIS]]+Tabela1107[[#This Row],[COFINS]]+Tabela1107[[#This Row],[CONTRIB. FOLHA]]+Tabela1107[[#This Row],[TRIBUTOS S/ LUCRO]]+Tabela1107[[#This Row],[OUTROS]]+Tabela1107[[#This Row],[DF]] -> 36.74 | BQ15: =+Tabela1107[[#This Row],[PIS]]+Tabela1107[[#This Row],[COFINS]]+Tabela1107[[#This Row],[CONTRIB. FOLHA]]+Tabela1107[[#This Row],[TRIBUTOS S/ LUCRO]]+Tabela1107[[#This Row],[OUTROS]]+Tabela1107[[#This Row],[BA]] -> 36.74 | BR15: =+Tabela1107[[#This Row],[PIS]]+Tabela1107[[#This Row],[COFINS]]+Tabela1107[[#This Row],[CONTRIB. FOLHA]]+Tabela1107[[#This Row],[TRIBUTOS S/ LUCRO]]+Tabela1107[[#This Row],[OUTROS]]+Tabela1107[[#This Row],[BA]] -> 36.74 | BS15: =+Tabela1107[[#This Row],[PIS]]+Tabela1107[[#This Row],[COFINS]]+Tabela1107[[#This Row],[CONTRIB. FOLHA]]+Tabela1107[[#This Row],[TRIBUTOS S/ LUCRO]]+Tabela1107[[#This Row],[OUTROS]]+Tabela1107[[#This Row],[PE]] -> 36.74 | BT15: =+Tabela1107[[#This Row],[PIS]]+Tabela1107[[#This Row],[COFINS]]+Tabela1107[[#This Row],[CONTRIB. FOLHA]]+Tabela1107[[#This Row],[TRIBUTOS S/ LUCRO]]+Tabela1107[[#This Row],[OUTROS]]+Tabela1107[[#This Row],[PA]] -> 36.74 | BU15: =+Tabela1107[[#This Row],[PIS]]+Tabela1107[[#This Row],[COFINS]]+Tabela1107[[#This Row],[CONTRIB. FOLHA]]+Tabela1107[[#This Row],[TRIBUTOS S/ LUCRO]]+Tabela1107[[#This Row],[OUTROS]]+Tabela1107[[#This Row],[AM]] -> 36.74 | BV15: =AVERAGE(Tabela1107[[#This Row],[TOTAL SP]:[TOTAL AM]]) -> 36.6775 | CA15: N | CB15: - | CC15: N = Lista Negativa
B16: 4794 | C16: 30049029 | E16: 20140626 | F16: 534300103162413 | G16: 7896082900351 | H16: 1017400010097 | I16: ACNASE | J16: ACNASE CREME 25 G x 1 | R16: AVERT LABORATORIOS | S16: AVERT LABORATÓRIOS LTDA | T16: 44211936000137 | U16: =TRIM('Carga Tributária doenças Po (2'!$L16) | V16: =SUMIFS('Tabela Federal'!$E$4:$E$2069,'Tabela Federal'!$D$4:$D$2069,'Carga Tributária doenças Po (2'!$L16) -> 0 | W16: =SUMIFS('Tabela Federal'!$E$4:$E$2069,'Tabela Federal'!$D$4:$D$2069,'Carga Tributária doenças Po (2'!$M16) -> 0 | X16: =SUMIFS('Tabela Federal'!$E$4:$E$2069,'Tabela Federal'!$D$4:$D$2069,'Carga Tributária doenças Po (2'!$N16) -> 0 | Y16: =SUMIFS('Tabela Federal'!$E$4:$E$2069,'Tabela Federal'!$D$4:$D$2069,'Carga Tributária doenças Po (2'!$O16) -> 0 | Z16: =VLOOKUP('Carga Tributária doenças Po (2'!$AD16,'Carga Tributária doenças Po (2'!$CA$12:$CC$16,2,0) -> - | AA16: ANTIACNEICO SISTEMICO | AB16: 94-36-0 | AC16: Venda Livre | AD16: N | AE16: P | AG16: 365457 | AH16: 3284901 | AI16: 7493107.5 | AJ16: ACNE | AK16: =IF('Carga Tributária doenças Po (2'!$Z16="+",0,SUMIFS(PISCOFINS!$I$3:$I$10518,PISCOFINS!$C$3:$C$10518,'Carga Tributária doenças Po (2'!$C16)) -> 2.1 | AL16: =IF('Carga Tributária doenças Po (2'!$Z16="+",0,SUMIFS(PISCOFINS!$H$3:$H$10518,PISCOFINS!$C$3:$C$10518,'Carga Tributária doenças Po (2'!$C16)) -> 9.9 | AM16: 3.27 | AN16: 3.12 | AO16: 1.35 | AP16: 18 | AQ16: 12 | AR16: 17 | AS16: 17 | AT16: 19 | AU16: 18 | AV16: 17 | AW16: 17 | AX16: 17 | AY16: 17 | AZ16: 17 | BA16: 17 | BB16: 17 | BC16: 17 | BD16: 17 | BE16: 17 | BF16: =+Tabela1107[[#This Row],[PIS]]+Tabela1107[[#This Row],[COFINS]]+Tabela1107[[#This Row],[CONTRIB. FOLHA]]+Tabela1107[[#This Row],[TRIBUTOS S/ LUCRO]]+Tabela1107[[#This Row],[OUTROS]]+Tabela1107[[#This Row],[SP]] -> 37.74 | BG16: =+Tabela1107[[#This Row],[PIS]]+Tabela1107[[#This Row],[COFINS]]+Tabela1107[[#This Row],[CONTRIB. FOLHA]]+Tabela1107[[#This Row],[TRIBUTOS S/ LUCRO]]+Tabela1107[[#This Row],[OUTROS]]+Tabela1107[[#This Row],[PR]] -> 31.74 | BH16: =+Tabela1107[[#This Row],[PIS]]+Tabela1107[[#This Row],[COFINS]]+Tabela1107[[#This Row],[CONTRIB. FOLHA]]+Tabela1107[[#This Row],[TRIBUTOS S/ LUCRO]]+Tabela1107[[#This Row],[OUTROS]]+Tabela1107[[#This Row],[SC]] -> 36.74 | BI16: =+Tabela1107[[#This Row],[PIS]]+Tabela1107[[#This Row],[COFINS]]+Tabela1107[[#This Row],[CONTRIB. FOLHA]]+Tabela1107[[#This Row],[TRIBUTOS S/ LUCRO]]+Tabela1107[[#This Row],[OUTROS]]+Tabela1107[[#This Row],[RS]] -> 36.74 | BJ16: =+Tabela1107[[#This Row],[PIS]]+Tabela1107[[#This Row],[COFINS]]+Tabela1107[[#This Row],[CONTRIB. FOLHA]]+Tabela1107[[#This Row],[TRIBUTOS S/ LUCRO]]+Tabela1107[[#This Row],[OUTROS]]+Tabela1107[[#This Row],[RJ]] -> 38.74 | BK16: =+Tabela1107[[#This Row],[PIS]]+Tabela1107[[#This Row],[COFINS]]+Tabela1107[[#This Row],[CONTRIB. FOLHA]]+Tabela1107[[#This Row],[TRIBUTOS S/ LUCRO]]+Tabela1107[[#This Row],[OUTROS]]+Tabela1107[[#This Row],[MG]] -> 37.74 | BL16: =+Tabela1107[[#This Row],[PIS]]+Tabela1107[[#This Row],[COFINS]]+Tabela1107[[#This Row],[CONTRIB. FOLHA]]+Tabela1107[[#This Row],[TRIBUTOS S/ LUCRO]]+Tabela1107[[#This Row],[OUTROS]]+Tabela1107[[#This Row],[ES]] -> 36.74 | BM16: =+Tabela1107[[#This Row],[PIS]]+Tabela1107[[#This Row],[COFINS]]+Tabela1107[[#This Row],[CONTRIB. FOLHA]]+Tabela1107[[#This Row],[TRIBUTOS S/ LUCRO]]+Tabela1107[[#This Row],[OUTROS]]+Tabela1107[[#This Row],[GO]] -> 36.74 | BN16: =+Tabela1107[[#This Row],[PIS]]+Tabela1107[[#This Row],[COFINS]]+Tabela1107[[#This Row],[CONTRIB. FOLHA]]+Tabela1107[[#This Row],[TRIBUTOS S/ LUCRO]]+Tabela1107[[#This Row],[OUTROS]]+Tabela1107[[#This Row],[MT]] -> 36.74 | BO16: =+Tabela1107[[#This Row],[PIS]]+Tabela1107[[#This Row],[COFINS]]+Tabela1107[[#This Row],[CONTRIB. FOLHA]]+Tabela1107[[#This Row],[TRIBUTOS S/ LUCRO]]+Tabela1107[[#This Row],[OUTROS]]+Tabela1107[[#This Row],[MS]] -> 36.74 | BP16: =+Tabela1107[[#This Row],[PIS]]+Tabela1107[[#This Row],[COFINS]]+Tabela1107[[#This Row],[CONTRIB. FOLHA]]+Tabela1107[[#This Row],[TRIBUTOS S/ LUCRO]]+Tabela1107[[#This Row],[OUTROS]]+Tabela1107[[#This Row],[DF]] -> 36.74 | BQ16: =+Tabela1107[[#This Row],[PIS]]+Tabela1107[[#This Row],[COFINS]]+Tabela1107[[#This Row],[CONTRIB. FOLHA]]+Tabela1107[[#This Row],[TRIBUTOS S/ LUCRO]]+Tabela1107[[#This Row],[OUTROS]]+Tabela1107[[#This Row],[BA]] -> 36.74 | BR16: =+Tabela1107[[#This Row],[PIS]]+Tabela1107[[#This Row],[COFINS]]+Tabela1107[[#This Row],[CONTRIB. FOLHA]]+Tabela1107[[#This Row],[TRIBUTOS S/ LUCRO]]+Tabela1107[[#This Row],[OUTROS]]+Tabela1107[[#This Row],[BA]] -> 36.74 | BS16: =+Tabela1107[[#This Row],[PIS]]+Tabela1107[[#This Row],[COFINS]]+Tabela1107[[#This Row],[CONTRIB. FOLHA]]+Tabela1107[[#This Row],[TRIBUTOS S/ LUCRO]]+Tabela1107[[#This Row],[OUTROS]]+Tabela1107[[#This Row],[PE]] -> 36.74 | BT16: =+Tabela1107[[#This Row],[PIS]]+Tabela1107[[#This Row],[COFINS]]+Tabela1107[[#This Row],[CONTRIB. FOLHA]]+Tabela1107[[#This Row],[TRIBUTOS S/ LUCRO]]+Tabela1107[[#This Row],[OUTROS]]+Tabela1107[[#This Row],[PA]] -> 36.74 | BU16: =+Tabela1107[[#This Row],[PIS]]+Tabela1107[[#This Row],[COFINS]]+Tabela1107[[#This Row],[CONTRIB. FOLHA]]+Tabela1107[[#This Row],[TRIBUTOS S/ LUCRO]]+Tabela1107[[#This Row],[OUTROS]]+Tabela1107[[#This Row],[AM]] -> 36.74 | BV16: =AVERAGE(Tabela1107[[#This Row],[TOTAL SP]:[TOTAL AM]]) -> 36.6775 | CA16: NA | CB16: N | CC16: NA = Lista Neutra
B17: 16268 | C17: 30049029 | E17: 20140626 | F17: 534300102166415 | G17: 7892953001387 | H17: 1221400750040 | I17: ACNASE | J17: PYRIDIUM DRAG 100 MG x 25 | K17: fenazopiridina | L17: FENAZOPIRIDINA | R17: ZODIAC | S17: ZODIAC PRODUTOS FARMACÊUTICOS S/A | T17: 55980684000127 | U17: =TRIM('Carga Tributária doenças Po (2'!$L17) -> FENAZOPIRIDINA | V17: =SUMIFS('Tabela Federal'!$E$4:$E$2069,'Tabela Federal'!$D$4:$D$2069,'Carga Tributária doenças Po (2'!$L17) -> 0 | W17: =SUMIFS('Tabela Federal'!$E$4:$E$2069,'Tabela Federal'!$D$4:$D$2069,'Carga Tributária doenças Po (2'!$M17) -> 0 | X17: =SUMIFS('Tabela Federal'!$E$4:$E$2069,'Tabela Federal'!$D$4:$D$2069,'Carga Tributária doenças Po (2'!$N17) -> 0 | Y17: =SUMIFS('Tabela Federal'!$E$4:$E$2069,'Tabela Federal'!$D$4:$D$2069,'Carga Tributária doenças Po (2'!$O17) -> 0 | Z17: =VLOOKUP('Carga Tributária doenças Po (2'!$AD17,'Carga Tributária doenças Po (2'!$CA$12:$CC$16,2,0) -> - | AA17: TODOS OUT PROD UROLOG | AB17: 94-36-0 | AC17: Venda Livre | AD17: N | AE17: P | AF17: R | AG17: 1142844 | AH17: 4123474 | AI17: 9409235.6 | AJ17: INFECÇÃO URINÁRIA | AK17: =IF('Carga Tributária doenças Po (2'!$Z17="+",0,SUMIFS(PISCOFINS!$I$3:$I$10518,PISCOFINS!$C$3:$C$10518,'Carga Tributária doenças Po (2'!$C17)) -> 2.1 | AL17: =IF('Carga Tributária doenças Po (2'!$Z17="+",0,SUMIFS(PISCOFINS!$H$3:$H$10518,PISCOFINS!$C$3:$C$10518,'Carga Tributária doenças Po (2'!$C17)) -> 9.9 | AM17: 3.27 | AN17: 3.12 | AO17: 1.35 | AP17: 18 | AQ17: 12 | AR17: 17 | AS17: 17 | AT17: 19 | AU17: 18 | AV17: 17 | AW17: 17 | AX17: 17 | AY17: 17 | AZ17: 17 | BA17: 17 | BB17: 17 | BC17: 17 | BD17: 17 | BE17: 17 | BF17: =+Tabela1107[[#This Row],[PIS]]+Tabela1107[[#This Row],[COFINS]]+Tabela1107[[#This Row],[CONTRIB. FOLHA]]+Tabela1107[[#This Row],[TRIBUTOS S/ LUCRO]]+Tabela1107[[#This Row],[OUTROS]]+Tabela1107[[#This Row],[SP]] -> 37.74 | BG17: =+Tabela1107[[#This Row],[PIS]]+Tabela1107[[#This Row],[COFINS]]+Tabela1107[[#This Row],[CONTRIB. FOLHA]]+Tabela1107[[#This Row],[TRIBUTOS S/ LUCRO]]+Tabela1107[[#This Row],[OUTROS]]+Tabela1107[[#This Row],[PR]] -> 31.74 | BH17: =+Tabela1107[[#This Row],[PIS]]+Tabela1107[[#This Row],[COFINS]]+Tabela1107[[#This Row],[CONTRIB. FOLHA]]+Tabela1107[[#This Row],[TRIBUTOS S/ LUCRO]]+Tabela1107[[#This Row],[OUTROS]]+Tabela1107[[#This Row],[SC]] -> 36.74 | BI17: =+Tabela1107[[#This Row],[PIS]]+Tabela1107[[#This Row],[COFINS]]+Tabela1107[[#This Row],[CONTRIB. FOLHA]]+Tabela1107[[#This Row],[TRIBUTOS S/ LUCRO]]+Tabela1107[[#This Row],[OUTROS]]+Tabela1107[[#This Row],[RS]] -> 36.74 | BJ17: =+Tabela1107[[#This Row],[PIS]]+Tabela1107[[#This Row],[COFINS]]+Tabela1107[[#This Row],[CONTRIB. FOLHA]]+Tabela1107[[#This Row],[TRIBUTOS S/ LUCRO]]+Tabela1107[[#This Row],[OUTROS]]+Tabela1107[[#This Row],[RJ]] -> 38.74 | BK17: =+Tabela1107[[#This Row],[PIS]]+Tabela1107[[#This Row],[COFINS]]+Tabela1107[[#This Row],[CONTRIB. FOLHA]]+Tabela1107[[#This Row],[TRIBUTOS S/ LUCRO]]+Tabela1107[[#This Row],[OUTROS]]+Tabela1107[[#This Row],[MG]] -> 37.74 | BL17: =+Tabela1107[[#This Row],[PIS]]+Tabela1107[[#This Row],[COFINS]]+Tabela1107[[#This Row],[CONTRIB. FOLHA]]+Tabela1107[[#This Row],[TRIBUTOS S/ LUCRO]]+Tabela1107[[#This Row],[OUTROS]]+Tabela1107[[#This Row],[ES]] -> 36.74 | BM17: =+Tabela1107[[#This Row],[PIS]]+Tabela1107[[#This Row],[COFINS]]+Tabela1107[[#This Row],[CONTRIB. FOLHA]]+Tabela1107[[#This Row],[TRIBUTOS S/ LUCRO]]+Tabela1107[[#This Row],[OUTROS]]+Tabela1107[[#This Row],[GO]] -> 36.74 | BN17: =+Tabela1107[[#This Row],[PIS]]+Tabela1107[[#This Row],[COFINS]]+Tabela1107[[#This Row],[CONTRIB. FOLHA]]+Tabela1107[[#This Row],[TRIBUTOS S/ LUCRO]]+Tabela1107[[#This Row],[OUTROS]]+Tabela1107[[#This Row],[MT]] -> 36.74 | BO17: =+Tabela1107[[#This Row],[PIS]]+Tabela1107[[#This Row],[COFINS]]+Tabela1107[[#This Row],[CONTRIB. FOLHA]]+Tabela1107[[#This Row],[TRIBUTOS S/ LUCRO]]+Tabela1107[[#This Row],[OUTROS]]+Tabela1107[[#This Row],[MS]] -> 36.74 | BP17: =+Tabela1107[[#This Row],[PIS]]+Tabela1107[[#This Row],[COFINS]]+Tabela1107[[#This Row],[CONTRIB. FOLHA]]+Tabela1107[[#This Row],[TRIBUTOS S/ LUCRO]]+Tabela1107[[#This Row],[OUTROS]]+Tabela1107[[#This Row],[DF]] -> 36.74 | BQ17: =+Tabela1107[[#This Row],[PIS]]+Tabela1107[[#This Row],[COFINS]]+Tabela1107[[#This Row],[CONTRIB. FOLHA]]+Tabela1107[[#This Row],[TRIBUTOS S/ LUCRO]]+Tabela1107[[#This Row],[OUTROS]]+Tabela1107[[#This Row],[BA]] -> 36.74 | BR17: =+Tabela1107[[#This Row],[PIS]]+Tabela1107[[#This Row],[COFINS]]+Tabela1107[[#This Row],[CONTRIB. FOLHA]]+Tabela1107[[#This Row],[TRIBUTOS S/ LUCRO]]+Tabela1107[[#This Row],[OUTROS]]+Tabela1107[[#This Row],[BA]] -> 36.74 | BS17: =+Tabela1107[[#This Row],[PIS]]+Tabela1107[[#This Row],[COFINS]]+Tabela1107[[#This Row],[CONTRIB. FOLHA]]+Tabela1107[[#This Row],[TRIBUTOS S/ LUCRO]]+Tabela1107[[#This Row],[OUTROS]]+Tabela1107[[#This Row],[PE]] -> 36.74 | BT17: =+Tabela1107[[#This Row],[PIS]]+Tabela1107[[#This Row],[COFINS]]+Tabela1107[[#This Row],[CONTRIB. FOLHA]]+Tabela1107[[#This Row],[TRIBUTOS S/ LUCRO]]+Tabela1107[[#This Row],[OUTROS]]+Tabela1107[[#This Row],[PA]] -> 36.74 | BU17: =+Tabela1107[[#This Row],[PIS]]+Tabela1107[[#This Row],[COFINS]]+Tabela1107[[#This Row],[CONTRIB. FOLHA]]+Tabela1107[[#This Row],[TRIBUTOS S/ LUCRO]]+Tabela1107[[#This Row],[OUTROS]]+Tabela1107[[#This Row],[AM]] -> 36.74 | BV17: =AVERAGE(Tabela1107[[#This Row],[TOTAL SP]:[TOTAL AM]]) -> 36.6775
B18: 4616 | C18: 30043929 | E18: 20140626 | F18: 502800105115312 | G18: 7891058004217 | H18: 1130002690172 | I18: ACTONEL | J18: ACTONEL CPR REVEST 150 MG x 1 | K18: Risedronato sódico | L18: RISEDRONATO SODICO | R18: SANOFI | S18: SANOFI-AVENTIS FARMACÊUTICA LTDA | T18: 02685377000157 | U18: =TRIM('Carga Tributária doenças Po (2'!$L18) -> RISEDRONATO SODICO | V18: =SUMIFS('Tabela Federal'!$E$4:$E$2069,'Tabela Federal'!$D$4:$D$2069,'Carga Tributária doenças Po (2'!$L18) -> 2 | W18: =SUMIFS('Tabela Federal'!$E$4:$E$2069,'Tabela Federal'!$D$4:$D$2069,'Carga Tributária doenças Po (2'!$M18) -> 0 | X18: =SUMIFS('Tabela Federal'!$E$4:$E$2069,'Tabela Federal'!$D$4:$D$2069,'Carga Tributária doenças Po (2'!$N18) -> 0 | Y18: =SUMIFS('Tabela Federal'!$E$4:$E$2069,'Tabela Federal'!$D$4:$D$2069,'Carga Tributária doenças Po (2'!$O18) -> 0 | Z18: =VLOOKUP('Carga Tributária doenças Po (2'!$AD18,'Carga Tributária doenças Po (2'!$CA$12:$CC$16,2,0) -> + | AA18: BIFOSF OSTEOP E DES REL | AB18: 115436-72-1 | AC18: Tarja Vermelha | AD18: I | AE18: E | AF18: R | AG18: 476588 | AH18: 19699559 | AI18: 44973575 | AJ18: TRATAMENTO OSTEOPOROSE | AK18: =IF('Carga Tributária doenças Po (2'!$Z18="+",0,SUMIFS(PISCOFINS!$I$3:$I$10518,PISCOFINS!$C$3:$C$10518,'Carga Tributária doenças Po (2'!$C18)) -> 0 | AL18: =IF('Carga Tributária doenças Po (2'!$Z18="+",0,SUMIFS(PISCOFINS!$H$3:$H$10518,PISCOFINS!$C$3:$C$10518,'Carga Tributária doenças Po (2'!$C18)) -> 0 | AM18: 3.27 | AN18: 3.12 | AO18: 1.35 | AP18: 18 | AQ18: 12 | AR18: 17 | AS18: 17 | AT18: 19 | AU18: 18 | AV18: 17 | AW18: 17 | AX18: 17 | AY18: 17 | AZ18: 17 | BA18: 17 | BB18: 17 | BC18: 17 | BD18: 17 | BE18: 17 | BF18: =+Tabela1107[[#This Row],[PIS]]+Tabela1107[[#This Row],[COFINS]]+Tabela1107[[#This Row],[CONTRIB. FOLHA]]+Tabela1107[[#This Row],[TRIBUTOS S/ LUCRO]]+Tabela1107[[#This Row],[OUTROS]]+Tabela1107[[#This Row],[SP]] -> 25.74 | BG18: =+Tabela1107[[#This Row],[PIS]]+Tabela1107[[#This Row],[COFINS]]+Tabela1107[[#This Row],[CONTRIB. FOLHA]]+Tabela1107[[#This Row],[TRIBUTOS S/ LUCRO]]+Tabela1107[[#This Row],[OUTROS]]+Tabela1107[[#This Row],[PR]] -> 19.74 | BH18: =+Tabela1107[[#This Row],[PIS]]+Tabela1107[[#This Row],[COFINS]]+Tabela1107[[#This Row],[CONTRIB. FOLHA]]+Tabela1107[[#This Row],[TRIBUTOS S/ LUCRO]]+Tabela1107[[#This Row],[OUTROS]]+Tabela1107[[#This Row],[SC]] -> 24.74 | BI18: =+Tabela1107[[#This Row],[PIS]]+Tabela1107[[#This Row],[COFINS]]+Tabela1107[[#This Row],[CONTRIB. FOLHA]]+Tabela1107[[#This Row],[TRIBUTOS S/ LUCRO]]+Tabela1107[[#This Row],[OUTROS]]+Tabela1107[[#This Row],[RS]] -> 24.74 | BJ18: =+Tabela1107[[#This Row],[PIS]]+Tabela1107[[#This Row],[COFINS]]+Tabela1107[[#This Row],[CONTRIB. FOLHA]]+Tabela1107[[#This Row],[TRIBUTOS S/ LUCRO]]+Tabela1107[[#This Row],[OUTROS]]+Tabela1107[[#This Row],[RJ]] -> 26.74 | BK18: =+Tabela1107[[#This Row],[PIS]]+Tabela1107[[#This Row],[COFINS]]+Tabela1107[[#This Row],[CONTRIB. FOLHA]]+Tabela1107[[#This Row],[TRIBUTOS S/ LUCRO]]+Tabela1107[[#This Row],[OUTROS]]+Tabela1107[[#This Row],[MG]] -> 25.74 | BL18: =+Tabela1107[[#This Row],[PIS]]+Tabela1107[[#This Row],[COFINS]]+Tabela1107[[#This Row],[CONTRIB. FOLHA]]+Tabela1107[[#This Row],[TRIBUTOS S/ LUCRO]]+Tabela1107[[#This Row],[OUTROS]]+Tabela1107[[#This Row],[ES]] -> 24.74 | BM18: =+Tabela1107[[#This Row],[PIS]]+Tabela1107[[#This Row],[COFINS]]+Tabela1107[[#This Row],[CONTRIB. FOLHA]]+Tabela1107[[#This Row],[TRIBUTOS S/ LUCRO]]+Tabela1107[[#This Row],[OUTROS]]+Tabela1107[[#This Row],[GO]] -> 24.74 | BN18: =+Tabela1107[[#This Row],[PIS]]+Tabela1107[[#This Row],[COFINS]]+Tabela1107[[#This Row],[CONTRIB. FOLHA]]+Tabela1107[[#This Row],[TRIBUTOS S/ LUCRO]]+Tabela1107[[#This Row],[OUTROS]]+Tabela1107[[#This Row],[MT]] -> 24.74 | BO18: =+Tabela1107[[#This Row],[PIS]]+Tabela1107[[#This Row],[COFINS]]+Tabela1107[[#This Row],[CONTRIB. FOLHA]]+Tabela1107[[#This Row],[TRIBUTOS S/ LUCRO]]+Tabela1107[[#This Row],[OUTROS]]+Tabela1107[[#This Row],[MS]] -> 24.74 | BP18: =+Tabela1107[[#This Row],[PIS]]+Tabela1107[[#This Row],[COFINS]]+Tabela1107[[#This Row],[CONTRIB. FOLHA]]+Tabela1107[[#This Row],[TRIBUTOS S/ LUCRO]]+Tabela1107[[#This Row],[OUTROS]]+Tabela1107[[#This Row],[DF]] -> 24.74 | BQ18: =+Tabela1107[[#This Row],[PIS]]+Tabela1107[[#This Row],[COFINS]]+Tabela1107[[#This Row],[CONTRIB. FOLHA]]+Tabela1107[[#This Row],[TRIBUTOS S/ LUCRO]]+Tabela1107[[#This Row],[OUTROS]]+Tabela1107[[#This Row],[BA]] -> 24.74 | BR18: =+Tabela1107[[#This Row],[PIS]]+Tabela1107[[#This Row],[COFINS]]+Tabela1107[[#This Row],[CONTRIB. FOLHA]]+Tabela1107[[#This Row],[TRIBUTOS S/ LUCRO]]+Tabela1107[[#This Row],[OUTROS]]+Tabela1107[[#This Row],[BA]] -> 24.74 | BS18: =+Tabela1107[[#This Row],[PIS]]+Tabela1107[[#This Row],[COFINS]]+Tabela1107[[#This Row],[CONTRIB. FOLHA]]+Tabela1107[[#This Row],[TRIBUTOS S/ LUCRO]]+Tabela1107[[#This Row],[OUTROS]]+Tabela1107[[#This Row],[PE]] -> 24.74 | BT18: =+Tabela1107[[#This Row],[PIS]]+Tabela1107[[#This Row],[COFINS]]+Tabela1107[[#This Row],[CONTRIB. FOLHA]]+Tabela1107[[#This Row],[TRIBUTOS S/ LUCRO]]+Tabela1107[[#This Row],[OUTROS]]+Tabela1107[[#This Row],[PA]] -> 24.74 | BU18: =+Tabela1107[[#This Row],[PIS]]+Tabela1107[[#This Row],[COFINS]]+Tabela1107[[#This Row],[CONTRIB. FOLHA]]+Tabela1107[[#This Row],[TRIBUTOS S/ LUCRO]]+Tabela1107[[#This Row],[OUTROS]]+Tabela1107[[#This Row],[AM]] -> 24.74 | BV18: =AVERAGE(Tabela1107[[#This Row],[TOTAL SP]:[TOTAL AM]]) -> 24.6775
B19: 13402 | C19: 30049029 | E19: 20140626 | F19: 522708904117411 | G19: 7891045040426 | H19: 1211000560220 | I19: ADVIL | J19: ADVIL CAPS GELATIN 400 MG x 8 | K19: Ibuprofeno | L19: IBUPROFENO | R19: PFIZER CONSUMER | S19: WYETH INDÚSTRIA FARMACÊUTICA LTDA | T19: 61072393000133 | U19: =TRIM('Carga Tributária doenças Po (2'!$L19) -> IBUPROFENO | V19: =SUMIFS('Tabela Federal'!$E$4:$E$2069,'Tabela Federal'!$D$4:$D$2069,'Carga Tributária doenças Po (2'!$L19) -> 2 | W19: =SUMIFS('Tabela Federal'!$E$4:$E$2069,'Tabela Federal'!$D$4:$D$2069,'Carga Tributária doenças Po (2'!$M19) -> 0 | X19: =SUMIFS('Tabela Federal'!$E$4:$E$2069,'Tabela Federal'!$D$4:$D$2069,'Carga Tributária doenças Po (2'!$N19) -> 0 | Y19: =SUMIFS('Tabela Federal'!$E$4:$E$2069,'Tabela Federal'!$D$4:$D$2069,'Carga Tributária doenças Po (2'!$O19) -> 0 | Z19: =VLOOKUP('Carga Tributária doenças Po (2'!$AD19,'Carga Tributária doenças Po (2'!$CA$12:$CC$16,2,0) -> - | AA19: ANALG NAO NARCOT/A/PIRET | AB19: 15687-27-1 | AC19: Venda Livre | AD19: N | AE19: E | AF19: M | AG19: 3104441 | AH19: 15127292 | AI19: 34569972 | AJ19: CÓLICAS MENSTRUAIS | AK19: =IF('Carga Tributária doenças Po (2'!$Z19="+",0,SUMIFS(PISCOFINS!$I$3:$I$10518,PISCOFINS!$C$3:$C$10518,'Carga Tributária doenças Po (2'!$C19)) -> 2.1 | AL19: =IF('Carga Tributária doenças Po (2'!$Z19="+",0,SUMIFS(PISCOFINS!$H$3:$H$10518,PISCOFINS!$C$3:$C$10518,'Carga Tributária doenças Po (2'!$C19)) -> 9.9 | AM19: 3.27 | AN19: 3.12 | AO19: 1.35 | AP19: 18 | AQ19: 12 | AR19: 17 | AS19: 17 | AT19: 19 | AU19: 18 | AV19: 17 | AW19: 17 | AX19: 17 | AY19: 17 | AZ19: 17 | BA19: 17 | BB19: 17 | BC19: 17 | BD19: 17 | BE19: 17 | BF19: =+Tabela1107[[#This Row],[PIS]]+Tabela1107[[#This Row],[COFINS]]+Tabela1107[[#This Row],[CONTRIB. FOLHA]]+Tabela1107[[#This Row],[TRIBUTOS S/ LUCRO]]+Tabela1107[[#This Row],[OUTROS]]+Tabela1107[[#This Row],[SP]] -> 37.74 | BG19: =+Tabela1107[[#This Row],[PIS]]+Tabela1107[[#This Row],[COFINS]]+Tabela1107[[#This Row],[CONTRIB. FOLHA]]+Tabela1107[[#This Row],[TRIBUTOS S/ LUCRO]]+Tabela1107[[#This Row],[OUTROS]]+Tabela1107[[#This Row],[PR]] -> 31.74 | BH19: =+Tabela1107[[#This Row],[PIS]]+Tabela1107[[#This Row],[COFINS]]+Tabela1107[[#This Row],[CONTRIB. FOLHA]]+Tabela1107[[#This Row],[TRIBUTOS S/ LUCRO]]+Tabela1107[[#This Row],[OUTROS]]+Tabela1107[[#This Row],[SC]] -> 36.74 | BI19: =+Tabela1107[[#This Row],[PIS]]+Tabela1107[[#This Row],[COFINS]]+Tabela1107[[#This Row],[CONTRIB. FOLHA]]+Tabela1107[[#This Row],[TRIBUTOS S/ LUCRO]]+Tabela1107[[#This Row],[OUTROS]]+Tabela1107[[#This Row],[RS]] -> 36.74 | BJ19: =+Tabela1107[[#This Row],[PIS]]+Tabela1107[[#This Row],[COFINS]]+Tabela1107[[#This Row],[CONTRIB. FOLHA]]+Tabela1107[[#This Row],[TRIBUTOS S/ LUCRO]]+Tabela1107[[#This Row],[OUTROS]]+Tabela1107[[#This Row],[RJ]] -> 38.74 | BK19: =+Tabela1107[[#This Row],[PIS]]+Tabela1107[[#This Row],[COFINS]]+Tabela1107[[#This Row],[CONTRIB. FOLHA]]+Tabela1107[[#This Row],[TRIBUTOS S/ LUCRO]]+Tabela1107[[#This Row],[OUTROS]]+Tabela1107[[#This Row],[MG]] -> 37.74 | BL19: =+Tabela1107[[#This Row],[PIS]]+Tabela1107[[#This Row],[COFINS]]+Tabela1107[[#This Row],[CONTRIB. FOLHA]]+Tabela1107[[#This Row],[TRIBUTOS S/ LUCRO]]+Tabela1107[[#This Row],[OUTROS]]+Tabela1107[[#This Row],[ES]] -> 36.74 | BM19: =+Tabela1107[[#This Row],[PIS]]+Tabela1107[[#This Row],[COFINS]]+Tabela1107[[#This Row],[CONTRIB. FOLHA]]+Tabela1107[[#This Row],[TRIBUTOS S/ LUCRO]]+Tabela1107[[#This Row],[OUTROS]]+Tabela1107[[#This Row],[GO]] -> 36.74 | BN19: =+Tabela1107[[#This Row],[PIS]]+Tabela1107[[#This Row],[COFINS]]+Tabela1107[[#This Row],[CONTRIB. FOLHA]]+Tabela1107[[#This Row],[TRIBUTOS S/ LUCRO]]+Tabela1107[[#This Row],[OUTROS]]+Tabela1107[[#This Row],[MT]] -> 36.74 | BO19: =+Tabela1107[[#This Row],[PIS]]+Tabela1107[[#This Row],[COFINS]]+Tabela1107[[#This Row],[CONTRIB. FOLHA]]+Tabela1107[[#This Row],[TRIBUTOS S/ LUCRO]]+Tabela1107[[#This Row],[OUTROS]]+Tabela1107[[#This Row],[MS]] -> 36.74 | BP19: =+Tabela1107[[#This Row],[PIS]]+Tabela1107[[#This Row],[COFINS]]+Tabela1107[[#This Row],[CONTRIB. FOLHA]]+Tabela1107[[#This Row],[TRIBUTOS S/ LUCRO]]+Tabela1107[[#This Row],[OUTROS]]+Tabela1107[[#This Row],[DF]] -> 36.74 | BQ19: =+Tabela1107[[#This Row],[PIS]]+Tabela1107[[#This Row],[COFINS]]+Tabela1107[[#This Row],[CONTRIB. FOLHA]]+Tabela1107[[#This Row],[TRIBUTOS S/ LUCRO]]+Tabela1107[[#This Row],[OUTROS]]+Tabela1107[[#This Row],[BA]] -> 36.74 | BR19: =+Tabela1107[[#This Row],[PIS]]+Tabela1107[[#This Row],[COFINS]]+Tabela1107[[#This Row],[CONTRIB. FOLHA]]+Tabela1107[[#This Row],[TRIBUTOS S/ LUCRO]]+Tabela1107[[#This Row],[OUTROS]]+Tabela1107[[#This Row],[BA]] -> 36.74 | BS19: =+Tabela1107[[#This Row],[PIS]]+Tabela1107[[#This Row],[COFINS]]+Tabela1107[[#This Row],[CONTRIB. FOLHA]]+Tabela1107[[#This Row],[TRIBUTOS S/ LUCRO]]+Tabela1107[[#This Row],[OUTROS]]+Tabela1107[[#This Row],[PE]] -> 36.74 | BT19: =+Tabela1107[[#This Row],[PIS]]+Tabela1107[[#This Row],[COFINS]]+Tabela1107[[#This Row],[CONTRIB. FOLHA]]+Tabela1107[[#This Row],[TRIBUTOS S/ LUCRO]]+Tabela1107[[#This Row],[OUTROS]]+Tabela1107[[#This Row],[PA]] -> 36.74 | BU19: =+Tabela1107[[#This Row],[PIS]]+Tabela1107[[#This Row],[COFINS]]+Tabela1107[[#This Row],[CONTRIB. FOLHA]]+Tabela1107[[#This Row],[TRIBUTOS S/ LUCRO]]+Tabela1107[[#This Row],[OUTROS]]+Tabela1107[[#This Row],[AM]] -> 36.74 | BV19: =AVERAGE(Tabela1107[[#This Row],[TOTAL SP]:[TOTAL AM]]) -> 36.6775
B20: 13402 | C20: 30049029 | E20: 20140626 | F20: 522708904117411 | G20: 7891045040426 | H20: 1211000560220 | I20: ADVIL | J20: ADVIL CAPS GELATIN 400 MG x 8 | K20: Ibuprofeno | L20: IBUPROFENO | R20: PFIZER CONSUMER | S20: WYETH INDÚSTRIA FARMACÊUTICA LTDA | T20: 61072393000133 | U20: =TRIM('Carga Tributária doenças Po (2'!$L20) -> IBUPROFENO | V20: =SUMIFS('Tabela Federal'!$E$4:$E$2069,'Tabela Federal'!$D$4:$D$2069,'Carga Tributária doenças Po (2'!$L20) -> 2 | W20: =SUMIFS('Tabela Federal'!$E$4:$E$2069,'Tabela Federal'!$D$4:$D$2069,'Carga Tributária doenças Po (2'!$M20) -> 0 | X20: =SUMIFS('Tabela Federal'!$E$4:$E$2069,'Tabela Federal'!$D$4:$D$2069,'Carga Tributária doenças Po (2'!$N20) -> 0 | Y20: =SUMIFS('Tabela Federal'!$E$4:$E$2069,'Tabela Federal'!$D$4:$D$2069,'Carga Tributária doenças Po (2'!$O20) -> 0 | Z20: =VLOOKUP('Carga Tributária doenças Po (2'!$AD20,'Carga Tributária doenças Po (2'!$CA$12:$CC$16,2,0) -> - | AA20: ANALG NAO NARCOT/A/PIRET | AB20: 15687-27-1 | AC20: Venda Livre | AD20: N | AE20: E | AF20: M | AG20: 3104441 | AH20: 15127292 | AI20: 34569972 | AJ20: FEBRE | AK20: =IF('Carga Tributária doenças Po (2'!$Z20="+",0,SUMIFS(PISCOFINS!$I$3:$I$10518,PISCOFINS!$C$3:$C$10518,'Carga Tributária doenças Po (2'!$C20)) -> 2.1 | AL20: =IF('Carga Tributária doenças Po (2'!$Z20="+",0,SUMIFS(PISCOFINS!$H$3:$H$10518,PISCOFINS!$C$3:$C$10518,'Carga Tributária doenças Po (2'!$C20)) -> 9.9 | AM20: 3.27 | AN20: 3.12 | AO20: 1.35 | AP20: 18 | AQ20: 12 | AR20: 17 | AS20: 17 | AT20: 19 | AU20: 18 | AV20: 17 | AW20: 17 | AX20: 17 | AY20: 17 | AZ20: 17 | BA20: 17 | BB20: 17 | BC20: 17 | BD20: 17 | BE20: 17 | BF20: =+Tabela1107[[#This Row],[PIS]]+Tabela1107[[#This Row],[COFINS]]+Tabela1107[[#This Row],[CONTRIB. FOLHA]]+Tabela1107[[#This Row],[TRIBUTOS S/ LUCRO]]+Tabela1107[[#This Row],[OUTROS]]+Tabela1107[[#This Row],[SP]] -> 37.74 | BG20: =+Tabela1107[[#This Row],[PIS]]+Tabela1107[[#This Row],[COFINS]]+Tabela1107[[#This Row],[CONTRIB. FOLHA]]+Tabela1107[[#This Row],[TRIBUTOS S/ LUCRO]]+Tabela1107[[#This Row],[OUTROS]]+Tabela1107[[#This Row],[PR]] -> 31.74 | BH20: =+Tabela1107[[#This Row],[PIS]]+Tabela1107[[#This Row],[COFINS]]+Tabela1107[[#This Row],[CONTRIB. FOLHA]]+Tabela1107[[#This Row],[TRIBUTOS S/ LUCRO]]+Tabela1107[[#This Row],[OUTROS]]+Tabela1107[[#This Row],[SC]] -> 36.74 | BI20: =+Tabela1107[[#This Row],[PIS]]+Tabela1107[[#This Row],[COFINS]]+Tabela1107[[#This Row],[CONTRIB. FOLHA]]+Tabela1107[[#This Row],[TRIBUTOS S/ LUCRO]]+Tabela1107[[#This Row],[OUTROS]]+Tabela1107[[#This Row],[RS]] -> 36.74 | BJ20: =+Tabela1107[[#This Row],[PIS]]+Tabela1107[[#This Row],[COFINS]]+Tabela1107[[#This Row],[CONTRIB. FOLHA]]+Tabela1107[[#This Row],[TRIBUTOS S/ LUCRO]]+Tabela1107[[#This Row],[OUTROS]]+Tabela1107[[#This Row],[RJ]] -> 38.74 | BK20: =+Tabela1107[[#This Row],[PIS]]+Tabela1107[[#This Row],[COFINS]]+Tabela1107[[#This Row],[CONTRIB. FOLHA]]+Tabela1107[[#This Row],[TRIBUTOS S/ LUCRO]]+Tabela1107[[#This Row],[OUTROS]]+Tabela1107[[#This Row],[MG]] -> 37.74 | BL20: =+Tabela1107[[#This Row],[PIS]]+Tabela1107[[#This Row],[COFINS]]+Tabela1107[[#This Row],[CONTRIB. FOLHA]]+Tabela1107[[#This Row],[TRIBUTOS S/ LUCRO]]+Tabela1107[[#This Row],[OUTROS]]+Tabela1107[[#This Row],[ES]] -> 36.74 | BM20: =+Tabela1107[[#This Row],[PIS]]+Tabela1107[[#This Row],[COFINS]]+Tabela1107[[#This Row],[CONTRIB. FOLHA]]+Tabela1107[[#This Row],[TRIBUTOS S/ LUCRO]]+Tabela1107[[#This Row],[OUTROS]]+Tabela1107[[#This Row],[GO]] -> 36.74 | BN20: =+Tabela1107[[#This Row],[PIS]]+Tabela1107[[#This Row],[COFINS]]+Tabela1107[[#This Row],[CONTRIB. FOLHA]]+Tabela1107[[#This Row],[TRIBUTOS S/ LUCRO]]+Tabela1107[[#This Row],[OUTROS]]+Tabela1107[[#This Row],[MT]] -> 36.74 | BO20: =+Tabela1107[[#This Row],[PIS]]+Tabela1107[[#This Row],[COFINS]]+Tabela1107[[#This Row],[CONTRIB. FOLHA]]+Tabela1107[[#This Row],[TRIBUTOS S/ LUCRO]]+Tabela1107[[#This Row],[OUTROS]]+Tabela1107[[#This Row],[MS]] -> 36.74 | BP20: =+Tabela1107[[#This Row],[PIS]]+Tabela1107[[#This Row],[COFINS]]+Tabela1107[[#This Row],[CONTRIB. FOLHA]]+Tabela1107[[#This Row],[TRIBUTOS S/ LUCRO]]+Tabela1107[[#This Row],[OUTROS]]+Tabela1107[[#This Row],[DF]] -> 36.74 | BQ20: =+Tabela1107[[#This Row],[PIS]]+Tabela1107[[#This Row],[COFINS]]+Tabela1107[[#This Row],[CONTRIB. FOLHA]]+Tabela1107[[#This Row],[TRIBUTOS S/ LUCRO]]+Tabela1107[[#This Row],[OUTROS]]+Tabela1107[[#This Row],[BA]] -> 36.74 | BR20: =+Tabela1107[[#This Row],[PIS]]+Tabela1107[[#This Row],[COFINS]]+Tabela1107[[#This Row],[CONTRIB. FOLHA]]+Tabela1107[[#This Row],[TRIBUTOS S/ LUCRO]]+Tabela1107[[#This Row],[OUTROS]]+Tabela1107[[#This Row],[BA]] -> 36.74 | BS20: =+Tabela1107[[#This Row],[PIS]]+Tabela1107[[#This Row],[COFINS]]+Tabela1107[[#This Row],[CONTRIB. FOLHA]]+Tabela1107[[#This Row],[TRIBUTOS S/ LUCRO]]+Tabela1107[[#This Row],[OUTROS]]+Tabela1107[[#This Row],[PE]] -> 36.74 | BT20: =+Tabela1107[[#This Row],[PIS]]+Tabela1107[[#This Row],[COFINS]]+Tabela1107[[#This Row],[CONTRIB. FOLHA]]+Tabela1107[[#This Row],[TRIBUTOS S/ LUCRO]]+Tabela1107[[#This Row],[OUTROS]]+Tabela1107[[#This Row],[PA]] -> 36.74 | BU20: =+Tabela1107[[#This Row],[PIS]]+Tabela1107[[#This Row],[COFINS]]+Tabela1107[[#This Row],[CONTRIB. FOLHA]]+Tabela1107[[#This Row],[TRIBUTOS S/ LUCRO]]+Tabela1107[[#This Row],[OUTROS]]+Tabela1107[[#This Row],[AM]] -> 36.74 | BV20: =AVERAGE(Tabela1107[[#This Row],[TOTAL SP]:[TOTAL AM]]) -> 36.6775
B21: 13402 | C21: 30049029 | E21: 20140626 | F21: 522708904117411 | G21: 7891045040426 | H21: 1211000560220 | I21: ADVIL | J21: ADVIL CAPS GELATIN 400 MG x 8 | K21: Ibuprofeno | L21: IBUPROFENO | R21: PFIZER CONSUMER | S21: WYETH INDÚSTRIA FARMACÊUTICA LTDA | T21: 61072393000133 | U21: =TRIM('Carga Tributária doenças Po (2'!$L21) -> IBUPROFENO | V21: =SUMIFS('Tabela Federal'!$E$4:$E$2069,'Tabela Federal'!$D$4:$D$2069,'Carga Tributária doenças Po (2'!$L21) -> 2 | W21: =SUMIFS('Tabela Federal'!$E$4:$E$2069,'Tabela Federal'!$D$4:$D$2069,'Carga Tributária doenças Po (2'!$M21) -> 0 | X21: =SUMIFS('Tabela Federal'!$E$4:$E$2069,'Tabela Federal'!$D$4:$D$2069,'Carga Tributária doenças Po (2'!$N21) -> 0 | Y21: =SUMIFS('Tabela Federal'!$E$4:$E$2069,'Tabela Federal'!$D$4:$D$2069,'Carga Tributária doenças Po (2'!$O21) -> 0 | Z21: =VLOOKUP('Carga Tributária doenças Po (2'!$AD21,'Carga Tributária doenças Po (2'!$CA$12:$CC$16,2,0) -> - | AA21: ANALG NAO NARCOT/A/PIRET | AB21: 15687-27-1 | AC21: Venda Livre | AD21: N | AE21: E | AF21: M | AG21: 3104441 | AH21: 15127292 | AI21: 34569972 | AJ21: SINUSITE | AK21: =IF('Carga Tributária doenças Po (2'!$Z21="+",0,SUMIFS(PISCOFINS!$I$3:$I$10518,PISCOFINS!$C$3:$C$10518,'Carga Tributária doenças Po (2'!$C21)) -> 2.1 | AL21: =IF('Carga Tributária doenças Po (2'!$Z21="+",0,SUMIFS(PISCOFINS!$H$3:$H$10518,PISCOFINS!$C$3:$C$10518,'Carga Tributária doenças Po (2'!$C21)) -> 9.9 | AM21: 3.27 | AN21: 3.12 | AO21: 1.35 | AP21: 18 | AQ21: 12 | AR21: 17 | AS21: 17 | AT21: 19 | AU21: 18 | AV21: 17 | AW21: 17 | AX21: 17 | AY21: 17 | AZ21: 17 | BA21: 17 | BB21: 17 | BC21: 17 | BD21: 17 | BE21: 17 | BF21: =+Tabela1107[[#This Row],[PIS]]+Tabela1107[[#This Row],[COFINS]]+Tabela1107[[#This Row],[CONTRIB. FOLHA]]+Tabela1107[[#This Row],[TRIBUTOS S/ LUCRO]]+Tabela1107[[#This Row],[OUTROS]]+Tabela1107[[#This Row],[SP]] -> 37.74 | BG21: =+Tabela1107[[#This Row],[PIS]]+Tabela1107[[#This Row],[COFINS]]+Tabela1107[[#This Row],[CONTRIB. FOLHA]]+Tabela1107[[#This Row],[TRIBUTOS S/ LUCRO]]+Tabela1107[[#This Row],[OUTROS]]+Tabela1107[[#This Row],[PR]] -> 31.74 | BH21: =+Tabela1107[[#This Row],[PIS]]+Tabela1107[[#This Row],[COFINS]]+Tabela1107[[#This Row],[CONTRIB. FOLHA]]+Tabela1107[[#This Row],[TRIBUTOS S/ LUCRO]]+Tabela1107[[#This Row],[OUTROS]]+Tabela1107[[#This Row],[SC]] -> 36.74 | BI21: =+Tabela1107[[#This Row],[PIS]]+Tabela1107[[#This Row],[COFINS]]+Tabela1107[[#This Row],[CONTRIB. FOLHA]]+Tabela1107[[#This Row],[TRIBUTOS S/ LUCRO]]+Tabela1107[[#This Row],[OUTROS]]+Tabela1107[[#This Row],[RS]] -> 36.74 | BJ21: =+Tabela1107[[#This Row],[PIS]]+Tabela1107[[#This Row],[COFINS]]+Tabela1107[[#This Row],[CONTRIB. FOLHA]]+Tabela1107[[#This Row],[TRIBUTOS S/ LUCRO]]+Tabela1107[[#This Row],[OUTROS]]+Tabela1107[[#This Row],[RJ]] -> 38.74 | BK21: =+Tabela1107[[#This Row],[PIS]]+Tabela1107[[#This Row],[COFINS]]+Tabela1107[[#This Row],[CONTRIB. FOLHA]]+Tabela1107[[#This Row],[TRIBUTOS S/ LUCRO]]+Tabela1107[[#This Row],[OUTROS]]+Tabela1107[[#This Row],[MG]] -> 37.74 | BL21: =+Tabela1107[[#This Row],[PIS]]+Tabela1107[[#This Row],[COFINS]]+Tabela1107[[#This Row],[CONTRIB. FOLHA]]+Tabela1107[[#This Row],[TRIBUTOS S/ LUCRO]]+Tabela1107[[#This Row],[OUTROS]]+Tabela1107[[#This Row],[ES]] -> 36.74 | BM21: =+Tabela1107[[#This Row],[PIS]]+Tabela1107[[#This Row],[COFINS]]+Tabela1107[[#This Row],[CONTRIB. FOLHA]]+Tabela1107[[#This Row],[TRIBUTOS S/ LUCRO]]+Tabela1107[[#This Row],[OUTROS]]+Tabela1107[[#This Row],[GO]] -> 36.74 | BN21: =+Tabela1107[[#This Row],[PIS]]+Tabela1107[[#This Row],[COFINS]]+Tabela1107[[#This Row],[CONTRIB. FOLHA]]+Tabela1107[[#This Row],[TRIBUTOS S/ LUCRO]]+Tabela1107[[#This Row],[OUTROS]]+Tabela1107[[#This Row],[MT]] -> 36.74 | BO21: =+Tabela1107[[#This Row],[PIS]]+Tabela1107[[#This Row],[COFINS]]+Tabela1107[[#This Row],[CONTRIB. FOLHA]]+Tabela1107[[#This Row],[TRIBUTOS S/ LUCRO]]+Tabela1107[[#This Row],[OUTROS]]+Tabela1107[[#This Row],[MS]] -> 36.74 | BP21: =+Tabela1107[[#This Row],[PIS]]+Tabela1107[[#This Row],[COFINS]]+Tabela1107[[#This Row],[CONTRIB. FOLHA]]+Tabela1107[[#This Row],[TRIBUTOS S/ LUCRO]]+Tabela1107[[#This Row],[OUTROS]]+Tabela1107[[#This Row],[DF]] -> 36.74 | BQ21: =+Tabela1107[[#This Row],[PIS]]+Tabela1107[[#This Row],[COFINS]]+Tabela1107[[#This Row],[CONTRIB. FOLHA]]+Tabela1107[[#This Row],[TRIBUTOS S/ LUCRO]]+Tabela1107[[#This Row],[OUTROS]]+Tabela1107[[#This Row],[BA]] -> 36.74 | BR21: =+Tabela1107[[#This Row],[PIS]]+Tabela1107[[#This Row],[COFINS]]+Tabela1107[[#This Row],[CONTRIB. FOLHA]]+Tabela1107[[#This Row],[TRIBUTOS S/ LUCRO]]+Tabela1107[[#This Row],[OUTROS]]+Tabela1107[[#This Row],[BA]] -> 36.74 | BS21: =+Tabela1107[[#This Row],[PIS]]+Tabela1107[[#This Row],[COFINS]]+Tabela1107[[#This Row],[CONTRIB. FOLHA]]+Tabela1107[[#This Row],[TRIBUTOS S/ LUCRO]]+Tabela1107[[#This Row],[OUTROS]]+Tabela1107[[#This Row],[PE]] -> 36.74 | BT21: =+Tabela1107[[#This Row],[PIS]]+Tabela1107[[#This Row],[COFINS]]+Tabela1107[[#This Row],[CONTRIB. FOLHA]]+Tabela1107[[#This Row],[TRIBUTOS S/ LUCRO]]+Tabela1107[[#This Row],[OUTROS]]+Tabela1107[[#This Row],[PA]] -> 36.74 | BU21: =+Tabela1107[[#This Row],[PIS]]+Tabela1107[[#This Row],[COFINS]]+Tabela1107[[#This Row],[CONTRIB. FOLHA]]+Tabela1107[[#This Row],[TRIBUTOS S/ LUCRO]]+Tabela1107[[#This Row],[OUTROS]]+Tabela1107[[#This Row],[AM]] -> 36.74 | BV21: =AVERAGE(Tabela1107[[#This Row],[TOTAL SP]:[TOTAL AM]]) -> 36.6775
B22: 19249 | C22: 30049099 | E22: 20140626 | F22: 520700401111417 | G22: 7896112141846 | H22: 1037001570018 | I22: AFOPIC | J22: AFOPIC CPR 5 MG x 20 | K22: Ácido Fólico | L22: ACIDO FOLICO | R22: TEUTO BRASILEIRO | S22: LABORATÓRIO TEUTO BRASILEIRO S/A | T22: 17159229000176 | U22: =TRIM('Carga Tributária doenças Po (2'!$L22) -> ACIDO FOLICO | V22: =SUMIFS('Tabela Federal'!$E$4:$E$2069,'Tabela Federal'!$D$4:$D$2069,'Carga Tributária doenças Po (2'!$L22) -> 1 | W22: =SUMIFS('Tabela Federal'!$E$4:$E$2069,'Tabela Federal'!$D$4:$D$2069,'Carga Tributária doenças Po (2'!$M22) -> 0 | X22: =SUMIFS('Tabela Federal'!$E$4:$E$2069,'Tabela Federal'!$D$4:$D$2069,'Carga Tributária doenças Po (2'!$N22) -> 0 | Y22: =SUMIFS('Tabela Federal'!$E$4:$E$2069,'Tabela Federal'!$D$4:$D$2069,'Carga Tributária doenças Po (2'!$O22) -> 0 | Z22: =VLOOKUP('Carga Tributária doenças Po (2'!$AD22,'Carga Tributária doenças Po (2'!$CA$12:$CC$16,2,0) -> - | AA22: O.P.A/ANEM.A.FOLIC/FOLIN | AB22: 59-30-3 | AC22: Tarja Vermelha | AD22: N | AE22: E | AF22: M | AG22: 734175 | AH22: 1757030 | AI22: 4016936 | AJ22: ANEMIA | AK22: =IF('Carga Tributária doenças Po (2'!$Z22="+",0,SUMIFS(PISCOFINS!$I$3:$I$10518,PISCOFINS!$C$3:$C$10518,'Carga Tributária doenças Po (2'!$C22)) -> 2.1 | AL22: =IF('Carga Tributária doenças Po (2'!$Z22="+",0,SUMIFS(PISCOFINS!$H$3:$H$10518,PISCOFINS!$C$3:$C$10518,'Carga Tributária doenças Po (2'!$C22)) -> 9.9 | AM22: 3.27 | AN22: 3.12 | AO22: 1.35 | AP22: 18 | AQ22: 12 | AR22: 17 | AS22: 17 | AT22: 19 | AU22: 18 | AV22: 17 | AW22: 17 | AX22: 17 | AY22: 17 | AZ22: 17 | BA22: 17 | BB22: 17 | BC22: 17 | BD22: 17 | BE22: 17 | BF22: =+Tabela1107[[#This Row],[PIS]]+Tabela1107[[#This Row],[COFINS]]+Tabela1107[[#This Row],[CONTRIB. FOLHA]]+Tabela1107[[#This Row],[TRIBUTOS S/ LUCRO]]+Tabela1107[[#This Row],[OUTROS]]+Tabela1107[[#This Row],[SP]] -> 37.74 | BG22: =+Tabela1107[[#This Row],[PIS]]+Tabela1107[[#This Row],[COFINS]]+Tabela1107[[#This Row],[CONTRIB. FOLHA]]+Tabela1107[[#This Row],[TRIBUTOS S/ LUCRO]]+Tabela1107[[#This Row],[OUTROS]]+Tabela1107[[#This Row],[PR]] -> 31.74 | BH22: =+Tabela1107[[#This Row],[PIS]]+Tabela1107[[#This Row],[COFINS]]+Tabela1107[[#This Row],[CONTRIB. FOLHA]]+Tabela1107[[#This Row],[TRIBUTOS S/ LUCRO]]+Tabela1107[[#This Row],[OUTROS]]+Tabela1107[[#This Row],[SC]] -> 36.74 | BI22: =+Tabela1107[[#This Row],[PIS]]+Tabela1107[[#This Row],[COFINS]]+Tabela1107[[#This Row],[CONTRIB. FOLHA]]+Tabela1107[[#This Row],[TRIBUTOS S/ LUCRO]]+Tabela1107[[#This Row],[OUTROS]]+Tabela1107[[#This Row],[RS]] -> 36.74 | BJ22: =+Tabela1107[[#This Row],[PIS]]+Tabela1107[[#This Row],[COFINS]]+Tabela1107[[#This Row],[CONTRIB. FOLHA]]+Tabela1107[[#This Row],[TRIBUTOS S/ LUCRO]]+Tabela1107[[#This Row],[OUTROS]]+Tabela1107[[#This Row],[RJ]] -> 38.74 | BK22: =+Tabela1107[[#This Row],[PIS]]+Tabela1107[[#This Row],[COFINS]]+Tabela1107[[#This Row],[CONTRIB. FOLHA]]+Tabela1107[[#This Row],[TRIBUTOS S/ LUCRO]]+Tabela1107[[#This Row],[OUTROS]]+Tabela1107[[#This Row],[MG]] -> 37.74 | BL22: =+Tabela1107[[#This Row],[PIS]]+Tabela1107[[#This Row],[COFINS]]+Tabela1107[[#This Row],[CONTRIB. FOLHA]]+Tabela1107[[#This Row],[TRIBUTOS S/ LUCRO]]+Tabela1107[[#This Row],[OUTROS]]+Tabela1107[[#This Row],[ES]] -> 36.74 | BM22: =+Tabela1107[[#This Row],[PIS]]+Tabela1107[[#This Row],[COFINS]]+Tabela1107[[#This Row],[CONTRIB. FOLHA]]+Tabela1107[[#This Row],[TRIBUTOS S/ LUCRO]]+Tabela1107[[#This Row],[OUTROS]]+Tabela1107[[#This Row],[GO]] -> 36.74 | BN22: =+Tabela1107[[#This Row],[PIS]]+Tabela1107[[#This Row],[COFINS]]+Tabela1107[[#This Row],[CONTRIB. FOLHA]]+Tabela1107[[#This Row],[TRIBUTOS S/ LUCRO]]+Tabela1107[[#This Row],[OUTROS]]+Tabela1107[[#This Row],[MT]] -> 36.74 | BO22: =+Tabela1107[[#This Row],[PIS]]+Tabela1107[[#This Row],[COFINS]]+Tabela1107[[#This Row],[CONTRIB. FOLHA]]+Tabela1107[[#This Row],[TRIBUTOS S/ LUCRO]]+Tabela1107[[#This Row],[OUTROS]]+Tabela1107[[#This Row],[MS]] -> 36.74 | BP22: =+Tabela1107[[#This Row],[PIS]]+Tabela1107[[#This Row],[COFINS]]+Tabela1107[[#This Row],[CONTRIB. FOLHA]]+Tabela1107[[#This Row],[TRIBUTOS S/ LUCRO]]+Tabela1107[[#This Row],[OUTROS]]+Tabela1107[[#This Row],[DF]] -> 36.74 | BQ22: =+Tabela1107[[#This Row],[PIS]]+Tabela1107[[#This Row],[COFINS]]+Tabela1107[[#This Row],[CONTRIB. FOLHA]]+Tabela1107[[#This Row],[TRIBUTOS S/ LUCRO]]+Tabela1107[[#This Row],[OUTROS]]+Tabela1107[[#This Row],[BA]] -> 36.74 | BR22: =+Tabela1107[[#This Row],[PIS]]+Tabela1107[[#This Row],[COFINS]]+Tabela1107[[#This Row],[CONTRIB. FOLHA]]+Tabela1107[[#This Row],[TRIBUTOS S/ LUCRO]]+Tabela1107[[#This Row],[OUTROS]]+Tabela1107[[#This Row],[BA]] -> 36.74 | BS22: =+Tabela1107[[#This Row],[PIS]]+Tabela1107[[#This Row],[COFINS]]+Tabela1107[[#This Row],[CONTRIB. FOLHA]]+Tabela1107[[#This Row],[TRIBUTOS S/ LUCRO]]+Tabela1107[[#This Row],[OUTROS]]+Tabela1107[[#This Row],[PE]] -> 36.74 | BT22: =+Tabela1107[[#This Row],[PIS]]+Tabela1107[[#This Row],[COFINS]]+Tabela1107[[#This Row],[CONTRIB. FOLHA]]+Tabela1107[[#This Row],[TRIBUTOS S/ LUCRO]]+Tabela1107[[#This Row],[OUTROS]]+Tabela1107[[#This Row],[PA]] -> 36.74 | BU22: =+Tabela1107[[#This Row],[PIS]]+Tabela1107[[#This Row],[COFINS]]+Tabela1107[[#This Row],[CONTRIB. FOLHA]]+Tabela1107[[#This Row],[TRIBUTOS S/ LUCRO]]+Tabela1107[[#This Row],[OUTROS]]+Tabela1107[[#This Row],[AM]] -> 36.74 | BV22: =AVERAGE(Tabela1107[[#This Row],[TOTAL SP]:[TOTAL AM]]) -> 36.6775
B23: 12201 | C23: 30049099 | E23: 20140626 | F23: 538806304110413 | G23: 7896004736778 | H23: 1677301360059 | I23: AH-ZUL | J23: AH-ZUL CPR REVEST 50 MG x 1 | K23: Citrato de sildenafila | L23: CITRATO DE SILDENAFILA | R23: LEGRAND | S23: LEGRAND PHARMA INDÚSTRIA FARMACÊUTICA LTDA | T23: 05044984000126 | U23: =TRIM('Carga Tributária doenças Po (2'!$L23) -> CITRATO DE SILDENAFILA | V23: =SUMIFS('Tabela Federal'!$E$4:$E$2069,'Tabela Federal'!$D$4:$D$2069,'Carga Tributária doenças Po (2'!$L23) -> 1 | W23: =SUMIFS('Tabela Federal'!$E$4:$E$2069,'Tabela Federal'!$D$4:$D$2069,'Carga Tributária doenças Po (2'!$M23) -> 0 | X23: =SUMIFS('Tabela Federal'!$E$4:$E$2069,'Tabela Federal'!$D$4:$D$2069,'Carga Tributária doenças Po (2'!$N23) -> 0 | Y23: =SUMIFS('Tabela Federal'!$E$4:$E$2069,'Tabela Federal'!$D$4:$D$2069,'Carga Tributária doenças Po (2'!$O23) -> 0 | Z23: =VLOOKUP('Carga Tributária doenças Po (2'!$AD23,'Carga Tributária doenças Po (2'!$CA$12:$CC$16,2,0) -> - | AA23: PRD DISF ERECTIL | AB23: 171599-83-0 | AC23: Tarja Vermelha | AD23: N | AE23: P | AF23: M | AG23: 1588844 | AH23: 6152881 | AI23: 14045538 | AJ23: DISFUNÇÃO ERÉTIL | AK23: =IF('Carga Tributária doenças Po (2'!$Z23="+",0,SUMIFS(PISCOFINS!$I$3:$I$10518,PISCOFINS!$C$3:$C$10518,'Carga Tributária doenças Po (2'!$C23)) -> 2.1 | AL23: =IF('Carga Tributária doenças Po (2'!$Z23="+",0,SUMIFS(PISCOFINS!$H$3:$H$10518,PISCOFINS!$C$3:$C$10518,'Carga Tributária doenças Po (2'!$C23)) -> 9.9 | AM23: 3.27 | AN23: 3.12 | AO23: 1.35 | AP23: 18 | AQ23: 12 | AR23: 17 | AS23: 17 | AT23: 19 | AU23: 18 | AV23: 17 | AW23: 17 | AX23: 17 | AY23: 17 | AZ23: 17 | BA23: 17 | BB23: 17 | BC23: 17 | BD23: 17 | BE23: 17 | BF23: =+Tabela1107[[#This Row],[PIS]]+Tabela1107[[#This Row],[COFINS]]+Tabela1107[[#This Row],[CONTRIB. FOLHA]]+Tabela1107[[#This Row],[TRIBUTOS S/ LUCRO]]+Tabela1107[[#This Row],[OUTROS]]+Tabela1107[[#This Row],[SP]] -> 37.74 | BG23: =+Tabela1107[[#This Row],[PIS]]+Tabela1107[[#This Row],[COFINS]]+Tabela1107[[#This Row],[CONTRIB. FOLHA]]+Tabela1107[[#This Row],[TRIBUTOS S/ LUCRO]]+Tabela1107[[#This Row],[OUTROS]]+Tabela1107[[#This Row],[PR]] -> 31.74 | BH23: =+Tabela1107[[#This Row],[PIS]]+Tabela1107[[#This Row],[COFINS]]+Tabela1107[[#This Row],[CONTRIB. FOLHA]]+Tabela1107[[#This Row],[TRIBUTOS S/ LUCRO]]+Tabela1107[[#This Row],[OUTROS]]+Tabela1107[[#This Row],[SC]] -> 36.74 | BI23: =+Tabela1107[[#This Row],[PIS]]+Tabela1107[[#This Row],[COFINS]]+Tabela1107[[#This Row],[CONTRIB. FOLHA]]+Tabela1107[[#This Row],[TRIBUTOS S/ LUCRO]]+Tabela1107[[#This Row],[OUTROS]]+Tabela1107[[#This Row],[RS]] -> 36.74 | BJ23: =+Tabela1107[[#This Row],[PIS]]+Tabela1107[[#This Row],[COFINS]]+Tabela1107[[#This Row],[CONTRIB. FOLHA]]+Tabela1107[[#This Row],[TRIBUTOS S/ LUCRO]]+Tabela1107[[#This Row],[OUTROS]]+Tabela1107[[#This Row],[RJ]] -> 38.74 | BK23: =+Tabela1107[[#This Row],[PIS]]+Tabela1107[[#This Row],[COFINS]]+Tabela1107[[#This Row],[CONTRIB. FOLHA]]+Tabela1107[[#This Row],[TRIBUTOS S/ LUCRO]]+Tabela1107[[#This Row],[OUTROS]]+Tabela1107[[#This Row],[MG]] -> 37.74 | BL23: =+Tabela1107[[#This Row],[PIS]]+Tabela1107[[#This Row],[COFINS]]+Tabela1107[[#This Row],[CONTRIB. FOLHA]]+Tabela1107[[#This Row],[TRIBUTOS S/ LUCRO]]+Tabela1107[[#This Row],[OUTROS]]+Tabela1107[[#This Row],[ES]] -> 36.74 | BM23: =+Tabela1107[[#This Row],[PIS]]+Tabela1107[[#This Row],[COFINS]]+Tabela1107[[#This Row],[CONTRIB. FOLHA]]+Tabela1107[[#This Row],[TRIBUTOS S/ LUCRO]]+Tabela1107[[#This Row],[OUTROS]]+Tabela1107[[#This Row],[GO]] -> 36.74 | BN23: =+Tabela1107[[#This Row],[PIS]]+Tabela1107[[#This Row],[COFINS]]+Tabela1107[[#This Row],[CONTRIB. FOLHA]]+Tabela1107[[#This Row],[TRIBUTOS S/ LUCRO]]+Tabela1107[[#This Row],[OUTROS]]+Tabela1107[[#This Row],[MT]] -> 36.74 | BO23: =+Tabela1107[[#This Row],[PIS]]+Tabela1107[[#This Row],[COFINS]]+Tabela1107[[#This Row],[CONTRIB. FOLHA]]+Tabela1107[[#This Row],[TRIBUTOS S/ LUCRO]]+Tabela1107[[#This Row],[OUTROS]]+Tabela1107[[#This Row],[MS]] -> 36.74 | BP23: =+Tabela1107[[#This Row],[PIS]]+Tabela1107[[#This Row],[COFINS]]+Tabela1107[[#This Row],[CONTRIB. FOLHA]]+Tabela1107[[#This Row],[TRIBUTOS S/ LUCRO]]+Tabela1107[[#This Row],[OUTROS]]+Tabela1107[[#This Row],[DF]] -> 36.74 | BQ23: =+Tabela1107[[#This Row],[PIS]]+Tabela1107[[#This Row],[COFINS]]+Tabela1107[[#This Row],[CONTRIB. FOLHA]]+Tabela1107[[#This Row],[TRIBUTOS S/ LUCRO]]+Tabela1107[[#This Row],[OUTROS]]+Tabela1107[[#This Row],[BA]] -> 36.74 | BR23: =+Tabela1107[[#This Row],[PIS]]+Tabela1107[[#This Row],[COFINS]]+Tabela1107[[#This Row],[CONTRIB. FOLHA]]+Tabela1107[[#This Row],[TRIBUTOS S/ LUCRO]]+Tabela1107[[#This Row],[OUTROS]]+Tabela1107[[#This Row],[BA]] -> 36.74 | BS23: =+Tabela1107[[#This Row],[PIS]]+Tabela1107[[#This Row],[COFINS]]+Tabela1107[[#This Row],[CONTRIB. FOLHA]]+Tabela1107[[#This Row],[TRIBUTOS S/ LUCRO]]+Tabela1107[[#This Row],[OUTROS]]+Tabela1107[[#This Row],[PE]] -> 36.74 | BT23: =+Tabela1107[[#This Row],[PIS]]+Tabela1107[[#This Row],[COFINS]]+Tabela1107[[#This Row],[CONTRIB. FOLHA]]+Tabela1107[[#This Row],[TRIBUTOS S/ LUCRO]]+Tabela1107[[#This Row],[OUTROS]]+Tabela1107[[#This Row],[PA]] -> 36.74 | BU23: =+Tabela1107[[#This Row],[PIS]]+Tabela1107[[#This Row],[COFINS]]+Tabela1107[[#This Row],[CONTRIB. FOLHA]]+Tabela1107[[#This Row],[TRIBUTOS S/ LUCRO]]+Tabela1107[[#This Row],[OUTROS]]+Tabela1107[[#This Row],[AM]] -> 36.74 | BV23: =AVERAGE(Tabela1107[[#This Row],[TOTAL SP]:[TOTAL AM]]) -> 36.6775
B24: 14991 | C24: 30049069 | E24: 20140626 | F24: 500209701112314 | G24: 7896255711005 | H24: 1055303340021 | I24: AKINETON | J24: AKINETON CPR 2 MG x 80 | K24: Cloridrato de biperideno | L24: CLORIDRATO DE BIPERIDENO | R24: ABBOTT | S24: ABBOTT LABORATÓRIOS DO BRASIL LTDA | T24: 56998701000116 | U24: =TRIM('Carga Tributária doenças Po (2'!$L24) -> CLORIDRATO DE BIPERIDENO | V24: =SUMIFS('Tabela Federal'!$E$4:$E$2069,'Tabela Federal'!$D$4:$D$2069,'Carga Tributária doenças Po (2'!$L24) -> 1 | W24: =SUMIFS('Tabela Federal'!$E$4:$E$2069,'Tabela Federal'!$D$4:$D$2069,'Carga Tributária doenças Po (2'!$M24) -> 0 | X24: =SUMIFS('Tabela Federal'!$E$4:$E$2069,'Tabela Federal'!$D$4:$D$2069,'Carga Tributária doenças Po (2'!$N24) -> 0 | Y24: =SUMIFS('Tabela Federal'!$E$4:$E$2069,'Tabela Federal'!$D$4:$D$2069,'Carga Tributária doenças Po (2'!$O24) -> 0 | Z24: =VLOOKUP('Carga Tributária doenças Po (2'!$AD24,'Carga Tributária doenças Po (2'!$CA$12:$CC$16,2,0) -> + | AA24: A/PARKINSONIANOS | AB24: 1235-82-1 | AC24: Tarja Vermelha | AD24: I | AE24: E | AF24: R | AG24: 553221 | AH24: 5005449 | AI24: 11426125 | AJ24: PARKINSON | AK24: =IF('Carga Tributária doenças Po (2'!$Z24="+",0,SUMIFS(PISCOFINS!$I$3:$I$10518,PISCOFINS!$C$3:$C$10518,'Carga Tributária doenças Po (2'!$C24)) -> 0 | AL24: =IF('Carga Tributária doenças Po (2'!$Z24="+",0,SUMIFS(PISCOFINS!$H$3:$H$10518,PISCOFINS!$C$3:$C$10518,'Carga Tributária doenças Po (2'!$C24)) -> 0 | AM24: 3.27 | AN24: 3.12 | AO24: 1.35 | AP24: 18 | AQ24: 12 | AR24: 17 | AS24: 17 | AT24: 19 | AU24: 18 | AV24: 17 | AW24: 17 | AX24: 17 | AY24: 17 | AZ24: 17 | BA24: 17 | BB24: 17 | BC24: 17 | BD24: 17 | BE24: 17 | BF24: =+Tabela1107[[#This Row],[PIS]]+Tabela1107[[#This Row],[COFINS]]+Tabela1107[[#This Row],[CONTRIB. FOLHA]]+Tabela1107[[#This Row],[TRIBUTOS S/ LUCRO]]+Tabela1107[[#This Row],[OUTROS]]+Tabela1107[[#This Row],[SP]] -> 25.74 | BG24: =+Tabela1107[[#This Row],[PIS]]+Tabela1107[[#This Row],[COFINS]]+Tabela1107[[#This Row],[CONTRIB. FOLHA]]+Tabela1107[[#This Row],[TRIBUTOS S/ LUCRO]]+Tabela1107[[#This Row],[OUTROS]]+Tabela1107[[#This Row],[PR]] -> 19.74 | BH24: =+Tabela1107[[#This Row],[PIS]]+Tabela1107[[#This Row],[COFINS]]+Tabela1107[[#This Row],[CONTRIB. FOLHA]]+Tabela1107[[#This Row],[TRIBUTOS S/ LUCRO]]+Tabela1107[[#This Row],[OUTROS]]+Tabela1107[[#This Row],[SC]] -> 24.74 | BI24: =+Tabela1107[[#This Row],[PIS]]+Tabela1107[[#This Row],[COFINS]]+Tabela1107[[#This Row],[CONTRIB. FOLHA]]+Tabela1107[[#This Row],[TRIBUTOS S/ LUCRO]]+Tabela1107[[#This Row],[OUTROS]]+Tabela1107[[#This Row],[RS]] -> 24.74 | BJ24: =+Tabela1107[[#This Row],[PIS]]+Tabela1107[[#This Row],[COFINS]]+Tabela1107[[#This Row],[CONTRIB. FOLHA]]+Tabela1107[[#This Row],[TRIBUTOS S/ LUCRO]]+Tabela1107[[#This Row],[OUTROS]]+Tabela1107[[#This Row],[RJ]] -> 26.74 | BK24: =+Tabela1107[[#This Row],[PIS]]+Tabela1107[[#This Row],[COFINS]]+Tabela1107[[#This Row],[CONTRIB. FOLHA]]+Tabela1107[[#This Row],[TRIBUTOS S/ LUCRO]]+Tabela1107[[#This Row],[OUTROS]]+Tabela1107[[#This Row],[MG]] -> 25.74 | BL24: =+Tabela1107[[#This Row],[PIS]]+Tabela1107[[#This Row],[COFINS]]+Tabela1107[[#This Row],[CONTRIB. FOLHA]]+Tabela1107[[#This Row],[TRIBUTOS S/ LUCRO]]+Tabela1107[[#This Row],[OUTROS]]+Tabela1107[[#This Row],[ES]] -> 24.74 | BM24: =+Tabela1107[[#This Row],[PIS]]+Tabela1107[[#This Row],[COFINS]]+Tabela1107[[#This Row],[CONTRIB. FOLHA]]+Tabela1107[[#This Row],[TRIBUTOS S/ LUCRO]]+Tabela1107[[#This Row],[OUTROS]]+Tabela1107[[#This Row],[GO]] -> 24.74 | BN24: =+Tabela1107[[#This Row],[PIS]]+Tabela1107[[#This Row],[COFINS]]+Tabela1107[[#This Row],[CONTRIB. FOLHA]]+Tabela1107[[#This Row],[TRIBUTOS S/ LUCRO]]+Tabela1107[[#This Row],[OUTROS]]+Tabela1107[[#This Row],[MT]] -> 24.74 | BO24: =+Tabela1107[[#This Row],[PIS]]+Tabela1107[[#This Row],[COFINS]]+Tabela1107[[#This Row],[CONTRIB. FOLHA]]+Tabela1107[[#This Row],[TRIBUTOS S/ LUCRO]]+Tabela1107[[#This Row],[OUTROS]]+Tabela1107[[#This Row],[MS]] -> 24.74 | BP24: =+Tabela1107[[#This Row],[PIS]]+Tabela1107[[#This Row],[COFINS]]+Tabela1107[[#This Row],[CONTRIB. FOLHA]]+Tabela1107[[#This Row],[TRIBUTOS S/ LUCRO]]+Tabela1107[[#This Row],[OUTROS]]+Tabela1107[[#This Row],[DF]] -> 24.74 | BQ24: =+Tabela1107[[#This Row],[PIS]]+Tabela1107[[#This Row],[COFINS]]+Tabela1107[[#This Row],[CONTRIB. FOLHA]]+Tabela1107[[#This Row],[TRIBUTOS S/ LUCRO]]+Tabela1107[[#This Row],[OUTROS]]+Tabela1107[[#This Row],[BA]] -> 24.74 | BR24: =+Tabela1107[[#This Row],[PIS]]+Tabela1107[[#This Row],[COFINS]]+Tabela1107[[#This Row],[CONTRIB. FOLHA]]+Tabela1107[[#This Row],[TRIBUTOS S/ LUCRO]]+Tabela1107[[#This Row],[OUTROS]]+Tabela1107[[#This Row],[BA]] -> 24.74 | BS24: =+Tabela1107[[#This Row],[PIS]]+Tabela1107[[#This Row],[COFINS]]+Tabela1107[[#This Row],[CONTRIB. FOLHA]]+Tabela1107[[#This Row],[TRIBUTOS S/ LUCRO]]+Tabela1107[[#This Row],[OUTROS]]+Tabela1107[[#This Row],[PE]] -> 24.74 | BT24: =+Tabela1107[[#This Row],[PIS]]+Tabela1107[[#This Row],[COFINS]]+Tabela1107[[#This Row],[CONTRIB. FOLHA]]+Tabela1107[[#This Row],[TRIBUTOS S/ LUCRO]]+Tabela1107[[#This Row],[OUTROS]]+Tabela1107[[#This Row],[PA]] -> 24.74 | BU24: =+Tabela1107[[#This Row],[PIS]]+Tabela1107[[#This Row],[COFINS]]+Tabela1107[[#This Row],[CONTRIB. FOLHA]]+Tabela1107[[#This Row],[TRIBUTOS S/ LUCRO]]+Tabela1107[[#This Row],[OUTROS]]+Tabela1107[[#This Row],[AM]] -> 24.74 | BV24: =AVERAGE(Tabela1107[[#This Row],[TOTAL SP]:[TOTAL AM]]) -> 24.6775
B25: 20672 | C25: 30049059 | E25: 20140626 | F25: 511516202119110 | G25: 7897595610089 | H25: 1004704740026 | I25: ALENDRONATO DE SÓDIO | J25: ALENDRONATO SOD.MG CPR REVEST 70 MG x 4 | K25: Alendronato de sódio | L25: ALENDRONATO DE SODIO | R25: SANDOZ DO BRASIL | S25: SANDOZ DO BRASIL INDÚSTRIA FARMACÊUTICA LTDA | T25: 61286647000116 | U25: =TRIM('Carga Tributária doenças Po (2'!$L25) -> ALENDRONATO DE SODIO | V25: =SUMIFS('Tabela Federal'!$E$4:$E$2069,'Tabela Federal'!$D$4:$D$2069,'Carga Tributária doenças Po (2'!$L25) -> 3 | W25: =SUMIFS('Tabela Federal'!$E$4:$E$2069,'Tabela Federal'!$D$4:$D$2069,'Carga Tributária doenças Po (2'!$M25) -> 0 | X25: =SUMIFS('Tabela Federal'!$E$4:$E$2069,'Tabela Federal'!$D$4:$D$2069,'Carga Tributária doenças Po (2'!$N25) -> 0 | Y25: =SUMIFS('Tabela Federal'!$E$4:$E$2069,'Tabela Federal'!$D$4:$D$2069,'Carga Tributária doenças Po (2'!$O25) -> 0 | Z25: =VLOOKUP('Carga Tributária doenças Po (2'!$AD25,'Carga Tributária doenças Po (2'!$CA$12:$CC$16,2,0) -> + | AA25: BIFOSF OSTEOP E DES REL | AB25: 121268-17-5 | AC25: Tarja Vermelha | AD25: I | AE25: E | AF25: G | AG25: 824735 | AH25: 12084077 | AI25: 27569931 | AJ25: TRATAMENTO OSTEOPOROSE | AK25: =IF('Carga Tributária doenças Po (2'!$Z25="+",0,SUMIFS(PISCOFINS!$I$3:$I$10518,PISCOFINS!$C$3:$C$10518,'Carga Tributária doenças Po (2'!$C25)) -> 0 | AL25: =IF('Carga Tributária doenças Po (2'!$Z25="+",0,SUMIFS(PISCOFINS!$H$3:$H$10518,PISCOFINS!$C$3:$C$10518,'Carga Tributária doenças Po (2'!$C25)) -> 0 | AM25: 3.27 | AN25: 3.12 | AO25: 1.35 | AP25: 18 | AQ25: 12 | AR25: 17 | AS25: 17 | AT25: 19 | AU25: 12 | AV25: 17 | AW25: 17 | AX25: 17 | AY25: 17 | AZ25: 17 | BA25: 17 | BB25: 17 | BC25: 17 | BD25: 17 | BE25: 17 | BF25: =+Tabela1107[[#This Row],[PIS]]+Tabela1107[[#This Row],[COFINS]]+Tabela1107[[#This Row],[CONTRIB. FOLHA]]+Tabela1107[[#This Row],[TRIBUTOS S/ LUCRO]]+Tabela1107[[#This Row],[OUTROS]]+Tabela1107[[#This Row],[SP]] -> 25.74 | BG25: =+Tabela1107[[#This Row],[PIS]]+Tabela1107[[#This Row],[COFINS]]+Tabela1107[[#This Row],[CONTRIB. FOLHA]]+Tabela1107[[#This Row],[TRIBUTOS S/ LUCRO]]+Tabela1107[[#This Row],[OUTROS]]+Tabela1107[[#This Row],[PR]] -> 19.74 | BH25: =+Tabela1107[[#This Row],[PIS]]+Tabela1107[[#This Row],[COFINS]]+Tabela1107[[#This Row],[CONTRIB. FOLHA]]+Tabela1107[[#This Row],[TRIBUTOS S/ LUCRO]]+Tabela1107[[#This Row],[OUTROS]]+Tabela1107[[#This Row],[SC]] -> 24.74 | BI25: =+Tabela1107[[#This Row],[PIS]]+Tabela1107[[#This Row],[COFINS]]+Tabela1107[[#This Row],[CONTRIB. FOLHA]]+Tabela1107[[#This Row],[TRIBUTOS S/ LUCRO]]+Tabela1107[[#This Row],[OUTROS]]+Tabela1107[[#This Row],[RS]] -> 24.74 | BJ25: =+Tabela1107[[#This Row],[PIS]]+Tabela1107[[#This Row],[COFINS]]+Tabela1107[[#This Row],[CONTRIB. FOLHA]]+Tabela1107[[#This Row],[TRIBUTOS S/ LUCRO]]+Tabela1107[[#This Row],[OUTROS]]+Tabela1107[[#This Row],[RJ]] -> 26.74 | BK25: =+Tabela1107[[#This Row],[PIS]]+Tabela1107[[#This Row],[COFINS]]+Tabela1107[[#This Row],[CONTRIB. FOLHA]]+Tabela1107[[#This Row],[TRIBUTOS S/ LUCRO]]+Tabela1107[[#This Row],[OUTROS]]+Tabela1107[[#This Row],[MG]] -> 19.74 | BL25: =+Tabela1107[[#This Row],[PIS]]+Tabela1107[[#This Row],[COFINS]]+Tabela1107[[#This Row],[CONTRIB. FOLHA]]+Tabela1107[[#This Row],[TRIBUTOS S/ LUCRO]]+Tabela1107[[#This Row],[OUTROS]]+Tabela1107[[#This Row],[ES]] -> 24.74 | BM25: =+Tabela1107[[#This Row],[PIS]]+Tabela1107[[#This Row],[COFINS]]+Tabela1107[[#This Row],[CONTRIB. FOLHA]]+Tabela1107[[#This Row],[TRIBUTOS S/ LUCRO]]+Tabela1107[[#This Row],[OUTROS]]+Tabela1107[[#This Row],[GO]] -> 24.74 | BN25: =+Tabela1107[[#This Row],[PIS]]+Tabela1107[[#This Row],[COFINS]]+Tabela1107[[#This Row],[CONTRIB. FOLHA]]+Tabela1107[[#This Row],[TRIBUTOS S/ LUCRO]]+Tabela1107[[#This Row],[OUTROS]]+Tabela1107[[#This Row],[MT]] -> 24.74 | BO25: =+Tabela1107[[#This Row],[PIS]]+Tabela1107[[#This Row],[COFINS]]+Tabela1107[[#This Row],[CONTRIB. FOLHA]]+Tabela1107[[#This Row],[TRIBUTOS S/ LUCRO]]+Tabela1107[[#This Row],[OUTROS]]+Tabela1107[[#This Row],[MS]] -> 24.74 | BP25: =+Tabela1107[[#This Row],[PIS]]+Tabela1107[[#This Row],[COFINS]]+Tabela1107[[#This Row],[CONTRIB. FOLHA]]+Tabela1107[[#This Row],[TRIBUTOS S/ LUCRO]]+Tabela1107[[#This Row],[OUTROS]]+Tabela1107[[#This Row],[DF]] -> 24.74 | BQ25: =+Tabela1107[[#This Row],[PIS]]+Tabela1107[[#This Row],[COFINS]]+Tabela1107[[#This Row],[CONTRIB. FOLHA]]+Tabela1107[[#This Row],[TRIBUTOS S/ LUCRO]]+Tabela1107[[#This Row],[OUTROS]]+Tabela1107[[#This Row],[BA]] -> 24.74 | BR25: =+Tabela1107[[#This Row],[PIS]]+Tabela1107[[#This Row],[COFINS]]+Tabela1107[[#This Row],[CONTRIB. FOLHA]]+Tabela1107[[#This Row],[TRIBUTOS S/ LUCRO]]+Tabela1107[[#This Row],[OUTROS]]+Tabela1107[[#This Row],[BA]] -> 24.74 | BS25: =+Tabela1107[[#This Row],[PIS]]+Tabela1107[[#This Row],[COFINS]]+Tabela1107[[#This Row],[CONTRIB. FOLHA]]+Tabela1107[[#This Row],[TRIBUTOS S/ LUCRO]]+Tabela1107[[#This Row],[OUTROS]]+Tabela1107[[#This Row],[PE]] -> 24.74 | BT25: =+Tabela1107[[#This Row],[PIS]]+Tabela1107[[#This Row],[COFINS]]+Tabela1107[[#This Row],[CONTRIB. FOLHA]]+Tabela1107[[#This Row],[TRIBUTOS S/ LUCRO]]+Tabela1107[[#This Row],[OUTROS]]+Tabela1107[[#This Row],[PA]] -> 24.74 | BU25: =+Tabela1107[[#This Row],[PIS]]+Tabela1107[[#This Row],[COFINS]]+Tabela1107[[#This Row],[CONTRIB. FOLHA]]+Tabela1107[[#This Row],[TRIBUTOS S/ LUCRO]]+Tabela1107[[#This Row],[OUTROS]]+Tabela1107[[#This Row],[AM]] -> 24.74 | BV25: =AVERAGE(Tabela1107[[#This Row],[TOTAL SP]:[TOTAL AM]]) -> 24.3025
B26: 4013 | C26: 30043290 | E26: 20140626 | F26: 521100404175413 | G26: 7896181911784 | H26: 1121303080153 | I26: ALENIA | J26: ALENIA CAP INAL REF 400 Y x 60 (/12) | K26: Fumarato de formoterol + budesonida | L26: FUMARATO DE FORMOTEROL | M26: BUDESONIDA | R26: ACHE | S26: BIOSINTÉTICA FARMACÊUTICA LTDA | T26: 53162095000106 | U26: =TRIM('Carga Tributária doenças Po (2'!$L26) -> FUMARATO DE FORMOTEROL | V26: =SUMIFS('Tabela Federal'!$E$4:$E$2069,'Tabela Federal'!$D$4:$D$2069,'Carga Tributária doenças Po (2'!$L26) -> 3 | W26: =SUMIFS('Tabela Federal'!$E$4:$E$2069,'Tabela Federal'!$D$4:$D$2069,'Carga Tributária doenças Po (2'!$M26) -> 2 | X26: =SUMIFS('Tabela Federal'!$E$4:$E$2069,'Tabela Federal'!$D$4:$D$2069,'Carga Tributária doenças Po (2'!$N26) -> 0 | Y26: =SUMIFS('Tabela Federal'!$E$4:$E$2069,'Tabela Federal'!$D$4:$D$2069,'Carga Tributária doenças Po (2'!$O26) -> 0 | Z26: =VLOOKUP('Carga Tributária doenças Po (2'!$AD26,'Carga Tributária doenças Po (2'!$CA$12:$CC$16,2,0) -> + | AA26: ESTIM-B2/CORTIC-INALANTES | AB26: 183814-30-4 | AC26: Tarja Vermelha | AD26: II | AE26: P | AF26: M | AG26: 1520387 | AH26: 43303268 | AI26: 98802064 | AJ26: ASMA | AK26: =IF('Carga Tributária doenças Po (2'!$Z26="+",0,SUMIFS(PISCOFINS!$I$3:$I$10518,PISCOFINS!$C$3:$C$10518,'Carga Tributária doenças Po (2'!$C26)) -> 0 | AL26: =IF('Carga Tributária doenças Po (2'!$Z26="+",0,SUMIFS(PISCOFINS!$H$3:$H$10518,PISCOFINS!$C$3:$C$10518,'Carga Tributária doenças Po (2'!$C26)) -> 0 | AM26: 3.27 | AN26: 3.12 | AO26: 1.35 | AP26: 18 | AQ26: 12 | AR26: 17 | AS26: 17 | AT26: 19 | AU26: 18 | AV26: 17 | AW26: 17 | AX26: 17 | AY26: 17 | AZ26: 17 | BA26: 17 | BB26: 17 | BC26: 17 | BD26: 17 | BE26: 17 | BF26: =+Tabela1107[[#This Row],[PIS]]+Tabela1107[[#This Row],[COFINS]]+Tabela1107[[#This Row],[CONTRIB. FOLHA]]+Tabela1107[[#This Row],[TRIBUTOS S/ LUCRO]]+Tabela1107[[#This Row],[OUTROS]]+Tabela1107[[#This Row],[SP]] -> 25.74 | BG26: =+Tabela1107[[#This Row],[PIS]]+Tabela1107[[#This Row],[COFINS]]+Tabela1107[[#This Row],[CONTRIB. FOLHA]]+Tabela1107[[#This Row],[TRIBUTOS S/ LUCRO]]+Tabela1107[[#This Row],[OUTROS]]+Tabela1107[[#This Row],[PR]] -> 19.74 | BH26: =+Tabela1107[[#This Row],[PIS]]+Tabela1107[[#This Row],[COFINS]]+Tabela1107[[#This Row],[CONTRIB. FOLHA]]+Tabela1107[[#This Row],[TRIBUTOS S/ LUCRO]]+Tabela1107[[#This Row],[OUTROS]]+Tabela1107[[#This Row],[SC]] -> 24.74 | BI26: =+Tabela1107[[#This Row],[PIS]]+Tabela1107[[#This Row],[COFINS]]+Tabela1107[[#This Row],[CONTRIB. FOLHA]]+Tabela1107[[#This Row],[TRIBUTOS S/ LUCRO]]+Tabela1107[[#This Row],[OUTROS]]+Tabela1107[[#This Row],[RS]] -> 24.74 | BJ26: =+Tabela1107[[#This Row],[PIS]]+Tabela1107[[#This Row],[COFINS]]+Tabela1107[[#This Row],[CONTRIB. FOLHA]]+Tabela1107[[#This Row],[TRIBUTOS S/ LUCRO]]+Tabela1107[[#This Row],[OUTROS]]+Tabela1107[[#This Row],[RJ]] -> 26.74 | BK26: =+Tabela1107[[#This Row],[PIS]]+Tabela1107[[#This Row],[COFINS]]+Tabela1107[[#This Row],[CONTRIB. FOLHA]]+Tabela1107[[#This Row],[TRIBUTOS S/ LUCRO]]+Tabela1107[[#This Row],[OUTROS]]+Tabela1107[[#This Row],[MG]] -> 25.74 | BL26: =+Tabela1107[[#This Row],[PIS]]+Tabela1107[[#This Row],[COFINS]]+Tabela1107[[#This Row],[CONTRIB. FOLHA]]+Tabela1107[[#This Row],[TRIBUTOS S/ LUCRO]]+Tabela1107[[#This Row],[OUTROS]]+Tabela1107[[#This Row],[ES]] -> 24.74 | BM26: =+Tabela1107[[#This Row],[PIS]]+Tabela1107[[#This Row],[COFINS]]+Tabela1107[[#This Row],[CONTRIB. FOLHA]]+Tabela1107[[#This Row],[TRIBUTOS S/ LUCRO]]+Tabela1107[[#This Row],[OUTROS]]+Tabela1107[[#This Row],[GO]] -> 24.74 | BN26: =+Tabela1107[[#This Row],[PIS]]+Tabela1107[[#This Row],[COFINS]]+Tabela1107[[#This Row],[CONTRIB. FOLHA]]+Tabela1107[[#This Row],[TRIBUTOS S/ LUCRO]]+Tabela1107[[#This Row],[OUTROS]]+Tabela1107[[#This Row],[MT]] -> 24.74 | BO26: =+Tabela1107[[#This Row],[PIS]]+Tabela1107[[#This Row],[COFINS]]+Tabela1107[[#This Row],[CONTRIB. FOLHA]]+Tabela1107[[#This Row],[TRIBUTOS S/ LUCRO]]+Tabela1107[[#This Row],[OUTROS]]+Tabela1107[[#This Row],[MS]] -> 24.74 | BP26: =+Tabela1107[[#This Row],[PIS]]+Tabela1107[[#This Row],[COFINS]]+Tabela1107[[#This Row],[CONTRIB. FOLHA]]+Tabela1107[[#This Row],[TRIBUTOS S/ LUCRO]]+Tabela1107[[#This Row],[OUTROS]]+Tabela1107[[#This Row],[DF]] -> 24.74 | BQ26: =+Tabela1107[[#This Row],[PIS]]+Tabela1107[[#This Row],[COFINS]]+Tabela1107[[#This Row],[CONTRIB. FOLHA]]+Tabela1107[[#This Row],[TRIBUTOS S/ LUCRO]]+Tabela1107[[#This Row],[OUTROS]]+Tabela1107[[#This Row],[BA]] -> 24.74 | BR26: =+Tabela1107[[#This Row],[PIS]]+Tabela1107[[#This Row],[COFINS]]+Tabela1107[[#This Row],[CONTRIB. FOLHA]]+Tabela1107[[#This Row],[TRIBUTOS S/ LUCRO]]+Tabela1107[[#This Row],[OUTROS]]+Tabela1107[[#This Row],[BA]] -> 24.74 | BS26: =+Tabela1107[[#This Row],[PIS]]+Tabela1107[[#This Row],[COFINS]]+Tabela1107[[#This Row],[CONTRIB. FOLHA]]+Tabela1107[[#This Row],[TRIBUTOS S/ LUCRO]]+Tabela1107[[#This Row],[OUTROS]]+Tabela1107[[#This Row],[PE]] -> 24.74 | BT26: =+Tabela1107[[#This Row],[PIS]]+Tabela1107[[#This Row],[COFINS]]+Tabela1107[[#This Row],[CONTRIB. FOLHA]]+Tabela1107[[#This Row],[TRIBUTOS S/ LUCRO]]+Tabela1107[[#This Row],[OUTROS]]+Tabela1107[[#This Row],[PA]] -> 24.74 | BU26: =+Tabela1107[[#This Row],[PIS]]+Tabela1107[[#This Row],[COFINS]]+Tabela1107[[#This Row],[CONTRIB. FOLHA]]+Tabela1107[[#This Row],[TRIBUTOS S/ LUCRO]]+Tabela1107[[#This Row],[OUTROS]]+Tabela1107[[#This Row],[AM]] -> 24.74 | BV26: =AVERAGE(Tabela1107[[#This Row],[TOTAL SP]:[TOTAL AM]]) -> 24.6775
B27: 4013 | C27: 30043290 | E27: 20140626 | F27: 521100404175413 | G27: 7896181911784 | H27: 1121303080153 | I27: ALENIA | J27: ALENIA CAP INAL REF 400 Y x 60 (/12) | K27: Fumarato de formoterol + budesonida | L27: FUMARATO DE FORMOTEROL | M27: BUDESONIDA | R27: ACHE | S27: BIOSINTÉTICA FARMACÊUTICA LTDA | T27: 53162095000106 | U27: =TRIM('Carga Tributária doenças Po (2'!$L27) -> FUMARATO DE FORMOTEROL | V27: =SUMIFS('Tabela Federal'!$E$4:$E$2069,'Tabela Federal'!$D$4:$D$2069,'Carga Tributária doenças Po (2'!$L27) -> 3 | W27: =SUMIFS('Tabela Federal'!$E$4:$E$2069,'Tabela Federal'!$D$4:$D$2069,'Carga Tributária doenças Po (2'!$M27) -> 2 | X27: =SUMIFS('Tabela Federal'!$E$4:$E$2069,'Tabela Federal'!$D$4:$D$2069,'Carga Tributária doenças Po (2'!$N27) -> 0 | Y27: =SUMIFS('Tabela Federal'!$E$4:$E$2069,'Tabela Federal'!$D$4:$D$2069,'Carga Tributária doenças Po (2'!$O27) -> 0 | Z27: =VLOOKUP('Carga Tributária doenças Po (2'!$AD27,'Carga Tributária doenças Po (2'!$CA$12:$CC$16,2,0) -> + | AA27: ESTIM-B2/CORTIC-INALANTES | AB27: 183814-30-4 | AC27: Tarja Vermelha | AD27: II | AE27: P | AF27: M | AG27: 1520387 | AH27: 43303268 | AI27: 98802064 | AJ27: BRONQUITE | AK27: =IF('Carga Tributária doenças Po (2'!$Z27="+",0,SUMIFS(PISCOFINS!$I$3:$I$10518,PISCOFINS!$C$3:$C$10518,'Carga Tributária doenças Po (2'!$C27)) -> 0 | AL27: =IF('Carga Tributária doenças Po (2'!$Z27="+",0,SUMIFS(PISCOFINS!$H$3:$H$10518,PISCOFINS!$C$3:$C$10518,'Carga Tributária doenças Po (2'!$C27)) -> 0 | AM27: 3.27 | AN27: 3.12 | AO27: 1.35 | AP27: 18 | AQ27: 12 | AR27: 17 | AS27: 17 | AT27: 19 | AU27: 18 | AV27: 17 | AW27: 17 | AX27: 17 | AY27: 17 | AZ27: 17 | BA27: 17 | BB27: 17 | BC27: 17 | BD27: 17 | BE27: 17 | BF27: =+Tabela1107[[#This Row],[PIS]]+Tabela1107[[#This Row],[COFINS]]+Tabela1107[[#This Row],[CONTRIB. FOLHA]]+Tabela1107[[#This Row],[TRIBUTOS S/ LUCRO]]+Tabela1107[[#This Row],[OUTROS]]+Tabela1107[[#This Row],[SP]] -> 25.74 | BG27: =+Tabela1107[[#This Row],[PIS]]+Tabela1107[[#This Row],[COFINS]]+Tabela1107[[#This Row],[CONTRIB. FOLHA]]+Tabela1107[[#This Row],[TRIBUTOS S/ LUCRO]]+Tabela1107[[#This Row],[OUTROS]]+Tabela1107[[#This Row],[PR]] -> 19.74 | BH27: =+Tabela1107[[#This Row],[PIS]]+Tabela1107[[#This Row],[COFINS]]+Tabela1107[[#This Row],[CONTRIB. FOLHA]]+Tabela1107[[#This Row],[TRIBUTOS S/ LUCRO]]+Tabela1107[[#This Row],[OUTROS]]+Tabela1107[[#This Row],[SC]] -> 24.74 | BI27: =+Tabela1107[[#This Row],[PIS]]+Tabela1107[[#This Row],[COFINS]]+Tabela1107[[#This Row],[CONTRIB. FOLHA]]+Tabela1107[[#This Row],[TRIBUTOS S/ LUCRO]]+Tabela1107[[#This Row],[OUTROS]]+Tabela1107[[#This Row],[RS]] -> 24.74 | BJ27: =+Tabela1107[[#This Row],[PIS]]+Tabela1107[[#This Row],[COFINS]]+Tabela1107[[#This Row],[CONTRIB. FOLHA]]+Tabela1107[[#This Row],[TRIBUTOS S/ LUCRO]]+Tabela1107[[#This Row],[OUTROS]]+Tabela1107[[#This Row],[RJ]] -> 26.74 | BK27: =+Tabela1107[[#This Row],[PIS]]+Tabela1107[[#This Row],[COFINS]]+Tabela1107[[#This Row],[CONTRIB. FOLHA]]+Tabela1107[[#This Row],[TRIBUTOS S/ LUCRO]]+Tabela1107[[#This Row],[OUTROS]]+Tabela1107[[#This Row],[MG]] -> 25.74 | BL27: =+Tabela1107[[#This Row],[PIS]]+Tabela1107[[#This Row],[COFINS]]+Tabela1107[[#This Row],[CONTRIB. FOLHA]]+Tabela1107[[#This Row],[TRIBUTOS S/ LUCRO]]+Tabela1107[[#This Row],[OUTROS]]+Tabela1107[[#This Row],[ES]] -> 24.74 | BM27: =+Tabela1107[[#This Row],[PIS]]+Tabela1107[[#This Row],[COFINS]]+Tabela1107[[#This Row],[CONTRIB. FOLHA]]+Tabela1107[[#This Row],[TRIBUTOS S/ LUCRO]]+Tabela1107[[#This Row],[OUTROS]]+Tabela1107[[#This Row],[GO]] -> 24.74 | BN27: =+Tabela1107[[#This Row],[PIS]]+Tabela1107[[#This Row],[COFINS]]+Tabela1107[[#This Row],[CONTRIB. FOLHA]]+Tabela1107[[#This Row],[TRIBUTOS S/ LUCRO]]+Tabela1107[[#This Row],[OUTROS]]+Tabela1107[[#This Row],[MT]] -> 24.74 | BO27: =+Tabela1107[[#This Row],[PIS]]+Tabela1107[[#This Row],[COFINS]]+Tabela1107[[#This Row],[CONTRIB. FOLHA]]+Tabela1107[[#This Row],[TRIBUTOS S/ LUCRO]]+Tabela1107[[#This Row],[OUTROS]]+Tabela1107[[#This Row],[MS]] -> 24.74 | BP27: =+Tabela1107[[#This Row],[PIS]]+Tabela1107[[#This Row],[COFINS]]+Tabela1107[[#This Row],[CONTRIB. FOLHA]]+Tabela1107[[#This Row],[TRIBUTOS S/ LUCRO]]+Tabela1107[[#This Row],[OUTROS]]+Tabela1107[[#This Row],[DF]] -> 24.74 | BQ27: =+Tabela1107[[#This Row],[PIS]]+Tabela1107[[#This Row],[COFINS]]+Tabela1107[[#This Row],[CONTRIB. FOLHA]]+Tabela1107[[#This Row],[TRIBUTOS S/ LUCRO]]+Tabela1107[[#This Row],[OUTROS]]+Tabela1107[[#This Row],[BA]] -> 24.74 | BR27: =+Tabela1107[[#This Row],[PIS]]+Tabela1107[[#This Row],[COFINS]]+Tabela1107[[#This Row],[CONTRIB. FOLHA]]+Tabela1107[[#This Row],[TRIBUTOS S/ LUCRO]]+Tabela1107[[#This Row],[OUTROS]]+Tabela1107[[#This Row],[BA]] -> 24.74 | BS27: =+Tabela1107[[#This Row],[PIS]]+Tabela1107[[#This Row],[COFINS]]+Tabela1107[[#This Row],[CONTRIB. FOLHA]]+Tabela1107[[#This Row],[TRIBUTOS S/ LUCRO]]+Tabela1107[[#This Row],[OUTROS]]+Tabela1107[[#This Row],[PE]] -> 24.74 | BT27: =+Tabela1107[[#This Row],[PIS]]+Tabela1107[[#This Row],[COFINS]]+Tabela1107[[#This Row],[CONTRIB. FOLHA]]+Tabela1107[[#This Row],[TRIBUTOS S/ LUCRO]]+Tabela1107[[#This Row],[OUTROS]]+Tabela1107[[#This Row],[PA]] -> 24.74 | BU27: =+Tabela1107[[#This Row],[PIS]]+Tabela1107[[#This Row],[COFINS]]+Tabela1107[[#This Row],[CONTRIB. FOLHA]]+Tabela1107[[#This Row],[TRIBUTOS S/ LUCRO]]+Tabela1107[[#This Row],[OUTROS]]+Tabela1107[[#This Row],[AM]] -> 24.74 | BV27: =AVERAGE(Tabela1107[[#This Row],[TOTAL SP]:[TOTAL AM]]) -> 24.6775
B28: 4013 | C28: 30043290 | E28: 20140626 | F28: 521100404175413 | G28: 7896181911784 | H28: 1121303080153 | I28: ALENIA | J28: ALENIA CAP INAL REF 400 Y x 60 (/12) | K28: Fumarato de formoterol + budesonida | L28: FUMARATO DE FORMOTEROL | M28: BUDESONIDA | R28: ACHE | S28: BIOSINTÉTICA FARMACÊUTICA LTDA | T28: 53162095000106 | U28: =TRIM('Carga Tributária doenças Po (2'!$L28) -> FUMARATO DE FORMOTEROL | V28: =SUMIFS('Tabela Federal'!$E$4:$E$2069,'Tabela Federal'!$D$4:$D$2069,'Carga Tributária doenças Po (2'!$L28) -> 3 | W28: =SUMIFS('Tabela Federal'!$E$4:$E$2069,'Tabela Federal'!$D$4:$D$2069,'Carga Tributária doenças Po (2'!$M28) -> 2 | X28: =SUMIFS('Tabela Federal'!$E$4:$E$2069,'Tabela Federal'!$D$4:$D$2069,'Carga Tributária doenças Po (2'!$N28) -> 0 | Y28: =SUMIFS('Tabela Federal'!$E$4:$E$2069,'Tabela Federal'!$D$4:$D$2069,'Carga Tributária doenças Po (2'!$O28) -> 0 | Z28: =VLOOKUP('Carga Tributária doenças Po (2'!$AD28,'Carga Tributária doenças Po (2'!$CA$12:$CC$16,2,0) -> + | AA28: ESTIM-B2/CORTIC-INALANTES | AB28: 183814-30-4 | AC28: Tarja Vermelha | AD28: II | AE28: P | AF28: M | AG28: 1520387 | AH28: 43303268 | AI28: 98802064 | AJ28: DOENÇAS PULMONARES - GERAL | AK28: =IF('Carga Tributária doenças Po (2'!$Z28="+",0,SUMIFS(PISCOFINS!$I$3:$I$10518,PISCOFINS!$C$3:$C$10518,'Carga Tributária doenças Po (2'!$C28)) -> 0 | AL28: =IF('Carga Tributária doenças Po (2'!$Z28="+",0,SUMIFS(PISCOFINS!$H$3:$H$10518,PISCOFINS!$C$3:$C$10518,'Carga Tributária doenças Po (2'!$C28)) -> 0 | AM28: 3.27 | AN28: 3.12 | AO28: 1.35 | AP28: 18 | AQ28: 12 | AR28: 17 | AS28: 17 | AT28: 19 | AU28: 18 | AV28: 17 | AW28: 17 | AX28: 17 | AY28: 17 | AZ28: 17 | BA28: 17 | BB28: 17 | BC28: 17 | BD28: 17 | BE28: 17 | BF28: =+Tabela1107[[#This Row],[PIS]]+Tabela1107[[#This Row],[COFINS]]+Tabela1107[[#This Row],[CONTRIB. FOLHA]]+Tabela1107[[#This Row],[TRIBUTOS S/ LUCRO]]+Tabela1107[[#This Row],[OUTROS]]+Tabela1107[[#This Row],[SP]] -> 25.74 | BG28: =+Tabela1107[[#This Row],[PIS]]+Tabela1107[[#This Row],[COFINS]]+Tabela1107[[#This Row],[CONTRIB. FOLHA]]+Tabela1107[[#This Row],[TRIBUTOS S/ LUCRO]]+Tabela1107[[#This Row],[OUTROS]]+Tabela1107[[#This Row],[PR]] -> 19.74 | BH28: =+Tabela1107[[#This Row],[PIS]]+Tabela1107[[#This Row],[COFINS]]+Tabela1107[[#This Row],[CONTRIB. FOLHA]]+Tabela1107[[#This Row],[TRIBUTOS S/ LUCRO]]+Tabela1107[[#This Row],[OUTROS]]+Tabela1107[[#This Row],[SC]] -> 24.74 | BI28: =+Tabela1107[[#This Row],[PIS]]+Tabela1107[[#This Row],[COFINS]]+Tabela1107[[#This Row],[CONTRIB. FOLHA]]+Tabela1107[[#This Row],[TRIBUTOS S/ LUCRO]]+Tabela1107[[#This Row],[OUTROS]]+Tabela1107[[#This Row],[RS]] -> 24.74 | BJ28: =+Tabela1107[[#This Row],[PIS]]+Tabela1107[[#This Row],[COFINS]]+Tabela1107[[#This Row],[CONTRIB. FOLHA]]+Tabela1107[[#This Row],[TRIBUTOS S/ LUCRO]]+Tabela1107[[#This Row],[OUTROS]]+Tabela1107[[#This Row],[RJ]] -> 26.74 | BK28: =+Tabela1107[[#This Row],[PIS]]+Tabela1107[[#This Row],[COFINS]]+Tabela1107[[#This Row],[CONTRIB. FOLHA]]+Tabela1107[[#This Row],[TRIBUTOS S/ LUCRO]]+Tabela1107[[#This Row],[OUTROS]]+Tabela1107[[#This Row],[MG]] -> 25.74 | BL28: =+Tabela1107[[#This Row],[PIS]]+Tabela1107[[#This Row],[COFINS]]+Tabela1107[[#This Row],[CONTRIB. FOLHA]]+Tabela1107[[#This Row],[TRIBUTOS S/ LUCRO]]+Tabela1107[[#This Row],[OUTROS]]+Tabela1107[[#This Row],[ES]] -> 24.74 | BM28: =+Tabela1107[[#This Row],[PIS]]+Tabela1107[[#This Row],[COFINS]]+Tabela1107[[#This Row],[CONTRIB. FOLHA]]+Tabela1107[[#This Row],[TRIBUTOS S/ LUCRO]]+Tabela1107[[#This Row],[OUTROS]]+Tabela1107[[#This Row],[GO]] -> 24.74 | BN28: =+Tabela1107[[#This Row],[PIS]]+Tabela1107[[#This Row],[COFINS]]+Tabela1107[[#This Row],[CONTRIB. FOLHA]]+Tabela1107[[#This Row],[TRIBUTOS S/ LUCRO]]+Tabela1107[[#This Row],[OUTROS]]+Tabela1107[[#This Row],[MT]] -> 24.74 | BO28: =+Tabela1107[[#This Row],[PIS]]+Tabela1107[[#This Row],[COFINS]]+Tabela1107[[#This Row],[CONTRIB. FOLHA]]+Tabela1107[[#This Row],[TRIBUTOS S/ LUCRO]]+Tabela1107[[#This Row],[OUTROS]]+Tabela1107[[#This Row],[MS]] -> 24.74 | BP28: =+Tabela1107[[#This Row],[PIS]]+Tabela1107[[#This Row],[COFINS]]+Tabela1107[[#This Row],[CONTRIB. FOLHA]]+Tabela1107[[#This Row],[TRIBUTOS S/ LUCRO]]+Tabela1107[[#This Row],[OUTROS]]+Tabela1107[[#This Row],[DF]] -> 24.74 | BQ28: =+Tabela1107[[#This Row],[PIS]]+Tabela1107[[#This Row],[COFINS]]+Tabela1107[[#This Row],[CONTRIB. FOLHA]]+Tabela1107[[#This Row],[TRIBUTOS S/ LUCRO]]+Tabela1107[[#This Row],[OUTROS]]+Tabela1107[[#This Row],[BA]] -> 24.74 | BR28: =+Tabela1107[[#This Row],[PIS]]+Tabela1107[[#This Row],[COFINS]]+Tabela1107[[#This Row],[CONTRIB. FOLHA]]+Tabela1107[[#This Row],[TRIBUTOS S/ LUCRO]]+Tabela1107[[#This Row],[OUTROS]]+Tabela1107[[#This Row],[BA]] -> 24.74 | BS28: =+Tabela1107[[#This Row],[PIS]]+Tabela1107[[#This Row],[COFINS]]+Tabela1107[[#This Row],[CONTRIB. FOLHA]]+Tabela1107[[#This Row],[TRIBUTOS S/ LUCRO]]+Tabela1107[[#This Row],[OUTROS]]+Tabela1107[[#This Row],[PE]] -> 24.74 | BT28: =+Tabela1107[[#This Row],[PIS]]+Tabela1107[[#This Row],[COFINS]]+Tabela1107[[#This Row],[CONTRIB. FOLHA]]+Tabela1107[[#This Row],[TRIBUTOS S/ LUCRO]]+Tabela1107[[#This Row],[OUTROS]]+Tabela1107[[#This Row],[PA]] -> 24.74 | BU28: =+Tabela1107[[#This Row],[PIS]]+Tabela1107[[#This Row],[COFINS]]+Tabela1107[[#This Row],[CONTRIB. FOLHA]]+Tabela1107[[#This Row],[TRIBUTOS S/ LUCRO]]+Tabela1107[[#This Row],[OUTROS]]+Tabela1107[[#This Row],[AM]] -> 24.74 | BV28: =AVERAGE(Tabela1107[[#This Row],[TOTAL SP]:[TOTAL AM]]) -> 24.6775
B29: 13321 | C29: 30049029 | E29: 20140626 | F29: 538513120021513 | G29: 7891142115492 | H29: 1009302180221 | I29: ALIVIUM | J29: ALIVIUM GOTAS 100 MG 20 ML x 1 (/ML) | K29: Ibuprofeno | L29: IBUPROFENO | R29: MANTECORP I Q FARM | S29: HYPERMARCAS S/A | T29: 02932074000191 | U29: =TRIM('Carga Tributária doenças Po (2'!$L29) -> IBUPROFENO | V29: =SUMIFS('Tabela Federal'!$E$4:$E$2069,'Tabela Federal'!$D$4:$D$2069,'Carga Tributária doenças Po (2'!$L29) -> 2 | W29: =SUMIFS('Tabela Federal'!$E$4:$E$2069,'Tabela Federal'!$D$4:$D$2069,'Carga Tributária doenças Po (2'!$M29) -> 0 | X29: =SUMIFS('Tabela Federal'!$E$4:$E$2069,'Tabela Federal'!$D$4:$D$2069,'Carga Tributária doenças Po (2'!$N29) -> 0 | Y29: =SUMIFS('Tabela Federal'!$E$4:$E$2069,'Tabela Federal'!$D$4:$D$2069,'Carga Tributária doenças Po (2'!$O29) -> 0 | Z29: =VLOOKUP('Carga Tributária doenças Po (2'!$AD29,'Carga Tributária doenças Po (2'!$CA$12:$CC$16,2,0) -> - | AA29: ANALG NAO NARCOT/A/PIRET | AB29: 15687-27-1 | AC29: Venda Livre | AD29: N | AE29: E | AF29: R | AG29: 3816939 | AH29: 27941340 | AI29: 63627646 | AJ29: DOR DE CABEÇA/ ENXAQUECA | AK29: =IF('Carga Tributária doenças Po (2'!$Z29="+",0,SUMIFS(PISCOFINS!$I$3:$I$10518,PISCOFINS!$C$3:$C$10518,'Carga Tributária doenças Po (2'!$C29)) -> 2.1 | AL29: =IF('Carga Tributária doenças Po (2'!$Z29="+",0,SUMIFS(PISCOFINS!$H$3:$H$10518,PISCOFINS!$C$3:$C$10518,'Carga Tributária doenças Po (2'!$C29)) -> 9.9 | AM29: 3.27 | AN29: 3.12 | AO29: 1.35 | AP29: 18 | AQ29: 12 | AR29: 17 | AS29: 17 | AT29: 19 | AU29: 18 | AV29: 17 | AW29: 17 | AX29: 17 | AY29: 17 | AZ29: 17 | BA29: 17 | BB29: 17 | BC29: 17 | BD29: 17 | BE29: 17 | BF29: =+Tabela1107[[#This Row],[PIS]]+Tabela1107[[#This Row],[COFINS]]+Tabela1107[[#This Row],[CONTRIB. FOLHA]]+Tabela1107[[#This Row],[TRIBUTOS S/ LUCRO]]+Tabela1107[[#This Row],[OUTROS]]+Tabela1107[[#This Row],[SP]] -> 37.74 | BG29: =+Tabela1107[[#This Row],[PIS]]+Tabela1107[[#This Row],[COFINS]]+Tabela1107[[#This Row],[CONTRIB. FOLHA]]+Tabela1107[[#This Row],[TRIBUTOS S/ LUCRO]]+Tabela1107[[#This Row],[OUTROS]]+Tabela1107[[#This Row],[PR]] -> 31.74 | BH29: =+Tabela1107[[#This Row],[PIS]]+Tabela1107[[#This Row],[COFINS]]+Tabela1107[[#This Row],[CONTRIB. FOLHA]]+Tabela1107[[#This Row],[TRIBUTOS S/ LUCRO]]+Tabela1107[[#This Row],[OUTROS]]+Tabela1107[[#This Row],[SC]] -> 36.74 | BI29: =+Tabela1107[[#This Row],[PIS]]+Tabela1107[[#This Row],[COFINS]]+Tabela1107[[#This Row],[CONTRIB. FOLHA]]+Tabela1107[[#This Row],[TRIBUTOS S/ LUCRO]]+Tabela1107[[#This Row],[OUTROS]]+Tabela1107[[#This Row],[RS]] -> 36.74 | BJ29: =+Tabela1107[[#This Row],[PIS]]+Tabela1107[[#This Row],[COFINS]]+Tabela1107[[#This Row],[CONTRIB. FOLHA]]+Tabela1107[[#This Row],[TRIBUTOS S/ LUCRO]]+Tabela1107[[#This Row],[OUTROS]]+Tabela1107[[#This Row],[RJ]] -> 38.74 | BK29: =+Tabela1107[[#This Row],[PIS]]+Tabela1107[[#This Row],[COFINS]]+Tabela1107[[#This Row],[CONTRIB. FOLHA]]+Tabela1107[[#This Row],[TRIBUTOS S/ LUCRO]]+Tabela1107[[#This Row],[OUTROS]]+Tabela1107[[#This Row],[MG]] -> 37.74 | BL29: =+Tabela1107[[#This Row],[PIS]]+Tabela1107[[#This Row],[COFINS]]+Tabela1107[[#This Row],[CONTRIB. FOLHA]]+Tabela1107[[#This Row],[TRIBUTOS S/ LUCRO]]+Tabela1107[[#This Row],[OUTROS]]+Tabela1107[[#This Row],[ES]] -> 36.74 | BM29: =+Tabela1107[[#This Row],[PIS]]+Tabela1107[[#This Row],[COFINS]]+Tabela1107[[#This Row],[CONTRIB. FOLHA]]+Tabela1107[[#This Row],[TRIBUTOS S/ LUCRO]]+Tabela1107[[#This Row],[OUTROS]]+Tabela1107[[#This Row],[GO]] -> 36.74 | BN29: =+Tabela1107[[#This Row],[PIS]]+Tabela1107[[#This Row],[COFINS]]+Tabela1107[[#This Row],[CONTRIB. FOLHA]]+Tabela1107[[#This Row],[TRIBUTOS S/ LUCRO]]+Tabela1107[[#This Row],[OUTROS]]+Tabela1107[[#This Row],[MT]] -> 36.74 | BO29: =+Tabela1107[[#This Row],[PIS]]+Tabela1107[[#This Row],[COFINS]]+Tabela1107[[#This Row],[CONTRIB. FOLHA]]+Tabela1107[[#This Row],[TRIBUTOS S/ LUCRO]]+Tabela1107[[#This Row],[OUTROS]]+Tabela1107[[#This Row],[MS]] -> 36.74 | BP29: =+Tabela1107[[#This Row],[PIS]]+Tabela1107[[#This Row],[COFINS]]+Tabela1107[[#This Row],[CONTRIB. FOLHA]]+Tabela1107[[#This Row],[TRIBUTOS S/ LUCRO]]+Tabela1107[[#This Row],[OUTROS]]+Tabela1107[[#This Row],[DF]] -> 36.74 | BQ29: =+Tabela1107[[#This Row],[PIS]]+Tabela1107[[#This Row],[COFINS]]+Tabela1107[[#This Row],[CONTRIB. FOLHA]]+Tabela1107[[#This Row],[TRIBUTOS S/ LUCRO]]+Tabela1107[[#This Row],[OUTROS]]+Tabela1107[[#This Row],[BA]] -> 36.74 | BR29: =+Tabela1107[[#This Row],[PIS]]+Tabela1107[[#This Row],[COFINS]]+Tabela1107[[#This Row],[CONTRIB. FOLHA]]+Tabela1107[[#This Row],[TRIBUTOS S/ LUCRO]]+Tabela1107[[#This Row],[OUTROS]]+Tabela1107[[#This Row],[BA]] -> 36.74 | BS29: =+Tabela1107[[#This Row],[PIS]]+Tabela1107[[#This Row],[COFINS]]+Tabela1107[[#This Row],[CONTRIB. FOLHA]]+Tabela1107[[#This Row],[TRIBUTOS S/ LUCRO]]+Tabela1107[[#This Row],[OUTROS]]+Tabela1107[[#This Row],[PE]] -> 36.74 | BT29: =+Tabela1107[[#This Row],[PIS]]+Tabela1107[[#This Row],[COFINS]]+Tabela1107[[#This Row],[CONTRIB. FOLHA]]+Tabela1107[[#This Row],[TRIBUTOS S/ LUCRO]]+Tabela1107[[#This Row],[OUTROS]]+Tabela1107[[#This Row],[PA]] -> 36.74 | BU29: =+Tabela1107[[#This Row],[PIS]]+Tabela1107[[#This Row],[COFINS]]+Tabela1107[[#This Row],[CONTRIB. FOLHA]]+Tabela1107[[#This Row],[TRIBUTOS S/ LUCRO]]+Tabela1107[[#This Row],[OUTROS]]+Tabela1107[[#This Row],[AM]] -> 36.74 | BV29: =AVERAGE(Tabela1107[[#This Row],[TOTAL SP]:[TOTAL AM]]) -> 36.6775
B30: 13321 | C30: 30049029 | E30: 20140626 | F30: 538513120021513 | G30: 7891142115492 | H30: 1009302180221 | I30: ALIVIUM | J30: ALIVIUM GOTAS 100 MG 20 ML x 1 (/ML) | K30: Ibuprofeno | L30: IBUPROFENO | R30: MANTECORP I Q FARM | S30: HYPERMARCAS S/A | T30: 02932074000191 | U30: =TRIM('Carga Tributária doenças Po (2'!$L30) -> IBUPROFENO | V30: =SUMIFS('Tabela Federal'!$E$4:$E$2069,'Tabela Federal'!$D$4:$D$2069,'Carga Tributária doenças Po (2'!$L30) -> 2 | W30: =SUMIFS('Tabela Federal'!$E$4:$E$2069,'Tabela Federal'!$D$4:$D$2069,'Carga Tributária doenças Po (2'!$M30) -> 0 | X30: =SUMIFS('Tabela Federal'!$E$4:$E$2069,'Tabela Federal'!$D$4:$D$2069,'Carga Tributária doenças Po (2'!$N30) -> 0 | Y30: =SUMIFS('Tabela Federal'!$E$4:$E$2069,'Tabela Federal'!$D$4:$D$2069,'Carga Tributária doenças Po (2'!$O30) -> 0 | Z30: =VLOOKUP('Carga Tributária doenças Po (2'!$AD30,'Carga Tributária doenças Po (2'!$CA$12:$CC$16,2,0) -> - | AA30: ANALG NAO NARCOT/A/PIRET | AB30: 15687-27-1 | AC30: Venda Livre | AD30: N | AE30: E | AF30: R | AG30: 3816939 | AH30: 27941340 | AI30: 63627646 | AJ30: FEBRE | AK30: =IF('Carga Tributária doenças Po (2'!$Z30="+",0,SUMIFS(PISCOFINS!$I$3:$I$10518,PISCOFINS!$C$3:$C$10518,'Carga Tributária doenças Po (2'!$C30)) -> 2.1 | AL30: =IF('Carga Tributária doenças Po (2'!$Z30="+",0,SUMIFS(PISCOFINS!$H$3:$H$10518,PISCOFINS!$C$3:$C$10518,'Carga Tributária doenças Po (2'!$C30)) -> 9.9 | AM30: 3.27 | AN30: 3.12 | AO30: 1.35 | AP30: 18 | AQ30: 12 | AR30: 17 | AS30: 17 | AT30: 19 | AU30: 18 | AV30: 17 | AW30: 17 | AX30: 17 | AY30: 17 | AZ30: 17 | BA30: 17 | BB30: 17 | BC30: 17 | BD30: 17 | BE30: 17 | BF30: =+Tabela1107[[#This Row],[PIS]]+Tabela1107[[#This Row],[COFINS]]+Tabela1107[[#This Row],[CONTRIB. FOLHA]]+Tabela1107[[#This Row],[TRIBUTOS S/ LUCRO]]+Tabela1107[[#This Row],[OUTROS]]+Tabela1107[[#This Row],[SP]] -> 37.74 | BG30: =+Tabela1107[[#This Row],[PIS]]+Tabela1107[[#This Row],[COFINS]]+Tabela1107[[#This Row],[CONTRIB. FOLHA]]+Tabela1107[[#This Row],[TRIBUTOS S/ LUCRO]]+Tabela1107[[#This Row],[OUTROS]]+Tabela1107[[#This Row],[PR]] -> 31.74 | BH30: =+Tabela1107[[#This Row],[PIS]]+Tabela1107[[#This Row],[COFINS]]+Tabela1107[[#This Row],[CONTRIB. FOLHA]]+Tabela1107[[#This Row],[TRIBUTOS S/ LUCRO]]+Tabela1107[[#This Row],[OUTROS]]+Tabela1107[[#This Row],[SC]] -> 36.74 | BI30: =+Tabela1107[[#This Row],[PIS]]+Tabela1107[[#This Row],[COFINS]]+Tabela1107[[#This Row],[CONTRIB. FOLHA]]+Tabela1107[[#This Row],[TRIBUTOS S/ LUCRO]]+Tabela1107[[#This Row],[OUTROS]]+Tabela1107[[#This Row],[RS]] -> 36.74 | BJ30: =+Tabela1107[[#This Row],[PIS]]+Tabela1107[[#This Row],[COFINS]]+Tabela1107[[#This Row],[CONTRIB. FOLHA]]+Tabela1107[[#This Row],[TRIBUTOS S/ LUCRO]]+Tabela1107[[#This Row],[OUTROS]]+Tabela1107[[#This Row],[RJ]] -> 38.74 | BK30: =+Tabela1107[[#This Row],[PIS]]+Tabela1107[[#This Row],[COFINS]]+Tabela1107[[#This Row],[CONTRIB. FOLHA]]+Tabela1107[[#This Row],[TRIBUTOS S/ LUCRO]]+Tabela1107[[#This Row],[OUTROS]]+Tabela1107[[#This Row],[MG]] -> 37.74 | BL30: =+Tabela1107[[#This Row],[PIS]]+Tabela1107[[#This Row],[COFINS]]+Tabela1107[[#This Row],[CONTRIB. FOLHA]]+Tabela1107[[#This Row],[TRIBUTOS S/ LUCRO]]+Tabela1107[[#This Row],[OUTROS]]+Tabela1107[[#This Row],[ES]] -> 36.74 | BM30: =+Tabela1107[[#This Row],[PIS]]+Tabela1107[[#This Row],[COFINS]]+Tabela1107[[#This Row],[CONTRIB. FOLHA]]+Tabela1107[[#This Row],[TRIBUTOS S/ LUCRO]]+Tabela1107[[#This Row],[OUTROS]]+Tabela1107[[#This Row],[GO]] -> 36.74 | BN30: =+Tabela1107[[#This Row],[PIS]]+Tabela1107[[#This Row],[COFINS]]+Tabela1107[[#This Row],[CONTRIB. FOLHA]]+Tabela1107[[#This Row],[TRIBUTOS S/ LUCRO]]+Tabela1107[[#This Row],[OUTROS]]+Tabela1107[[#This Row],[MT]] -> 36.74 | BO30: =+Tabela1107[[#This Row],[PIS]]+Tabela1107[[#This Row],[COFINS]]+Tabela1107[[#This Row],[CONTRIB. FOLHA]]+Tabela1107[[#This Row],[TRIBUTOS S/ LUCRO]]+Tabela1107[[#This Row],[OUTROS]]+Tabela1107[[#This Row],[MS]] -> 36.74 | BP30: =+Tabela1107[[#This Row],[PIS]]+Tabela1107[[#This Row],[COFINS]]+Tabela1107[[#This Row],[CONTRIB. FOLHA]]+Tabela1107[[#This Row],[TRIBUTOS S/ LUCRO]]+Tabela1107[[#This Row],[OUTROS]]+Tabela1107[[#This Row],[DF]] -> 36.74 | BQ30: =+Tabela1107[[#This Row],[PIS]]+Tabela1107[[#This Row],[COFINS]]+Tabela1107[[#This Row],[CONTRIB. FOLHA]]+Tabela1107[[#This Row],[TRIBUTOS S/ LUCRO]]+Tabela1107[[#This Row],[OUTROS]]+Tabela1107[[#This Row],[BA]] -> 36.74 | BR30: =+Tabela1107[[#This Row],[PIS]]+Tabela1107[[#This Row],[COFINS]]+Tabela1107[[#This Row],[CONTRIB. FOLHA]]+Tabela1107[[#This Row],[TRIBUTOS S/ LUCRO]]+Tabela1107[[#This Row],[OUTROS]]+Tabela1107[[#This Row],[BA]] -> 36.74 | BS30: =+Tabela1107[[#This Row],[PIS]]+Tabela1107[[#This Row],[COFINS]]+Tabela1107[[#This Row],[CONTRIB. FOLHA]]+Tabela1107[[#This Row],[TRIBUTOS S/ LUCRO]]+Tabela1107[[#This Row],[OUTROS]]+Tabela1107[[#This Row],[PE]] -> 36.74 | BT30: =+Tabela1107[[#This Row],[PIS]]+Tabela1107[[#This Row],[COFINS]]+Tabela1107[[#This Row],[CONTRIB. FOLHA]]+Tabela1107[[#This Row],[TRIBUTOS S/ LUCRO]]+Tabela1107[[#This Row],[OUTROS]]+Tabela1107[[#This Row],[PA]] -> 36.74 | BU30: =+Tabela1107[[#This Row],[PIS]]+Tabela1107[[#This Row],[COFINS]]+Tabela1107[[#This Row],[CONTRIB. FOLHA]]+Tabela1107[[#This Row],[TRIBUTOS S/ LUCRO]]+Tabela1107[[#This Row],[OUTROS]]+Tabela1107[[#This Row],[AM]] -> 36.74 | BV30: =AVERAGE(Tabela1107[[#This Row],[TOTAL SP]:[TOTAL AM]]) -> 36.6775
B31: 16451 | C31: 30049069 | E31: 20140626 | F31: 502800502114312 | G31: 7891058006716 | H31: 1130002620115 | I31: ALLEGRA D | J31: ALLEGRA D CPR REVEST x 10 | K31: Cloridrato de fexofenadina | L31: CLORIDRATO DE FEXOFENADINA | M31: CLORIDRATO DE PSEUDOEFEDRINA | R31: SANOFI | S31: SANOFI-AVENTIS FARMACÊUTICA LTDA | T31: 02685377000157 | U31: =TRIM('Carga Tributária doenças Po (2'!$L31) -> CLORIDRATO DE FEXOFENADINA | V31: =SUMIFS('Tabela Federal'!$E$4:$E$2069,'Tabela Federal'!$D$4:$D$2069,'Carga Tributária doenças Po (2'!$L31) -> 0 | W31: =SUMIFS('Tabela Federal'!$E$4:$E$2069,'Tabela Federal'!$D$4:$D$2069,'Carga Tributária doenças Po (2'!$M31) -> 0 | X31: =SUMIFS('Tabela Federal'!$E$4:$E$2069,'Tabela Federal'!$D$4:$D$2069,'Carga Tributária doenças Po (2'!$N31) -> 0 | Y31: =SUMIFS('Tabela Federal'!$E$4:$E$2069,'Tabela Federal'!$D$4:$D$2069,'Carga Tributária doenças Po (2'!$O31) -> 0 | Z31: =VLOOKUP('Carga Tributária doenças Po (2'!$AD31,'Carga Tributária doenças Po (2'!$CA$12:$CC$16,2,0) -> - | AA31: PREP.SISTEMICAS NASAIS | AB31: 345-78-8 | AC31: Tarja Vermelha | AD31: N | AE31: P | AF31: R | AG31: 1785365 | AH31: 24650140 | AI31: 56040079 | AJ31: RINITE ALÉRGICA | AK31: =IF('Carga Tributária doenças Po (2'!$Z31="+",0,SUMIFS(PISCOFINS!$I$3:$I$10518,PISCOFINS!$C$3:$C$10518,'Carga Tributária doenças Po (2'!$C31)) -> 2.1 | AL31: =IF('Carga Tributária doenças Po (2'!$Z31="+",0,SUMIFS(PISCOFINS!$H$3:$H$10518,PISCOFINS!$C$3:$C$10518,'Carga Tributária doenças Po (2'!$C31)) -> 9.9 | AM31: 3.27 | AN31: 3.12 | AO31: 1.35 | AP31: 18 | AQ31: 12 | AR31: 17 | AS31: 17 | AT31: 19 | AU31: 18 | AV31: 17 | AW31: 17 | AX31: 17 | AY31: 17 | AZ31: 17 | BA31: 17 | BB31: 17 | BC31: 17 | BD31: 17 | BE31: 17 | BF31: =+Tabela1107[[#This Row],[PIS]]+Tabela1107[[#This Row],[COFINS]]+Tabela1107[[#This Row],[CONTRIB. FOLHA]]+Tabela1107[[#This Row],[TRIBUTOS S/ LUCRO]]+Tabela1107[[#This Row],[OUTROS]]+Tabela1107[[#This Row],[SP]] -> 37.74 | BG31: =+Tabela1107[[#This Row],[PIS]]+Tabela1107[[#This Row],[COFINS]]+Tabela1107[[#This Row],[CONTRIB. FOLHA]]+Tabela1107[[#This Row],[TRIBUTOS S/ LUCRO]]+Tabela1107[[#This Row],[OUTROS]]+Tabela1107[[#This Row],[PR]] -> 31.74 | BH31: =+Tabela1107[[#This Row],[PIS]]+Tabela1107[[#This Row],[COFINS]]+Tabela1107[[#This Row],[CONTRIB. FOLHA]]+Tabela1107[[#This Row],[TRIBUTOS S/ LUCRO]]+Tabela1107[[#This Row],[OUTROS]]+Tabela1107[[#This Row],[SC]] -> 36.74 | BI31: =+Tabela1107[[#This Row],[PIS]]+Tabela1107[[#This Row],[COFINS]]+Tabela1107[[#This Row],[CONTRIB. FOLHA]]+Tabela1107[[#This Row],[TRIBUTOS S/ LUCRO]]+Tabela1107[[#This Row],[OUTROS]]+Tabela1107[[#This Row],[RS]] -> 36.74 | BJ31: =+Tabela1107[[#This Row],[PIS]]+Tabela1107[[#This Row],[COFINS]]+Tabela1107[[#This Row],[CONTRIB. FOLHA]]+Tabela1107[[#This Row],[TRIBUTOS S/ LUCRO]]+Tabela1107[[#This Row],[OUTROS]]+Tabela1107[[#This Row],[RJ]] -> 38.74 | BK31: =+Tabela1107[[#This Row],[PIS]]+Tabela1107[[#This Row],[COFINS]]+Tabela1107[[#This Row],[CONTRIB. FOLHA]]+Tabela1107[[#This Row],[TRIBUTOS S/ LUCRO]]+Tabela1107[[#This Row],[OUTROS]]+Tabela1107[[#This Row],[MG]] -> 37.74 | BL31: =+Tabela1107[[#This Row],[PIS]]+Tabela1107[[#This Row],[COFINS]]+Tabela1107[[#This Row],[CONTRIB. FOLHA]]+Tabela1107[[#This Row],[TRIBUTOS S/ LUCRO]]+Tabela1107[[#This Row],[OUTROS]]+Tabela1107[[#This Row],[ES]] -> 36.74 | BM31: =+Tabela1107[[#This Row],[PIS]]+Tabela1107[[#This Row],[COFINS]]+Tabela1107[[#This Row],[CONTRIB. FOLHA]]+Tabela1107[[#This Row],[TRIBUTOS S/ LUCRO]]+Tabela1107[[#This Row],[OUTROS]]+Tabela1107[[#This Row],[GO]] -> 36.74 | BN31: =+Tabela1107[[#This Row],[PIS]]+Tabela1107[[#This Row],[COFINS]]+Tabela1107[[#This Row],[CONTRIB. FOLHA]]+Tabela1107[[#This Row],[TRIBUTOS S/ LUCRO]]+Tabela1107[[#This Row],[OUTROS]]+Tabela1107[[#This Row],[MT]] -> 36.74 | BO31: =+Tabela1107[[#This Row],[PIS]]+Tabela1107[[#This Row],[COFINS]]+Tabela1107[[#This Row],[CONTRIB. FOLHA]]+Tabela1107[[#This Row],[TRIBUTOS S/ LUCRO]]+Tabela1107[[#This Row],[OUTROS]]+Tabela1107[[#This Row],[MS]] -> 36.74 | BP31: =+Tabela1107[[#This Row],[PIS]]+Tabela1107[[#This Row],[COFINS]]+Tabela1107[[#This Row],[CONTRIB. FOLHA]]+Tabela1107[[#This Row],[TRIBUTOS S/ LUCRO]]+Tabela1107[[#This Row],[OUTROS]]+Tabela1107[[#This Row],[DF]] -> 36.74 | BQ31: =+Tabela1107[[#This Row],[PIS]]+Tabela1107[[#This Row],[COFINS]]+Tabela1107[[#This Row],[CONTRIB. FOLHA]]+Tabela1107[[#This Row],[TRIBUTOS S/ LUCRO]]+Tabela1107[[#This Row],[OUTROS]]+Tabela1107[[#This Row],[BA]] -> 36.74 | BR31: =+Tabela1107[[#This Row],[PIS]]+Tabela1107[[#This Row],[COFINS]]+Tabela1107[[#This Row],[CONTRIB. FOLHA]]+Tabela1107[[#This Row],[TRIBUTOS S/ LUCRO]]+Tabela1107[[#This Row],[OUTROS]]+Tabela1107[[#This Row],[BA]] -> 36.74 | BS31: =+Tabela1107[[#This Row],[PIS]]+Tabela1107[[#This Row],[COFINS]]+Tabela1107[[#This Row],[CONTRIB. FOLHA]]+Tabela1107[[#This Row],[TRIBUTOS S/ LUCRO]]+Tabela1107[[#This Row],[OUTROS]]+Tabela1107[[#This Row],[PE]] -> 36.74 | BT31: =+Tabela1107[[#This Row],[PIS]]+Tabela1107[[#This Row],[COFINS]]+Tabela1107[[#This Row],[CONTRIB. FOLHA]]+Tabela1107[[#This Row],[TRIBUTOS S/ LUCRO]]+Tabela1107[[#This Row],[OUTROS]]+Tabela1107[[#This Row],[PA]] -> 36.74 | BU31: =+Tabela1107[[#This Row],[PIS]]+Tabela1107[[#This Row],[COFINS]]+Tabela1107[[#This Row],[CONTRIB. FOLHA]]+Tabela1107[[#This Row],[TRIBUTOS S/ LUCRO]]+Tabela1107[[#This Row],[OUTROS]]+Tabela1107[[#This Row],[AM]] -> 36.74 | BV31: =AVERAGE(Tabela1107[[#This Row],[TOTAL SP]:[TOTAL AM]]) -> 36.6775
B32: 16455 | C32: 30049099 | E32: 20140626 | F32: 507726903115411 | G32: 7896004705408 | H32: 1023508600035 | I32: ALLEXOFEDRIN | J32: ALLEXOFEDRIN D CPR REVEST 60 MG x 10 (/120) | K32: Cloridrato de fexofenadina + Cloridrato de Pseudoefedrina | L32: CLORIDRATO DE FEXOFENADINA | M32: CLORIDRATO DE PSEUDOEFEDRINA | R32: EMS PHARMA | S32: EMS S/A | T32: 57507378000101 | U32: =TRIM('Carga Tributária doenças Po (2'!$L32) -> CLORIDRATO DE FEXOFENADINA | V32: =SUMIFS('Tabela Federal'!$E$4:$E$2069,'Tabela Federal'!$D$4:$D$2069,'Carga Tributária doenças Po (2'!$L32) -> 0 | W32: =SUMIFS('Tabela Federal'!$E$4:$E$2069,'Tabela Federal'!$D$4:$D$2069,'Carga Tributária doenças Po (2'!$M32) -> 0 | X32: =SUMIFS('Tabela Federal'!$E$4:$E$2069,'Tabela Federal'!$D$4:$D$2069,'Carga Tributária doenças Po (2'!$N32) -> 0 | Y32: =SUMIFS('Tabela Federal'!$E$4:$E$2069,'Tabela Federal'!$D$4:$D$2069,'Carga Tributária doenças Po (2'!$O32) -> 0 | Z32: =VLOOKUP('Carga Tributária doenças Po (2'!$AD32,'Carga Tributária doenças Po (2'!$CA$12:$CC$16,2,0) -> - | AA32: PREP.SISTEMICAS NASAIS | AB32: 345-78-8 | AC32: Tarja Vermelha | AD32: N | AE32: P | AF32: M | AG32: 829273 | AH32: 9847393 | AI32: 22341172 | AJ32: RINITE ALÉRGICA | AK32: =IF('Carga Tributária doenças Po (2'!$Z32="+",0,SUMIFS(PISCOFINS!$I$3:$I$10518,PISCOFINS!$C$3:$C$10518,'Carga Tributária doenças Po (2'!$C32)) -> 2.1 | AL32: =IF('Carga Tributária doenças Po (2'!$Z32="+",0,SUMIFS(PISCOFINS!$H$3:$H$10518,PISCOFINS!$C$3:$C$10518,'Carga Tributária doenças Po (2'!$C32)) -> 9.9 | AM32: 3.27 | AN32: 3.12 | AO32: 1.35 | AP32: 18 | AQ32: 12 | AR32: 17 | AS32: 17 | AT32: 19 | AU32: 18 | AV32: 17 | AW32: 17 | AX32: 17 | AY32: 17 | AZ32: 17 | BA32: 17 | BB32: 17 | BC32: 17 | BD32: 17 | BE32: 17 | BF32: =+Tabela1107[[#This Row],[PIS]]+Tabela1107[[#This Row],[COFINS]]+Tabela1107[[#This Row],[CONTRIB. FOLHA]]+Tabela1107[[#This Row],[TRIBUTOS S/ LUCRO]]+Tabela1107[[#This Row],[OUTROS]]+Tabela1107[[#This Row],[SP]] -> 37.74 | BG32: =+Tabela1107[[#This Row],[PIS]]+Tabela1107[[#This Row],[COFINS]]+Tabela1107[[#This Row],[CONTRIB. FOLHA]]+Tabela1107[[#This Row],[TRIBUTOS S/ LUCRO]]+Tabela1107[[#This Row],[OUTROS]]+Tabela1107[[#This Row],[PR]] -> 31.74 | BH32: =+Tabela1107[[#This Row],[PIS]]+Tabela1107[[#This Row],[COFINS]]+Tabela1107[[#This Row],[CONTRIB. FOLHA]]+Tabela1107[[#This Row],[TRIBUTOS S/ LUCRO]]+Tabela1107[[#This Row],[OUTROS]]+Tabela1107[[#This Row],[SC]] -> 36.74 | BI32: =+Tabela1107[[#This Row],[PIS]]+Tabela1107[[#This Row],[COFINS]]+Tabela1107[[#This Row],[CONTRIB. FOLHA]]+Tabela1107[[#This Row],[TRIBUTOS S/ LUCRO]]+Tabela1107[[#This Row],[OUTROS]]+Tabela1107[[#This Row],[RS]] -> 36.74 | BJ32: =+Tabela1107[[#This Row],[PIS]]+Tabela1107[[#This Row],[COFINS]]+Tabela1107[[#This Row],[CONTRIB. FOLHA]]+Tabela1107[[#This Row],[TRIBUTOS S/ LUCRO]]+Tabela1107[[#This Row],[OUTROS]]+Tabela1107[[#This Row],[RJ]] -> 38.74 | BK32: =+Tabela1107[[#This Row],[PIS]]+Tabela1107[[#This Row],[COFINS]]+Tabela1107[[#This Row],[CONTRIB. FOLHA]]+Tabela1107[[#This Row],[TRIBUTOS S/ LUCRO]]+Tabela1107[[#This Row],[OUTROS]]+Tabela1107[[#This Row],[MG]] -> 37.74 | BL32: =+Tabela1107[[#This Row],[PIS]]+Tabela1107[[#This Row],[COFINS]]+Tabela1107[[#This Row],[CONTRIB. FOLHA]]+Tabela1107[[#This Row],[TRIBUTOS S/ LUCRO]]+Tabela1107[[#This Row],[OUTROS]]+Tabela1107[[#This Row],[ES]] -> 36.74 | BM32: =+Tabela1107[[#This Row],[PIS]]+Tabela1107[[#This Row],[COFINS]]+Tabela1107[[#This Row],[CONTRIB. FOLHA]]+Tabela1107[[#This Row],[TRIBUTOS S/ LUCRO]]+Tabela1107[[#This Row],[OUTROS]]+Tabela1107[[#This Row],[GO]] -> 36.74 | BN32: =+Tabela1107[[#This Row],[PIS]]+Tabela1107[[#This Row],[COFINS]]+Tabela1107[[#This Row],[CONTRIB. FOLHA]]+Tabela1107[[#This Row],[TRIBUTOS S/ LUCRO]]+Tabela1107[[#This Row],[OUTROS]]+Tabela1107[[#This Row],[MT]] -> 36.74 | BO32: =+Tabela1107[[#This Row],[PIS]]+Tabela1107[[#This Row],[COFINS]]+Tabela1107[[#This Row],[CONTRIB. FOLHA]]+Tabela1107[[#This Row],[TRIBUTOS S/ LUCRO]]+Tabela1107[[#This Row],[OUTROS]]+Tabela1107[[#This Row],[MS]] -> 36.74 | BP32: =+Tabela1107[[#This Row],[PIS]]+Tabela1107[[#This Row],[COFINS]]+Tabela1107[[#This Row],[CONTRIB. FOLHA]]+Tabela1107[[#This Row],[TRIBUTOS S/ LUCRO]]+Tabela1107[[#This Row],[OUTROS]]+Tabela1107[[#This Row],[DF]] -> 36.74 | BQ32: =+Tabela1107[[#This Row],[PIS]]+Tabela1107[[#This Row],[COFINS]]+Tabela1107[[#This Row],[CONTRIB. FOLHA]]+Tabela1107[[#This Row],[TRIBUTOS S/ LUCRO]]+Tabela1107[[#This Row],[OUTROS]]+Tabela1107[[#This Row],[BA]] -> 36.74 | BR32: =+Tabela1107[[#This Row],[PIS]]+Tabela1107[[#This Row],[COFINS]]+Tabela1107[[#This Row],[CONTRIB. FOLHA]]+Tabela1107[[#This Row],[TRIBUTOS S/ LUCRO]]+Tabela1107[[#This Row],[OUTROS]]+Tabela1107[[#This Row],[BA]] -> 36.74 | BS32: =+Tabela1107[[#This Row],[PIS]]+Tabela1107[[#This Row],[COFINS]]+Tabela1107[[#This Row],[CONTRIB. FOLHA]]+Tabela1107[[#This Row],[TRIBUTOS S/ LUCRO]]+Tabela1107[[#This Row],[OUTROS]]+Tabela1107[[#This Row],[PE]] -> 36.74 | BT32: =+Tabela1107[[#This Row],[PIS]]+Tabela1107[[#This Row],[COFINS]]+Tabela1107[[#This Row],[CONTRIB. FOLHA]]+Tabela1107[[#This Row],[TRIBUTOS S/ LUCRO]]+Tabela1107[[#This Row],[OUTROS]]+Tabela1107[[#This Row],[PA]] -> 36.74 | BU32: =+Tabela1107[[#This Row],[PIS]]+Tabela1107[[#This Row],[COFINS]]+Tabela1107[[#This Row],[CONTRIB. FOLHA]]+Tabela1107[[#This Row],[TRIBUTOS S/ LUCRO]]+Tabela1107[[#This Row],[OUTROS]]+Tabela1107[[#This Row],[AM]] -> 36.74 | BV32: =AVERAGE(Tabela1107[[#This Row],[TOTAL SP]:[TOTAL AM]]) -> 36.6775
